Workbook
Name _670_1200_40: '[1]CONTROL DE PAGOS - OCT 20'!#REF!
Name _670_1200_40: '[1]CONTROL DE PAGOS - OCT 20'!#REF!
Name CONTRATO: 'Indice Informe Financiero'!$D$10
Name FECHA: 'Indice Informe Financiero'!$M$14
Name MATRIZBASE: [2]CONSOLIDADO!$A$3:$AG$98
Name MATRIZBASE: #REF!
Name MATRIZBASE: #REF!
Name MATRIZBASE: [3]CONSOLIDADO!$A$3:$AI$124
Name OBRA: '[2]PAGOS OBRA'!$A$3:$B$93
Name OBRA: '[2]PAGOS OBRA'!$A$3:$B$93
Name OBRA: '[2]PAGOS OBRA'!$A$3:$B$93
Name OBRA: '[3]PAGOS OBRA'!$A$3:$B$94
Name periodo: [4]INFORME!$D$14
Name periodo: 'Indice Informe Financiero'!$D$14
Name RENDIMIENTOS: '6.Reportes de Pagos'!#REF!
Name RENDIMIENTOS: '6.Reportes de Pagos'!#REF!
Name VLMAYPERM: '4.E.F. Contratación Derivada'!$X$33
Name VRASITENCIA: '[4]REMUNERACIÓN FINDETER'!$F$17
Name VRCOMPROMISOS: '4.E.F. Contratación Derivada'!$H$33
Name VRCONTRATOS: '[4]CONTROL CONTRATOS'!$T$30
Name VRCONTRATOS: '4.E.F. Contratación Derivada'!$Y$33
Name VRCXCCTO: '[4]CONTROL CONTRATOS'!$AC$30
Name VRCXCCTO: '4.E.F. Contratación Derivada'!#REF!
Name VRFACT: '5.Pagos Asistencia Ténica'!$G$50
Name VRFINDETER: '[4]REMUNERACIÓN FINDETER'!$C$17
Name VRFINDETER: '5.Pagos Asistencia Ténica'!$E$50
Name VRLIBERACIONES: '4.E.F. Contratación Derivada'!$AK$33
Name VRPAGOSCTOS: '[4]CONTROL CONTRATOS'!$AA$30
Name VRPAGOSCTOS: '4.E.F. Contratación Derivada'!$AI$33
Name VRRTEGTIACTO: '[4]CONTROL CONTRATOS'!$AB$30
Name VRRTEGTIACTO: '4.E.F. Contratación Derivada'!$AJ$33

Sheet Indice Informe Financiero
A8: INFORME FINANCIERO
A10: Contrato: | D10: Contrato Interadministrativo No. CO1.PCCNTR. 4917031
A11: Fecha firma: | D11: 5 de mayo de 2023
A12: Cliente: | D12: Ministerio de Educación Nacional
A14: Peridodo Informe: | D14: 01 de mayo al 31 de mayo de 2026 | M14: 46142
A16: Anexos:
A17: 0 | D17: Ficha Técnica
A18: 1 | D18: Resumen Financiero del Contrato
A19: 2 | D19: Resumen Presupuestal
A20: 3 | D20: Ingresos del Contrato
A21: 4 | D21: Ejecución Financiera Contratación Derivada
A22: 5 | D22: Pagos Asistencia Ténica
A23: 6 | D23: Reportes de Pagos
A24: 7 | D24: Rendimientos Financieros

Sheet 0.Ficha Técnica
A1: =CONTRATO -> Contrato Interadministrativo No. CO1.PCCNTR. 4917031
A2: Ministerio de Educación Nacional
A3: Financiera del Desarrollo S.A.
A4: 0. FICHA TECNICA
A7: No. | B7: No. Contrato o Convenio Interadministrativo | C7: Objeto del Contrato o Convenio | D7: Entidad | E7: NIT | F7: Estado del Contrato | G7: Sector | H7: Fecha de Suscripción | I7: Valor Inicial | J7: Fecha de Terminación inicial | K7: Cuenta Bancaria | L7: FONDO DE INVERION COLECTIVA - FIC | M7: Modificacion No. 1 | Q7: Modificacion No. 2 | U7: Modificacion No. 3 | Y7: Modificacion No. 4 | AC7: Modificacion No. 5 | AG7: Modificacion No. 6 | AK7: Modificacion No. 7 | AO7: Modificacion No. 8 | AS7: Modificacion No. 9 | AW7: Modificacion No. 10 | BA7: Modificacion No. 11 | BE7: Modificacion No. 12 | BI7: Valor Total Adiciones | BJ7: Valor Final Contrato | BK7: Fecha de Terminación Final | BL7: Fecha Liquidación
M8: Fecha | N8: Objeto Modificación | O8: Adición | P8: Prórroga | Q8: Fecha | R8: Objeto Modificación | S8: Adición | T8: Prórroga | U8: Fecha | V8: Objeto Modificación | W8: Adición | X8: Prórroga | Y8: Fecha | Z8: Objeto Modificación | AA8: Adición | AB8: Prórroga | AC8: Fecha | AD8: Objeto Modificación | AE8: Adición | AF8: Prórroga | AG8: Fecha | AH8: Objeto Modificación | AI8: Adición | AJ8: Prórroga | AK8: Fecha | AL8: Objeto Modificación | AM8: Adición | AN8: Prórroga | AO8: Fecha | AP8: Objeto Modificación | AQ8: Adición | AR8: Prórroga | AS8: Fecha | AT8: Objeto Modificación | AU8: Adición | AV8: Prórroga | AW8: Fecha | AX8: Objeto Modificación | AY8: Adición | AZ8: Prórroga | BA8: Fecha | BB8: Objeto Modificación | BC8: Adición | BD8: Prórroga | BE8: Fecha | BF8: Objeto Modificación | BG8: Adición | BH8: Prórroga
A9: 1 | B9: CO1.PCCNTR. 4917031 DE 2023 | C9: BRINDAR ASISTENCIA TÉCNICA Y ADMINISTRACIÓN DE RECURSOS PARA ATENDER LAS NECESIDADES PRIORITARIAS EN INFRAESTRUCTURA Y DOTACIÓN DE MOBILIARIO ESCOLAR DE LAS SEDES EDUCATIVAS AFECTADAS POR LA TEMPORADA DE LLUVIAS QUE SEAN DEFINIDAS POR EL MINISTERIO DE EDUCACIÓN. | D9: MINISTERIO DE EDUCACION NACIONAL | E9: 899.999.001-7 | F9: VIGENTE | G9: EDUCACION | H9: =+'Indice Informe Financiero'!D11 -> 5 de mayo de 2023 | I9: 63650000000 | J9: 45231 | K9: BANCO POPULAR AHORROS No. 500-804-65045-0 | L9: FIDULIQUIDEZ No. 70083604683-6 | M9: 45231 | N9: El plazo previsto para la ejecución del contrato interadministrativo será a partir del cumplimiento de los requisitos de perfeccionamiento y ejecución, hasta el 01 de noviembre de 2024, plazo en el que se debe llevar a cabo la ejecución física del contrato y la liquidación de la contratación derivada que suscriba FINDETER. | O9: 0 | P9: 01/11/20224 | Q9: 45597 | R9: El plazo previsto para la ejecución del contrato interadministrativo será a partir del cumplimiento de los requisitos de perfeccionamiento y ejecución, hasta el 01 de julio de 2025, plazo en el que se debe llevar a cabo la ejecución física del contrato y la liquidación de la contratación derivada que suscriba FINDETER. | S9: 0 | T9: 45839 | U9: 45835 | V9: El plazo previsto para la ejecución del contrato interadministrativo será a partir del cumplimiento de los requisitos de perfeccionamiento y ejecución, hasta el 01 de mayo de 2026, plazo en el que se debe llevar a cabo la ejecución física del contrato y la liquidación de la contratación derivada que suscriba FINDETER. | W9: 0 | X9: 46143 | AC9: - | AD9: - | AE9: 0 | AF9: - | AG9: - | AH9: - | AI9: 0 | AJ9: - | AK9: - | AL9: - | AM9: 0 | AN9: - | AO9: - | AP9: - | AQ9: 0 | AR9: - | AS9: - | AT9: - | AU9: 0 | AV9: - | AW9: - | AX9: 0 | AY9: 0 | AZ9: - | BA9: - | BB9: - | BC9: 0 | BD9: - | BE9: - | BF9: - | BG9: 0 | BH9: - | BI9: =+S9+W9+AA9+O9 -> 0 | BJ9: =+I9+BI9 -> 63650000000 | BK9: =+X9 -> 46143 | BL9: N/A

Sheet 1.Resumen Financiero Contrato
A1: =CONTRATO -> Contrato Interadministrativo No. CO1.PCCNTR. 4917031
A2: Ministerio de Educación Nacional
A3: Financiera del Desarrollo S.A.
A4: 1. RESUMEN FINANCIERO DEL CONTRATO
A5: =periodo -> 01 de mayo al 31 de mayo de 2026
A7: FECHA | B7: CONTRATO | C7: 1. DESEMBOLSOS (+) | F7: 2. PAGOS (-) | I7: 3. RENDIMIENTOS, VALORACION Y DESVALORIZACION (+) | M7: 4. SALDO DISPONIBLE EN CUENTAS CONTRATO Y/O CONVENIO (1.3 - 2.3 + 3.4) | N7: Saldo Extracto (Cuenta Bancaria + FIC) | O7: Partidas Conciliatorias Fiduciaria (*)
C8: 1.1. DESEMBOLSOS ACUMULADOS MES ANTERIOR | D8: 1.2. DESEMBOLSOS MES ACTUAL | E8: 1.3. SALDO ACUMULADO MES ACTUAL (1.1 + 1.2 ) | F8: 2.1. PAGOS ACUMULADOS MES ANTERIOR (VALOR NETO) | G8: 2.2. PAGADO MES ACTUAL (VALOR NETO) | H8: 2.3. PAGOS ACUMULADOS MES ACTUAL (VALOR NETO) (2.1. + 2.2) | I8: 3.1. RENDIMIENTOS, VALORACION Y DESVALORIZACION ACUMULADOS MES ANTERIOR | J8: 3.2. RENDIMIENTOS, VALORACION Y DESVALORIZACION GENERADOS MES ACTUAL | K8: 3.3. (MENOS) REINTEGRO DE RENDIMIENTOS | L8: 3.4. SALDO DE RENDIMIENTOS, VALORACION Y DESVALORIZACION ACUMULADA (3.1. + 3.2. - 3.3)
A9: 45291 | B9: CO1.PCCNTR. 4917031 DE 2023 | C9: =SUMIFS('3.Ingresos del Contrato'!J:J,'3.Ingresos del Contrato'!H:H,"<="&(EOMONTH($A9,-1))) -> 63650000000 | D9: =SUMIFS('3.Ingresos del Contrato'!J:J,'3.Ingresos del Contrato'!H:H,">"&(EOMONTH($A9,-1)),'3.Ingresos del Contrato'!H:H,"<="&(EOMONTH($A9,0))) -> 0 | E9: =SUM(C9:D9) -> 63650000000 | F9: =SUMIFS('6.Reportes de Pagos'!N:N,'6.Reportes de Pagos'!H:H,"<="&(EOMONTH($A9,-1))) -> 0 | G9: =SUMIFS('6.Reportes de Pagos'!N:N,'6.Reportes de Pagos'!H:H,">"&(EOMONTH($A9,-1)),'6.Reportes de Pagos'!H:H,"<="&(EOMONTH($A9,0))) -> 0 | H9: =SUM(F9:G9) -> 0 | I9: =SUMIFS('7.Rendimientos Financieros'!D:D,'7.Rendimientos Financieros'!A:A,"<="&(EOMONTH($A9,-1))) -> 2.6151495e+09 | J9: =SUMIFS('7.Rendimientos Financieros'!D:D,'7.Rendimientos Financieros'!A:A,">"&(EOMONTH($A9,-1)),'7.Rendimientos Financieros'!A:A,"<="&(EOMONTH($A9,0))) -> 9.3131213e+08 | K9: =SUMIFS('7.Rendimientos Financieros'!F:F,'7.Rendimientos Financieros'!E:E,"<="&(EOMONTH($A9,0))) -> 2615149472 | L9: =SUM(I9:J9)-SUM(K9) -> 9.3131213e+08 | M9: =+E9-H9+L9 -> 6.4581312e+10 | N9: =12873221270.44+51708090860.63 -> 6.4581312e+10 | O9: =+N9-M9 -> 0 | Q9: =+P9+O9 -> 0
A10: 45322 | B10: CO1.PCCNTR. 4917031 DE 2023 | C10: =SUMIFS('3.Ingresos del Contrato'!J:J,'3.Ingresos del Contrato'!H:H,"<="&(EOMONTH($A10,-1))) -> 63650000000 | D10: =SUMIFS('3.Ingresos del Contrato'!J:J,'3.Ingresos del Contrato'!H:H,">"&(EOMONTH($A10,-1)),'3.Ingresos del Contrato'!H:H,"<="&(EOMONTH($A10,0))) -> 0 | E10: =SUM(C10:D10) -> 63650000000 | F10: =SUMIFS('6.Reportes de Pagos'!N:N,'6.Reportes de Pagos'!H:H,"<="&(EOMONTH($A10,-1))) -> 0 | G10: =SUMIFS('6.Reportes de Pagos'!N:N,'6.Reportes de Pagos'!H:H,">"&(EOMONTH($A10,-1)),'6.Reportes de Pagos'!H:H,"<="&(EOMONTH($A10,0))) -> 0 | H10: =SUM(F10:G10) -> 0 | I10: =SUMIFS('7.Rendimientos Financieros'!D:D,'7.Rendimientos Financieros'!A:A,"<="&(EOMONTH($A10,-1))) -> 3.5464616e+09 | J10: =SUMIFS('7.Rendimientos Financieros'!D:D,'7.Rendimientos Financieros'!A:A,">"&(EOMONTH($A10,-1)),'7.Rendimientos Financieros'!A:A,"<="&(EOMONTH($A10,0))) -> 5.6148443e+08 | K10: =SUMIFS('7.Rendimientos Financieros'!F:F,'7.Rendimientos Financieros'!E:E,"<="&(EOMONTH($A10,0))) -> 3.5464616e+09 | L10: =SUM(I10:J10)-SUM(K10) -> 5.6148443e+08 | M10: =+E10-H10+L10 -> 6.4211484e+10 | N10: =12863626378.93+51347858051.59 -> 6.4211484e+10 | O10: =+N10-M10 -> 0.36999512 | Q10: =+P10+O10 -> 0.36999512
A11: 45350 | B11: CO1.PCCNTR. 4917031 DE 2023 | C11: =SUMIFS('3.Ingresos del Contrato'!J:J,'3.Ingresos del Contrato'!H:H,"<="&(EOMONTH($A11,-1))) -> 63650000000 | D11: =SUMIFS('3.Ingresos del Contrato'!J:J,'3.Ingresos del Contrato'!H:H,">"&(EOMONTH($A11,-1)),'3.Ingresos del Contrato'!H:H,"<="&(EOMONTH($A11,0))) -> 0 | E11: =SUM(C11:D11) -> 63650000000 | F11: =SUMIFS('6.Reportes de Pagos'!N:N,'6.Reportes de Pagos'!H:H,"<="&(EOMONTH($A11,-1))) -> 0 | G11: =SUMIFS('6.Reportes de Pagos'!N:N,'6.Reportes de Pagos'!H:H,">"&(EOMONTH($A11,-1)),'6.Reportes de Pagos'!H:H,"<="&(EOMONTH($A11,0))) -> 2.5255224e+09 | H11: =SUM(F11:G11) -> 2.5255224e+09 | I11: =SUMIFS('7.Rendimientos Financieros'!D:D,'7.Rendimientos Financieros'!A:A,"<="&(EOMONTH($A11,-1))) -> 4.107946e+09 | J11: =SUMIFS('7.Rendimientos Financieros'!D:D,'7.Rendimientos Financieros'!A:A,">"&(EOMONTH($A11,-1)),'7.Rendimientos Financieros'!A:A,"<="&(EOMONTH($A11,0))) -> 5.9551763e+08 | K11: =SUMIFS('7.Rendimientos Financieros'!F:F,'7.Rendimientos Financieros'!E:E,"<="&(EOMONTH($A11,0))) -> 4.107946e+09 | L11: =SUM(I11:J11)-SUM(K11) -> 5.9551763e+08 | M11: =+E11-H11+L11 -> 6.1719995e+10 | N11: =12793673761.69+48926321498.27 -> 6.1719995e+10 | O11: =+N11-M11 -> 0.36999512 | Q11: =+P11+O11 -> 0.36999512
A12: 45382 | B12: CO1.PCCNTR. 4917031 DE 2023 | C12: =SUMIFS('3.Ingresos del Contrato'!J:J,'3.Ingresos del Contrato'!H:H,"<="&(EOMONTH($A12,-1))) -> 63650000000 | D12: =SUMIFS('3.Ingresos del Contrato'!J:J,'3.Ingresos del Contrato'!H:H,">"&(EOMONTH($A12,-1)),'3.Ingresos del Contrato'!H:H,"<="&(EOMONTH($A12,0))) -> 0 | E12: =SUM(C12:D12) -> 63650000000 | F12: =SUMIFS('6.Reportes de Pagos'!N:N,'6.Reportes de Pagos'!H:H,"<="&(EOMONTH($A12,-1))) -> 2.5255224e+09 | G12: =SUMIFS('6.Reportes de Pagos'!N:N,'6.Reportes de Pagos'!H:H,">"&(EOMONTH($A12,-1)),'6.Reportes de Pagos'!H:H,"<="&(EOMONTH($A12,0))) -> 4.0501461e+09 | H12: =SUM(F12:G12) -> 6.5756685e+09 | I12: =SUMIFS('7.Rendimientos Financieros'!D:D,'7.Rendimientos Financieros'!A:A,"<="&(EOMONTH($A12,-1))) -> 4.7034637e+09 | J12: =SUMIFS('7.Rendimientos Financieros'!D:D,'7.Rendimientos Financieros'!A:A,">"&(EOMONTH($A12,-1)),'7.Rendimientos Financieros'!A:A,"<="&(EOMONTH($A12,0))) -> 5.9624184e+08 | K12: =SUMIFS('7.Rendimientos Financieros'!F:F,'7.Rendimientos Financieros'!E:E,"<="&(EOMONTH($A12,0))) -> 4.7034637e+09 | L12: =SUM(I12:J12)-SUM(K12) -> 5.9624184e+08 | M12: =+E12-H12+L12 -> 5.7670573e+10 | N12: =12148954422.51+45507167338.23 -> 5.7656122e+10 | O12: =+N12-M12 -> -14451608 | Q12: =+P12+O12 -> -14451608
A13: 45412 | B13: CO1.PCCNTR. 4917031 DE 2023 | C13: =SUMIFS('3.Ingresos del Contrato'!J:J,'3.Ingresos del Contrato'!H:H,"<="&(EOMONTH($A13,-1))) -> 63650000000 | D13: =SUMIFS('3.Ingresos del Contrato'!J:J,'3.Ingresos del Contrato'!H:H,">"&(EOMONTH($A13,-1)),'3.Ingresos del Contrato'!H:H,"<="&(EOMONTH($A13,0))) -> 0 | E13: =SUM(C13:D13) -> 63650000000 | F13: =SUMIFS('6.Reportes de Pagos'!N:N,'6.Reportes de Pagos'!H:H,"<="&(EOMONTH($A13,-1))) -> 6.5756685e+09 | G13: =SUMIFS('6.Reportes de Pagos'!N:N,'6.Reportes de Pagos'!H:H,">"&(EOMONTH($A13,-1)),'6.Reportes de Pagos'!H:H,"<="&(EOMONTH($A13,0))) -> 4.9118266e+09 | H13: =SUM(F13:G13) -> 1.1487495e+10 | I13: =SUMIFS('7.Rendimientos Financieros'!D:D,'7.Rendimientos Financieros'!A:A,"<="&(EOMONTH($A13,-1))) -> 5.2997055e+09 | J13: =SUMIFS('7.Rendimientos Financieros'!D:D,'7.Rendimientos Financieros'!A:A,">"&(EOMONTH($A13,-1)),'7.Rendimientos Financieros'!A:A,"<="&(EOMONTH($A13,0))) -> 3.6006829e+08 | K13: =SUMIFS('7.Rendimientos Financieros'!F:F,'7.Rendimientos Financieros'!E:E,"<="&(EOMONTH($A13,0))) -> 5.2997055e+09 | L13: =SUM(I13:J13)-SUM(K13) -> 3.6006829e+08 | M13: =+E13-H13+L13 -> 5.2522573e+10 | N13: =11096675626.99+41425897583.35 -> 5.2522573e+10 | O13: =+N13-M13 -> 0.36999512 | Q13: =+P13+O13 -> 0.36999512
A14: 45443 | B14: CO1.PCCNTR. 4917031 DE 2023 | C14: =SUMIFS('3.Ingresos del Contrato'!J:J,'3.Ingresos del Contrato'!H:H,"<="&(EOMONTH($A14,-1))) -> 63650000000 | D14: =SUMIFS('3.Ingresos del Contrato'!J:J,'3.Ingresos del Contrato'!H:H,">"&(EOMONTH($A14,-1)),'3.Ingresos del Contrato'!H:H,"<="&(EOMONTH($A14,0))) -> 0 | E14: =SUM(C14:D14) -> 63650000000 | F14: =SUMIFS('6.Reportes de Pagos'!N:N,'6.Reportes de Pagos'!H:H,"<="&(EOMONTH($A14,-1))) -> 1.1487495e+10 | G14: =SUMIFS('6.Reportes de Pagos'!N:N,'6.Reportes de Pagos'!H:H,">"&(EOMONTH($A14,-1)),'6.Reportes de Pagos'!H:H,"<="&(EOMONTH($A14,0))) -> 4.6628672e+09 | H14: =SUM(F14:G14) -> 1.6150362e+10 | I14: =SUMIFS('7.Rendimientos Financieros'!D:D,'7.Rendimientos Financieros'!A:A,"<="&(EOMONTH($A14,-1))) -> 5.6597738e+09 | J14: =SUMIFS('7.Rendimientos Financieros'!D:D,'7.Rendimientos Financieros'!A:A,">"&(EOMONTH($A14,-1)),'7.Rendimientos Financieros'!A:A,"<="&(EOMONTH($A14,0))) -> 4.4300662e+08 | K14: =SUMIFS('7.Rendimientos Financieros'!F:F,'7.Rendimientos Financieros'!E:E,"<="&(EOMONTH($A14,0))) -> 5.6597738e+09 | L14: =SUM(I14:J14)-SUM(K14) -> 4.4300662e+08 | M14: =+E14-H14+L14 -> 4.7942644e+10 | N14: =10095101270.67+37847543075.72 -> 4.7942644e+10 | O14: =+N14-M14 -> 0.36999512 | Q14: =+P14+O14 -> 0.36999512
A15: 45473 | B15: CO1.PCCNTR. 4917031 DE 2023 | C15: =SUMIFS('3.Ingresos del Contrato'!J:J,'3.Ingresos del Contrato'!H:H,"<="&(EOMONTH($A15,-1))) -> 63650000000 | D15: =SUMIFS('3.Ingresos del Contrato'!J:J,'3.Ingresos del Contrato'!H:H,">"&(EOMONTH($A15,-1)),'3.Ingresos del Contrato'!H:H,"<="&(EOMONTH($A15,0))) -> 0 | E15: =SUM(C15:D15) -> 63650000000 | F15: =SUMIFS('6.Reportes de Pagos'!N:N,'6.Reportes de Pagos'!H:H,"<="&(EOMONTH($A15,-1))) -> 1.6150362e+10 | G15: =SUMIFS('6.Reportes de Pagos'!N:N,'6.Reportes de Pagos'!H:H,">"&(EOMONTH($A15,-1)),'6.Reportes de Pagos'!H:H,"<="&(EOMONTH($A15,0))) -> 6.0149169e+09 | H15: =SUM(F15:G15) -> 2.2165279e+10 | I15: =SUMIFS('7.Rendimientos Financieros'!D:D,'7.Rendimientos Financieros'!A:A,"<="&(EOMONTH($A15,-1))) -> 6.1027804e+09 | J15: =SUMIFS('7.Rendimientos Financieros'!D:D,'7.Rendimientos Financieros'!A:A,">"&(EOMONTH($A15,-1)),'7.Rendimientos Financieros'!A:A,"<="&(EOMONTH($A15,0))) -> 3.4314392e+08 | K15: =SUMIFS('7.Rendimientos Financieros'!F:F,'7.Rendimientos Financieros'!E:E,"<="&(EOMONTH($A15,0))) -> 6.1027804e+09 | L15: =SUM(I15:J15)-SUM(K15) -> 3.4314392e+08 | M15: =+E15-H15+L15 -> 4.1827865e+10 | N15: =8935407677.32+32892457026.9 -> 4.1827865e+10 | O15: =+N15-M15 -> 0.36999512 | Q15: =+P15+O15 -> 0.36999512
A16: 45504 | B16: CO1.PCCNTR. 4917031 DE 2023 | C16: =SUMIFS('3.Ingresos del Contrato'!J:J,'3.Ingresos del Contrato'!H:H,"<="&(EOMONTH($A16,-1))) -> 63650000000 | D16: =SUMIFS('3.Ingresos del Contrato'!J:J,'3.Ingresos del Contrato'!H:H,">"&(EOMONTH($A16,-1)),'3.Ingresos del Contrato'!H:H,"<="&(EOMONTH($A16,0))) -> 0 | E16: =SUM(C16:D16) -> 63650000000 | F16: =SUMIFS('6.Reportes de Pagos'!N:N,'6.Reportes de Pagos'!H:H,"<="&(EOMONTH($A16,-1))) -> 2.2165279e+10 | G16: =SUMIFS('6.Reportes de Pagos'!N:N,'6.Reportes de Pagos'!H:H,">"&(EOMONTH($A16,-1)),'6.Reportes de Pagos'!H:H,"<="&(EOMONTH($A16,0))) -> 5.9776404e+09 | H16: =SUM(F16:G16) -> 2.814292e+10 | I16: =SUMIFS('7.Rendimientos Financieros'!D:D,'7.Rendimientos Financieros'!A:A,"<="&(EOMONTH($A16,-1))) -> 6.4459243e+09 | J16: =SUMIFS('7.Rendimientos Financieros'!D:D,'7.Rendimientos Financieros'!A:A,">"&(EOMONTH($A16,-1)),'7.Rendimientos Financieros'!A:A,"<="&(EOMONTH($A16,0))) -> 3.6224642e+08 | K16: =SUMIFS('7.Rendimientos Financieros'!F:F,'7.Rendimientos Financieros'!E:E,"<="&(EOMONTH($A16,0))) -> 6.4459243e+09 | L16: =SUM(I16:J16)-SUM(K16) -> 3.6224642e+08 | M16: =+E16-H16+L16 -> 3.5869327e+10 | N16: =8188348240.06+27650043917.36 -> 3.5838392e+10 | O16: =+N16-M16 -> -30934599 | P16: 30934599 | Q16: =+P16+O16 -> 0.36999542
A17: 45535 | B17: CO1.PCCNTR. 4917031 DE 2023 | C17: =SUMIFS('3.Ingresos del Contrato'!J:J,'3.Ingresos del Contrato'!H:H,"<="&(EOMONTH($A17,-1))) -> 63650000000 | D17: =SUMIFS('3.Ingresos del Contrato'!J:J,'3.Ingresos del Contrato'!H:H,">"&(EOMONTH($A17,-1)),'3.Ingresos del Contrato'!H:H,"<="&(EOMONTH($A17,0))) -> 0 | E17: =SUM(C17:D17) -> 63650000000 | F17: =SUMIFS('6.Reportes de Pagos'!N:N,'6.Reportes de Pagos'!H:H,"<="&(EOMONTH($A17,-1))) -> 2.814292e+10 | G17: =SUMIFS('6.Reportes de Pagos'!N:N,'6.Reportes de Pagos'!H:H,">"&(EOMONTH($A17,-1)),'6.Reportes de Pagos'!H:H,"<="&(EOMONTH($A17,0))) -> 6.0349836e+09 | H17: =SUM(F17:G17) -> 3.4177903e+10 | I17: =SUMIFS('7.Rendimientos Financieros'!D:D,'7.Rendimientos Financieros'!A:A,"<="&(EOMONTH($A17,-1))) -> 6.8081708e+09 | J17: =SUMIFS('7.Rendimientos Financieros'!D:D,'7.Rendimientos Financieros'!A:A,">"&(EOMONTH($A17,-1)),'7.Rendimientos Financieros'!A:A,"<="&(EOMONTH($A17,0))) -> 3.3474786e+08 | K17: =SUMIFS('7.Rendimientos Financieros'!F:F,'7.Rendimientos Financieros'!E:E,"<="&(EOMONTH($A17,0))) -> 6.8081708e+09 | L17: =SUM(I17:J17)-SUM(K17) -> 3.3474786e+08 | M17: =+E17-H17+L17 -> 2.9806845e+10 | N17: =2316074944.09+27365517249.44 -> 2.9681592e+10 | O17: =+N17-M17 -> -1.2525236e+08 | P17: =26379960.74+98872396.2 -> 1.2525236e+08 | Q17: =+P17+O17 -> 0.35999054
A18: 45565 | B18: CO1.PCCNTR. 4917031 DE 2023 | C18: =SUMIFS('3.Ingresos del Contrato'!J:J,'3.Ingresos del Contrato'!H:H,"<="&(EOMONTH($A18,-1))) -> 63650000000 | D18: =SUMIFS('3.Ingresos del Contrato'!J:J,'3.Ingresos del Contrato'!H:H,">"&(EOMONTH($A18,-1)),'3.Ingresos del Contrato'!H:H,"<="&(EOMONTH($A18,0))) -> 0 | E18: =SUM(C18:D18) -> 63650000000 | F18: =SUMIFS('6.Reportes de Pagos'!N:N,'6.Reportes de Pagos'!H:H,"<="&(EOMONTH($A18,-1))) -> 3.4177903e+10 | G18: =SUMIFS('6.Reportes de Pagos'!N:N,'6.Reportes de Pagos'!H:H,">"&(EOMONTH($A18,-1)),'6.Reportes de Pagos'!H:H,"<="&(EOMONTH($A18,0))) -> 5.3234207e+09 | H18: =SUM(F18:G18) -> 3.9501324e+10 | I18: =SUMIFS('7.Rendimientos Financieros'!D:D,'7.Rendimientos Financieros'!A:A,"<="&(EOMONTH($A18,-1))) -> 7.1429186e+09 | J18: =SUMIFS('7.Rendimientos Financieros'!D:D,'7.Rendimientos Financieros'!A:A,">"&(EOMONTH($A18,-1)),'7.Rendimientos Financieros'!A:A,"<="&(EOMONTH($A18,0))) -> 2.1304662e+08 | K18: =SUMIFS('7.Rendimientos Financieros'!F:F,'7.Rendimientos Financieros'!E:E,"<="&(EOMONTH($A18,0))) -> 7.1429186e+09 | L18: =SUM(I18:J18)-SUM(K18) -> 2.1304662e+08 | M18: =+E18-H18+L18 -> 2.4361723e+10 | N18: =6124756615.99+18205590313.93 -> 2.4330347e+10 | O18: =+N18-M18 -> -31375651 | P18: 31375652 | Q18: =+P18+O18 -> 0.3699971
A19: 45596 | B19: CO1.PCCNTR. 4917031 DE 2023 | C19: =SUMIFS('3.Ingresos del Contrato'!J:J,'3.Ingresos del Contrato'!H:H,"<="&(EOMONTH($A19,-1))) -> 63650000000 | D19: =SUMIFS('3.Ingresos del Contrato'!J:J,'3.Ingresos del Contrato'!H:H,">"&(EOMONTH($A19,-1)),'3.Ingresos del Contrato'!H:H,"<="&(EOMONTH($A19,0))) -> 0 | E19: =SUM(C19:D19) -> 63650000000 | F19: =SUMIFS('6.Reportes de Pagos'!N:N,'6.Reportes de Pagos'!H:H,"<="&(EOMONTH($A19,-1))) -> 3.9501324e+10 | G19: =SUMIFS('6.Reportes de Pagos'!N:N,'6.Reportes de Pagos'!H:H,">"&(EOMONTH($A19,-1)),'6.Reportes de Pagos'!H:H,"<="&(EOMONTH($A19,0))) -> 3.6332183e+09 | H19: =SUM(F19:G19) -> 4.3134542e+10 | I19: =SUMIFS('7.Rendimientos Financieros'!D:D,'7.Rendimientos Financieros'!A:A,"<="&(EOMONTH($A19,-1))) -> 7.3559652e+09 | J19: =SUMIFS('7.Rendimientos Financieros'!D:D,'7.Rendimientos Financieros'!A:A,">"&(EOMONTH($A19,-1)),'7.Rendimientos Financieros'!A:A,"<="&(EOMONTH($A19,0))) -> 98198672 | K19: =SUMIFS('7.Rendimientos Financieros'!F:F,'7.Rendimientos Financieros'!E:E,"<="&(EOMONTH($A19,0))) -> 7.3559652e+09 | L19: =SUM(I19:J19)-SUM(K19) -> 98198672 | M19: =+E19-H19+L19 -> 2.0613656e+10 | N19: =15990803994.63+4618790726.63 -> 2.0609595e+10 | O19: =+N19-M19 -> -4061634.1 | P19: =3011103.57 -> 3011103.6 | Q19: =+P19+O19 -> -1050530.6
A20: 45626 | B20: CO1.PCCNTR. 4917031 DE 2023 | C20: =SUMIFS('3.Ingresos del Contrato'!J:J,'3.Ingresos del Contrato'!H:H,"<="&(EOMONTH($A20,-1))) -> 63650000000 | D20: =SUMIFS('3.Ingresos del Contrato'!J:J,'3.Ingresos del Contrato'!H:H,">"&(EOMONTH($A20,-1)),'3.Ingresos del Contrato'!H:H,"<="&(EOMONTH($A20,0))) -> 0 | E20: =SUM(C20:D20) -> 63650000000 | F20: =SUMIFS('6.Reportes de Pagos'!N:N,'6.Reportes de Pagos'!H:H,"<="&(EOMONTH($A20,-1))) -> 4.3134542e+10 | G20: =SUMIFS('6.Reportes de Pagos'!N:N,'6.Reportes de Pagos'!H:H,">"&(EOMONTH($A20,-1)),'6.Reportes de Pagos'!H:H,"<="&(EOMONTH($A20,0))) -> 3.1355605e+09 | H20: =SUM(F20:G20) -> 4.6270103e+10 | I20: =SUMIFS('7.Rendimientos Financieros'!D:D,'7.Rendimientos Financieros'!A:A,"<="&(EOMONTH($A20,-1))) -> 7.4541639e+09 | J20: =SUMIFS('7.Rendimientos Financieros'!D:D,'7.Rendimientos Financieros'!A:A,">"&(EOMONTH($A20,-1)),'7.Rendimientos Financieros'!A:A,"<="&(EOMONTH($A20,0))) -> 1.5094256e+08 | K20: =SUMIFS('7.Rendimientos Financieros'!F:F,'7.Rendimientos Financieros'!E:E,"<="&(EOMONTH($A20,0))) -> 7.4541639e+09 | L20: =SUM(I20:J20)-SUM(K20) -> 1.5094256e+08 | M20: =+E20-H20+L20 -> 1.753084e+10 | N20: =13459633542.04+4068320556.05 -> 1.7527954e+10 | O20: =+N20-M20 -> -2885600.6 | P20: =3011103.57 -> 3011103.6 | Q20: =+P20+O20 -> 125502.98
A21: 45657 | B21: CO1.PCCNTR. 4917031 DE 2023 | C21: =SUMIFS('3.Ingresos del Contrato'!J:J,'3.Ingresos del Contrato'!H:H,"<="&(EOMONTH($A21,-1))) -> 63650000000 | D21: =SUMIFS('3.Ingresos del Contrato'!J:J,'3.Ingresos del Contrato'!H:H,">"&(EOMONTH($A21,-1)),'3.Ingresos del Contrato'!H:H,"<="&(EOMONTH($A21,0))) -> 0 | E21: =SUM(C21:D21) -> 63650000000 | F21: =SUMIFS('6.Reportes de Pagos'!N:N,'6.Reportes de Pagos'!H:H,"<="&(EOMONTH($A21,-1))) -> 4.6270103e+10 | G21: =SUMIFS('6.Reportes de Pagos'!N:N,'6.Reportes de Pagos'!H:H,">"&(EOMONTH($A21,-1)),'6.Reportes de Pagos'!H:H,"<="&(EOMONTH($A21,0))) -> 2.341706e+09 | H21: =SUM(F21:G21) -> 4.8611809e+10 | I21: =SUMIFS('7.Rendimientos Financieros'!D:D,'7.Rendimientos Financieros'!A:A,"<="&(EOMONTH($A21,-1))) -> 7.6051065e+09 | J21: =SUMIFS('7.Rendimientos Financieros'!D:D,'7.Rendimientos Financieros'!A:A,">"&(EOMONTH($A21,-1)),'7.Rendimientos Financieros'!A:A,"<="&(EOMONTH($A21,0))) -> 86139269 | K21: =SUMIFS('7.Rendimientos Financieros'!F:F,'7.Rendimientos Financieros'!E:E,"<="&(EOMONTH($A21,0))) -> 7.6051065e+09 | L21: =SUM(I21:J21)-SUM(K21) -> 86139269 | M21: =+E21-H21+L21 -> 1.512433e+10 | N21: 1.5121445e+10 | O21: =+N21-M21 -> -2885600.6 | P21: =3011103.57 -> 3011103.6 | Q21: =+P21+O21 -> 125502.98
A22: 45688 | B22: CO1.PCCNTR. 4917031 DE 2023 | C22: =SUMIFS('3.Ingresos del Contrato'!J:J,'3.Ingresos del Contrato'!H:H,"<="&(EOMONTH($A22,-1))) -> 63650000000 | D22: =SUMIFS('3.Ingresos del Contrato'!J:J,'3.Ingresos del Contrato'!H:H,">"&(EOMONTH($A22,-1)),'3.Ingresos del Contrato'!H:H,"<="&(EOMONTH($A22,0))) -> 0 | E22: =SUM(C22:D22) -> 63650000000 | F22: =SUMIFS('6.Reportes de Pagos'!N:N,'6.Reportes de Pagos'!H:H,"<="&(EOMONTH($A22,-1))) -> 4.8611809e+10 | G22: =SUMIFS('6.Reportes de Pagos'!N:N,'6.Reportes de Pagos'!H:H,">"&(EOMONTH($A22,-1)),'6.Reportes de Pagos'!H:H,"<="&(EOMONTH($A22,0))) -> 2.0871397e+09 | H22: =SUM(F22:G22) -> 5.0698949e+10 | I22: =SUMIFS('7.Rendimientos Financieros'!D:D,'7.Rendimientos Financieros'!A:A,"<="&(EOMONTH($A22,-1))) -> 7.6912457e+09 | J22: =SUMIFS('7.Rendimientos Financieros'!D:D,'7.Rendimientos Financieros'!A:A,">"&(EOMONTH($A22,-1)),'7.Rendimientos Financieros'!A:A,"<="&(EOMONTH($A22,0))) -> 1.0050805e+08 | K22: =SUMIFS('7.Rendimientos Financieros'!F:F,'7.Rendimientos Financieros'!E:E,"<="&(EOMONTH($A22,0))) -> 7.6912457e+09 | L22: =SUM(I22:J22)-SUM(K22) -> 1.0050805e+08 | M22: =+E22-H22+L22 -> 1.3051559e+10 | N22: 1.3048674e+10 | O22: =+N22-M22 -> -2885600.6 | P22: =3011103.57 -> 3011103.6 | Q22: =+P22+O22 -> 125502.98
A23: 45716 | B23: CO1.PCCNTR. 4917031 DE 2023 | C23: =SUMIFS('3.Ingresos del Contrato'!J:J,'3.Ingresos del Contrato'!H:H,"<="&(EOMONTH($A23,-1))) -> 63650000000 | D23: =SUMIFS('3.Ingresos del Contrato'!J:J,'3.Ingresos del Contrato'!H:H,">"&(EOMONTH($A23,-1)),'3.Ingresos del Contrato'!H:H,"<="&(EOMONTH($A23,0))) -> 0 | E23: =SUM(C23:D23) -> 63650000000 | F23: =SUMIFS('6.Reportes de Pagos'!N:N,'6.Reportes de Pagos'!H:H,"<="&(EOMONTH($A23,-1))) -> 5.0698949e+10 | G23: =SUMIFS('6.Reportes de Pagos'!N:N,'6.Reportes de Pagos'!H:H,">"&(EOMONTH($A23,-1)),'6.Reportes de Pagos'!H:H,"<="&(EOMONTH($A23,0))) -> 2.0378904e+09 | H23: =SUM(F23:G23) -> 5.2736839e+10 | I23: =SUMIFS('7.Rendimientos Financieros'!D:D,'7.Rendimientos Financieros'!A:A,"<="&(EOMONTH($A23,-1))) -> 7.7917538e+09 | J23: =SUMIFS('7.Rendimientos Financieros'!D:D,'7.Rendimientos Financieros'!A:A,">"&(EOMONTH($A23,-1)),'7.Rendimientos Financieros'!A:A,"<="&(EOMONTH($A23,0))) -> 79870995 | K23: =SUMIFS('7.Rendimientos Financieros'!F:F,'7.Rendimientos Financieros'!E:E,"<="&(EOMONTH($A23,0))) -> 7.7917538e+09 | L23: =SUM(I23:J23)-SUM(K23) -> 79870995 | M23: =+E23-H23+L23 -> 1.0993032e+10 | N23: =8412428683+2577520745.33 -> 1.0989949e+10 | O23: =+N23-M23 -> -3082560.6 | P23: =3011103.57 -> 3011103.6 | Q23: =+P23+O23 -> -71457.02
A24: 45747 | B24: CO1.PCCNTR. 4917031 DE 2023 | C24: =SUMIFS('3.Ingresos del Contrato'!J:J,'3.Ingresos del Contrato'!H:H,"<="&(EOMONTH($A24,-1))) -> 63650000000 | D24: =SUMIFS('3.Ingresos del Contrato'!J:J,'3.Ingresos del Contrato'!H:H,">"&(EOMONTH($A24,-1)),'3.Ingresos del Contrato'!H:H,"<="&(EOMONTH($A24,0))) -> 0 | E24: =SUM(C24:D24) -> 63650000000 | F24: =SUMIFS('6.Reportes de Pagos'!N:N,'6.Reportes de Pagos'!H:H,"<="&(EOMONTH($A24,-1))) -> 5.2736839e+10 | G24: =SUMIFS('6.Reportes de Pagos'!N:N,'6.Reportes de Pagos'!H:H,">"&(EOMONTH($A24,-1)),'6.Reportes de Pagos'!H:H,"<="&(EOMONTH($A24,0))) -> 1.1868771e+09 | H24: =SUM(F24:G24) -> 5.3923716e+10 | I24: =SUMIFS('7.Rendimientos Financieros'!D:D,'7.Rendimientos Financieros'!A:A,"<="&(EOMONTH($A24,-1))) -> 7.8716248e+09 | J24: =SUMIFS('7.Rendimientos Financieros'!D:D,'7.Rendimientos Financieros'!A:A,">"&(EOMONTH($A24,-1)),'7.Rendimientos Financieros'!A:A,"<="&(EOMONTH($A24,0))) -> 71484533 | K24: =SUMIFS('7.Rendimientos Financieros'!F:F,'7.Rendimientos Financieros'!E:E,"<="&(EOMONTH($A24,0))) -> 7.8716248e+09 | L24: =SUM(I24:J24)-SUM(K24) -> 71484533 | M24: =+E24-H24+L24 -> 9.7977684e+09 | N24: =7619953492.64+2174427745.07 -> 9.7943812e+09 | O24: =+N24-M24 -> -3387203.2 | P24: =3011103.57 -> 3011103.6 | Q24: =+P24+O24 -> -376099.63
A25: 45777 | B25: CO1.PCCNTR. 4917031 DE 2023 | C25: =SUMIFS('3.Ingresos del Contrato'!J:J,'3.Ingresos del Contrato'!H:H,"<="&(EOMONTH($A25,-1))) -> 63650000000 | D25: =SUMIFS('3.Ingresos del Contrato'!J:J,'3.Ingresos del Contrato'!H:H,">"&(EOMONTH($A25,-1)),'3.Ingresos del Contrato'!H:H,"<="&(EOMONTH($A25,0))) -> 0 | E25: =SUM(C25:D25) -> 63650000000 | F25: =SUMIFS('6.Reportes de Pagos'!N:N,'6.Reportes de Pagos'!H:H,"<="&(EOMONTH($A25,-1))) -> 5.3923716e+10 | G25: =SUMIFS('6.Reportes de Pagos'!N:N,'6.Reportes de Pagos'!H:H,">"&(EOMONTH($A25,-1)),'6.Reportes de Pagos'!H:H,"<="&(EOMONTH($A25,0))) -> 1.5999122e+09 | H25: =SUM(F25:G25) -> 5.5523628e+10 | I25: =SUMIFS('7.Rendimientos Financieros'!D:D,'7.Rendimientos Financieros'!A:A,"<="&(EOMONTH($A25,-1))) -> 7.9431093e+09 | J25: =SUMIFS('7.Rendimientos Financieros'!D:D,'7.Rendimientos Financieros'!A:A,">"&(EOMONTH($A25,-1)),'7.Rendimientos Financieros'!A:A,"<="&(EOMONTH($A25,0))) -> 63442806 | K25: =SUMIFS('7.Rendimientos Financieros'!F:F,'7.Rendimientos Financieros'!E:E,"<="&(EOMONTH($A25,0))) -> 7.9431093e+09 | L25: =SUM(I25:J25)-SUM(K25) -> 63442806 | M25: =+E25-H25+L25 -> 8.1898145e+09 | N25: =1941761909.25+6247676464.45 -> 8.1894384e+09 | O25: =+N25-M25 -> -376099.63 | P25: =196960+179140 -> 376100 | Q25: =+O25+P25 -> 0.36996651
A26: 45808 | B26: CO1.PCCNTR. 4917031 DE 2023 | C26: =SUMIFS('3.Ingresos del Contrato'!J:J,'3.Ingresos del Contrato'!H:H,"<="&(EOMONTH($A26,-1))) -> 63650000000 | D26: =SUMIFS('3.Ingresos del Contrato'!J:J,'3.Ingresos del Contrato'!H:H,">"&(EOMONTH($A26,-1)),'3.Ingresos del Contrato'!H:H,"<="&(EOMONTH($A26,0))) -> 0 | E26: =SUM(C26:D26) -> 63650000000 | F26: =SUMIFS('6.Reportes de Pagos'!N:N,'6.Reportes de Pagos'!H:H,"<="&(EOMONTH($A26,-1))) -> 5.5523628e+10 | G26: =SUMIFS('6.Reportes de Pagos'!N:N,'6.Reportes de Pagos'!H:H,">"&(EOMONTH($A26,-1)),'6.Reportes de Pagos'!H:H,"<="&(EOMONTH($A26,0))) -> 1.4903821e+09 | H26: =SUM(F26:G26) -> 5.701401e+10 | I26: =SUMIFS('7.Rendimientos Financieros'!D:D,'7.Rendimientos Financieros'!A:A,"<="&(EOMONTH($A26,-1))) -> 8.0065521e+09 | J26: =SUMIFS('7.Rendimientos Financieros'!D:D,'7.Rendimientos Financieros'!A:A,">"&(EOMONTH($A26,-1)),'7.Rendimientos Financieros'!A:A,"<="&(EOMONTH($A26,0))) -> 57970031 | K26: =SUMIFS('7.Rendimientos Financieros'!F:F,'7.Rendimientos Financieros'!E:E,"<="&(EOMONTH($A26,0))) -> 8.0065521e+09 | L26: =SUM(I26:J26)-SUM(K26) -> 57970031 | M26: =+E26-H26+L26 -> 6.6939596e+09 | N26: =1488146663.14+5205436881.21 -> 6.6935835e+09 | O26: =+N26-M26 -> -376099.63 | P26: =196960+179140 -> 376100 | Q26: =+O26+P26 -> 0.36996841
A27: 45838 | B27: CO1.PCCNTR. 4917031 DE 2023 | C27: =SUMIFS('3.Ingresos del Contrato'!J:J,'3.Ingresos del Contrato'!H:H,"<="&(EOMONTH($A27,-1))) -> 63650000000 | D27: =SUMIFS('3.Ingresos del Contrato'!J:J,'3.Ingresos del Contrato'!H:H,">"&(EOMONTH($A27,-1)),'3.Ingresos del Contrato'!H:H,"<="&(EOMONTH($A27,0))) -> 0 | E27: =SUM(C27:D27) -> 63650000000 | F27: =SUMIFS('6.Reportes de Pagos'!N:N,'6.Reportes de Pagos'!H:H,"<="&(EOMONTH($A27,-1))) -> 5.701401e+10 | G27: =SUMIFS('6.Reportes de Pagos'!N:N,'6.Reportes de Pagos'!H:H,">"&(EOMONTH($A27,-1)),'6.Reportes de Pagos'!H:H,"<="&(EOMONTH($A27,0))) -> 5.9950627e+08 | H27: =SUM(F27:G27) -> 5.7613517e+10 | I27: =SUMIFS('7.Rendimientos Financieros'!D:D,'7.Rendimientos Financieros'!A:A,"<="&(EOMONTH($A27,-1))) -> 8.0645221e+09 | J27: =SUMIFS('7.Rendimientos Financieros'!D:D,'7.Rendimientos Financieros'!A:A,">"&(EOMONTH($A27,-1)),'7.Rendimientos Financieros'!A:A,"<="&(EOMONTH($A27,0))) -> 36896149 | K27: =SUMIFS('7.Rendimientos Financieros'!F:F,'7.Rendimientos Financieros'!E:E,"<="&(EOMONTH($A27,0))) -> 8.0644198e+09 | L27: =SUM(I27:J27)-SUM(K27) -> 36998519 | M27: =+E27-H27+L27 -> 6.0734819e+09 | N27: =1322656535.96+4750449229.47 -> 6.0731058e+09 | O27: =+N27-M27 -> -376099.63 | P27: =196960+179140 -> 376100 | Q27: =+O27+P27 -> 0.36997223
A28: 45869 | B28: CO1.PCCNTR. 4917031 DE 2023 | C28: =SUMIFS('3.Ingresos del Contrato'!J:J,'3.Ingresos del Contrato'!H:H,"<="&(EOMONTH($A28,-1))) -> 63650000000 | D28: =SUMIFS('3.Ingresos del Contrato'!J:J,'3.Ingresos del Contrato'!H:H,">"&(EOMONTH($A28,-1)),'3.Ingresos del Contrato'!H:H,"<="&(EOMONTH($A28,0))) -> 0 | E28: =SUM(C28:D28) -> 63650000000 | F28: =ROUND(SUMIFS('6.Reportes de Pagos'!N:N,'6.Reportes de Pagos'!H:H,"<="&(EOMONTH($A28,-1)))-0.37,2) -> 5.7613517e+10 | G28: =SUMIFS('6.Reportes de Pagos'!N:N,'6.Reportes de Pagos'!H:H,">"&(EOMONTH($A28,-1)),'6.Reportes de Pagos'!H:H,"<="&(EOMONTH($A28,0))) -> 1.8962151e+08 | H28: =SUM(F28:G28) -> 5.7803138e+10 | I28: =ROUND(SUMIFS('7.Rendimientos Financieros'!D:D,'7.Rendimientos Financieros'!A:A,"<="&(EOMONTH($A28,-1))),2) -> 8.1014183e+09 | J28: =ROUND(SUMIFS('7.Rendimientos Financieros'!D:D,'7.Rendimientos Financieros'!A:A,">"&(EOMONTH($A28,-1)),'7.Rendimientos Financieros'!A:A,"<="&(EOMONTH($A28,0))),2) -> 42662915 | K28: =ROUND(SUMIFS('7.Rendimientos Financieros'!F:F,'7.Rendimientos Financieros'!E:E,"<="&(EOMONTH($A28,0))),2) -> 8.1013159e+09 | L28: =+ROUND(I28+J28-K28,2) -> 42765285 | M28: =+E28-H28+L28 -> 5.8896271e+09 | N28: =4693352647.86+1196274478.83 -> 5.8896271e+09 | O28: =+N28-M28 -> 0 | P28: =196960+179140 -> 376100 | Q28: =+O28+P28 -> 376100
A29: 45900 | B29: CO1.PCCNTR. 4917031 DE 2023 | C29: =SUMIFS('3.Ingresos del Contrato'!J:J,'3.Ingresos del Contrato'!H:H,"<="&(EOMONTH($A29,-1))) -> 63650000000 | D29: =SUMIFS('3.Ingresos del Contrato'!J:J,'3.Ingresos del Contrato'!H:H,">"&(EOMONTH($A29,-1)),'3.Ingresos del Contrato'!H:H,"<="&(EOMONTH($A29,0))) -> 0 | E29: =SUM(C29:D29) -> 63650000000 | F29: =ROUND(SUMIFS('6.Reportes de Pagos'!N:N,'6.Reportes de Pagos'!H:H,"<="&(EOMONTH($A29,-1)))-0.37,2) -> 5.7803138e+10 | G29: =SUMIFS('6.Reportes de Pagos'!N:N,'6.Reportes de Pagos'!H:H,">"&(EOMONTH($A29,-1)),'6.Reportes de Pagos'!H:H,"<="&(EOMONTH($A29,0))) -> 2.2540326e+09 | H29: =SUM(F29:G29) -> 6.0057171e+10 | I29: =ROUND(SUMIFS('7.Rendimientos Financieros'!D:D,'7.Rendimientos Financieros'!A:A,"<="&(EOMONTH($A29,-1))),2) -> 8.1440812e+09 | J29: =ROUND(SUMIFS('7.Rendimientos Financieros'!D:D,'7.Rendimientos Financieros'!A:A,">"&(EOMONTH($A29,-1)),'7.Rendimientos Financieros'!A:A,"<="&(EOMONTH($A29,0))),2) -> 34478777 | K29: =ROUND(SUMIFS('7.Rendimientos Financieros'!F:F,'7.Rendimientos Financieros'!E:E,"<="&(EOMONTH($A29,0))),2) -> 8.1439788e+09 | L29: =+ROUND(I29+J29-K29,2) -> 34581147 | M29: =+E29-H29+L29 -> 3.6274104e+09 | N29: 3.6274104e+09 | O29: =+N29-M29 -> 0 | P29: =196960+179140 -> 376100 | Q29: =+O29+P29 -> 376100
A30: 45930 | B30: CO1.PCCNTR. 4917031 DE 2023 | C30: =SUMIFS('3.Ingresos del Contrato'!J:J,'3.Ingresos del Contrato'!H:H,"<="&(EOMONTH($A30,-1))) -> 63650000000 | D30: =SUMIFS('3.Ingresos del Contrato'!J:J,'3.Ingresos del Contrato'!H:H,">"&(EOMONTH($A30,-1)),'3.Ingresos del Contrato'!H:H,"<="&(EOMONTH($A30,0))) -> 0 | E30: =SUM(C30:D30) -> 63650000000 | F30: =ROUND(SUMIFS('6.Reportes de Pagos'!N:N,'6.Reportes de Pagos'!H:H,"<="&(EOMONTH($A30,-1)))-0.37,2) -> 6.0057171e+10 | G30: =SUMIFS('6.Reportes de Pagos'!N:N,'6.Reportes de Pagos'!H:H,">"&(EOMONTH($A30,-1)),'6.Reportes de Pagos'!H:H,"<="&(EOMONTH($A30,0))) -> 6.796928e+08 | H30: =SUM(F30:G30) -> 6.0736864e+10 | I30: =ROUND(SUMIFS('7.Rendimientos Financieros'!D:D,'7.Rendimientos Financieros'!A:A,"<="&(EOMONTH($A30,-1))),2) -> 8.17856e+09 | J30: =ROUND(SUMIFS('7.Rendimientos Financieros'!D:D,'7.Rendimientos Financieros'!A:A,">"&(EOMONTH($A30,-1)),'7.Rendimientos Financieros'!A:A,"<="&(EOMONTH($A30,0))),2) -> 20534849 | K30: =ROUND(SUMIFS('7.Rendimientos Financieros'!F:F,'7.Rendimientos Financieros'!E:E,"<="&(EOMONTH($A30,0))),2) -> 8.17856e+09 | L30: =+ROUND(I30+J30-K30,2) -> 20534849 | M30: =+E30-H30+L30 -> 2.9336713e+09 | N30: =717883329.1+2215787996.64 -> 2.9336713e+09 | O30: =+N30-M30 -> -3.8146973e-06 | P30: =196960+179140 -> 376100 | Q30: =+O30+P30 -> 376100
A31: 45961 | B31: CO1.PCCNTR. 4917031 DE 2023 | C31: =SUMIFS('3.Ingresos del Contrato'!J:J,'3.Ingresos del Contrato'!H:H,"<="&(EOMONTH($A31,-1))) -> 63650000000 | D31: =SUMIFS('3.Ingresos del Contrato'!J:J,'3.Ingresos del Contrato'!H:H,">"&(EOMONTH($A31,-1)),'3.Ingresos del Contrato'!H:H,"<="&(EOMONTH($A31,0))) -> 0 | E31: =SUM(C31:D31) -> 63650000000 | F31: =ROUND(SUMIFS('6.Reportes de Pagos'!N:N,'6.Reportes de Pagos'!H:H,"<="&(EOMONTH($A31,-1)))-0.37,2) -> 6.0736864e+10 | G31: =SUMIFS('6.Reportes de Pagos'!N:N,'6.Reportes de Pagos'!H:H,">"&(EOMONTH($A31,-1)),'6.Reportes de Pagos'!H:H,"<="&(EOMONTH($A31,0))) -> 2.6178906e+08 | H31: =SUM(F31:G31) -> 6.0998653e+10 | I31: =ROUND(SUMIFS('7.Rendimientos Financieros'!D:D,'7.Rendimientos Financieros'!A:A,"<="&(EOMONTH($A31,-1))),2) -> 8.1990948e+09 | J31: =ROUND(SUMIFS('7.Rendimientos Financieros'!D:D,'7.Rendimientos Financieros'!A:A,">"&(EOMONTH($A31,-1)),'7.Rendimientos Financieros'!A:A,"<="&(EOMONTH($A31,0))),2) -> 17966514 | K31: =ROUND(SUMIFS('7.Rendimientos Financieros'!F:F,'7.Rendimientos Financieros'!E:E,"<="&(EOMONTH($A31,0))),2) -> 8.1990948e+09 | L31: =+ROUND(I31+J31-K31,2) -> 17966514 | M31: =+E31-H31+L31 -> 2.6693139e+09 | N31: =584683047.4+2084630887.49 -> 2.6693139e+09 | O31: =+N31-M31 -> 0 | P31: =196960+179140 -> 376100 | Q31: =+O31+P31 -> 376100
A32: 45991 | B32: CO1.PCCNTR. 4917031 DE 2023 | C32: =SUMIFS('3.Ingresos del Contrato'!J:J,'3.Ingresos del Contrato'!H:H,"<="&(EOMONTH($A32,-1))) -> 63650000000 | D32: =SUMIFS('3.Ingresos del Contrato'!J:J,'3.Ingresos del Contrato'!H:H,">"&(EOMONTH($A32,-1)),'3.Ingresos del Contrato'!H:H,"<="&(EOMONTH($A32,0))) -> 0 | E32: =SUM(C32:D32) -> 63650000000 | F32: =ROUND(SUMIFS('6.Reportes de Pagos'!N:N,'6.Reportes de Pagos'!H:H,"<="&(EOMONTH($A32,-1)))-0.37,2) -> 6.0998653e+10 | G32: =SUMIFS('6.Reportes de Pagos'!N:N,'6.Reportes de Pagos'!H:H,">"&(EOMONTH($A32,-1)),'6.Reportes de Pagos'!H:H,"<="&(EOMONTH($A32,0))) -> 1.1914585e+09 | H32: =SUM(F32:G32) -> 6.2190111e+10 | I32: =ROUND(SUMIFS('7.Rendimientos Financieros'!D:D,'7.Rendimientos Financieros'!A:A,"<="&(EOMONTH($A32,-1))),2) -> 8.2170613e+09 | J32: =ROUND(SUMIFS('7.Rendimientos Financieros'!D:D,'7.Rendimientos Financieros'!A:A,">"&(EOMONTH($A32,-1)),'7.Rendimientos Financieros'!A:A,"<="&(EOMONTH($A32,0))),2) -> 10757795 | K32: =ROUND(SUMIFS('7.Rendimientos Financieros'!F:F,'7.Rendimientos Financieros'!E:E,"<="&(EOMONTH($A32,0))),2) -> 8.2170613e+09 | L32: =+ROUND(I32+J32-K32,2) -> 10757795 | M32: =+E32-H32+L32 -> 1.4706467e+09 | N32: 1.4706467e+09 | O32: =+N32-M32 -> 0
A33: 46022 | B33: CO1.PCCNTR. 4917031 DE 2023 | C33: =SUMIFS('3.Ingresos del Contrato'!J:J,'3.Ingresos del Contrato'!H:H,"<="&(EOMONTH($A33,-1))) -> 63650000000 | D33: =SUMIFS('3.Ingresos del Contrato'!J:J,'3.Ingresos del Contrato'!H:H,">"&(EOMONTH($A33,-1)),'3.Ingresos del Contrato'!H:H,"<="&(EOMONTH($A33,0))) -> 0 | E33: =SUM(C33:D33) -> 63650000000 | F33: =ROUND(SUMIFS('6.Reportes de Pagos'!N:N,'6.Reportes de Pagos'!H:H,"<="&(EOMONTH($A33,-1)))-0.37,2) -> 6.2190111e+10 | G33: =SUMIFS('6.Reportes de Pagos'!N:N,'6.Reportes de Pagos'!H:H,">"&(EOMONTH($A33,-1)),'6.Reportes de Pagos'!H:H,"<="&(EOMONTH($A33,0))) -> 2.695661e+08 | H33: =SUM(F33:G33) -> 6.2459677e+10 | I33: =ROUND(SUMIFS('7.Rendimientos Financieros'!D:D,'7.Rendimientos Financieros'!A:A,"<="&(EOMONTH($A33,-1))),2) -> 8.2278191e+09 | J33: =ROUND(SUMIFS('7.Rendimientos Financieros'!D:D,'7.Rendimientos Financieros'!A:A,">"&(EOMONTH($A33,-1)),'7.Rendimientos Financieros'!A:A,"<="&(EOMONTH($A33,0))),2) -> 6937473.4 | K33: =ROUND(SUMIFS('7.Rendimientos Financieros'!F:F,'7.Rendimientos Financieros'!E:E,"<="&(EOMONTH($A33,0))),2) -> 8.2278191e+09 | L33: =+ROUND(I33+J33-K33,2) -> 6937473.4 | M33: =+E33-H33+L33 -> 1.1972603e+09 | N33: 1.1972603e+09 | O33: =+N33-M33 -> 0
A34: 46053 | B34: CO1.PCCNTR. 4917031 DE 2023 | C34: =SUMIFS('3.Ingresos del Contrato'!J:J,'3.Ingresos del Contrato'!H:H,"<="&(EOMONTH($A34,-1))) -> 63650000000 | D34: =SUMIFS('3.Ingresos del Contrato'!J:J,'3.Ingresos del Contrato'!H:H,">"&(EOMONTH($A34,-1)),'3.Ingresos del Contrato'!H:H,"<="&(EOMONTH($A34,0))) -> 0 | E34: =SUM(C34:D34) -> 63650000000 | F34: =ROUND(SUMIFS('6.Reportes de Pagos'!N:N,'6.Reportes de Pagos'!H:H,"<="&(EOMONTH($A34,-1)))-0.37,2) -> 6.2459677e+10 | G34: =SUMIFS('6.Reportes de Pagos'!N:N,'6.Reportes de Pagos'!H:H,">"&(EOMONTH($A34,-1)),'6.Reportes de Pagos'!H:H,"<="&(EOMONTH($A34,0))) -> 1.3364419e+08 | H34: =SUM(F34:G34) -> 6.2593321e+10 | I34: =ROUND(SUMIFS('7.Rendimientos Financieros'!D:D,'7.Rendimientos Financieros'!A:A,"<="&(EOMONTH($A34,-1))),2) -> 8.2347566e+09 | J34: =ROUND(SUMIFS('7.Rendimientos Financieros'!D:D,'7.Rendimientos Financieros'!A:A,">"&(EOMONTH($A34,-1)),'7.Rendimientos Financieros'!A:A,"<="&(EOMONTH($A34,0))),2) -> 5918501.5 | K34: =ROUND(SUMIFS('7.Rendimientos Financieros'!F:F,'7.Rendimientos Financieros'!E:E,"<="&(EOMONTH($A34,0))),2) -> 8.2347566e+09 | L34: =+ROUND(I34+J34-K34,2) -> 5918501.5 | M34: =+E34-H34+L34 -> 1.0625971e+09 | N34: =241440817.67+821156279.19 -> 1.0625971e+09 | O34: =+N34-M34 -> 0.0049966574 | P34: =196960+179140 -> 376100 | Q34: =+O34+P34 -> 376100
A35: 46081 | B35: CO1.PCCNTR. 4917031 DE 2023 | C35: =SUMIFS('3.Ingresos del Contrato'!J:J,'3.Ingresos del Contrato'!H:H,"<="&(EOMONTH($A35,-1))) -> 63650000000 | D35: =SUMIFS('3.Ingresos del Contrato'!J:J,'3.Ingresos del Contrato'!H:H,">"&(EOMONTH($A35,-1)),'3.Ingresos del Contrato'!H:H,"<="&(EOMONTH($A35,0))) -> 0 | E35: =SUM(C35:D35) -> 63650000000 | F35: =ROUND(SUMIFS('6.Reportes de Pagos'!N:N,'6.Reportes de Pagos'!H:H,"<="&(EOMONTH($A35,-1)))-0.37,2) -> 6.2593321e+10 | G35: =SUMIFS('6.Reportes de Pagos'!N:N,'6.Reportes de Pagos'!H:H,">"&(EOMONTH($A35,-1)),'6.Reportes de Pagos'!H:H,"<="&(EOMONTH($A35,0))) -> 0 | H35: =SUM(F35:G35)-0.01 -> 6.2593321e+10 | I35: =ROUND(SUMIFS('7.Rendimientos Financieros'!D:D,'7.Rendimientos Financieros'!A:A,"<="&(EOMONTH($A35,-1))),2) -> 8.2406751e+09 | J35: =ROUND(SUMIFS('7.Rendimientos Financieros'!D:D,'7.Rendimientos Financieros'!A:A,">"&(EOMONTH($A35,-1)),'7.Rendimientos Financieros'!A:A,"<="&(EOMONTH($A35,0))),2) -> 4725008.4 | K35: =ROUND(SUMIFS('7.Rendimientos Financieros'!F:F,'7.Rendimientos Financieros'!E:E,"<="&(EOMONTH($A35,0))),2) -> 8.2406751e+09 | L35: =+ROUND(I35+J35-K35,2) -> 4725008.4 | M35: =+E35-H35+L35 -> 1.0614036e+09 | N35: 1.0614036e+09 | O35: =+N35-M35 -> 0
A36: 46112 | B36: CO1.PCCNTR. 4917031 DE 2023 | C36: =SUMIFS('3.Ingresos del Contrato'!J:J,'3.Ingresos del Contrato'!H:H,"<="&(EOMONTH($A36,-1))) -> 63650000000 | D36: =SUMIFS('3.Ingresos del Contrato'!J:J,'3.Ingresos del Contrato'!H:H,">"&(EOMONTH($A36,-1)),'3.Ingresos del Contrato'!H:H,"<="&(EOMONTH($A36,0))) -> 0 | E36: =SUM(C36:D36) -> 63650000000 | F36: =ROUND(SUMIFS('6.Reportes de Pagos'!N:N,'6.Reportes de Pagos'!H:H,"<="&(EOMONTH($A36,-1)))-0.37,2) -> 6.2593321e+10 | G36: =SUMIFS('6.Reportes de Pagos'!N:N,'6.Reportes de Pagos'!H:H,">"&(EOMONTH($A36,-1)),'6.Reportes de Pagos'!H:H,"<="&(EOMONTH($A36,0))) -> 75396616 | H36: =SUM(F36:G36)-0.01 -> 6.2668718e+10 | I36: =ROUND(SUMIFS('7.Rendimientos Financieros'!D:D,'7.Rendimientos Financieros'!A:A,"<="&(EOMONTH($A36,-1))),2) -> 8.2454001e+09 | J36: =ROUND(SUMIFS('7.Rendimientos Financieros'!D:D,'7.Rendimientos Financieros'!A:A,">"&(EOMONTH($A36,-1)),'7.Rendimientos Financieros'!A:A,"<="&(EOMONTH($A36,0))),2) -> 7669314.6 | K36: =ROUND(SUMIFS('7.Rendimientos Financieros'!F:F,'7.Rendimientos Financieros'!E:E,"<="&(EOMONTH($A36,0))),2) -> 8.2454001e+09 | L36: =+ROUND(I36+J36-K36,2) -> 7669314.6 | M36: =+E36-H36+L36 -> 9.8895129e+08 | N36: 9.8895129e+08 | O36: =+N36-M36 -> -1.3113022e-06
A37: 46142 | B37: CO1.PCCNTR. 4917031 DE 2023 | C37: =SUMIFS('3.Ingresos del Contrato'!J:J,'3.Ingresos del Contrato'!H:H,"<="&(EOMONTH($A37,-1))) -> 63650000000 | D37: =SUMIFS('3.Ingresos del Contrato'!J:J,'3.Ingresos del Contrato'!H:H,">"&(EOMONTH($A37,-1)),'3.Ingresos del Contrato'!H:H,"<="&(EOMONTH($A37,0))) -> 0 | E37: =SUM(C37:D37) -> 63650000000 | F37: =ROUND(SUMIFS('6.Reportes de Pagos'!N:N,'6.Reportes de Pagos'!H:H,"<="&(EOMONTH($A37,-1)))-0.37,2) -> 6.2668718e+10 | G37: =SUMIFS('6.Reportes de Pagos'!N:N,'6.Reportes de Pagos'!H:H,">"&(EOMONTH($A37,-1)),'6.Reportes de Pagos'!H:H,"<="&(EOMONTH($A37,0))) -> 2.6500684e+08 | H37: =SUM(F37:G37)-0.01 -> 6.2933725e+10 | I37: =ROUND(SUMIFS('7.Rendimientos Financieros'!D:D,'7.Rendimientos Financieros'!A:A,"<="&(EOMONTH($A37,-1))),2) -> 8.2530694e+09 | J37: =ROUND(SUMIFS('7.Rendimientos Financieros'!D:D,'7.Rendimientos Financieros'!A:A,">"&(EOMONTH($A37,-1)),'7.Rendimientos Financieros'!A:A,"<="&(EOMONTH($A37,0))),2) -> 8167039.5 | K37: =ROUND(SUMIFS('7.Rendimientos Financieros'!F:F,'7.Rendimientos Financieros'!E:E,"<="&(EOMONTH($A37,0))),2) -> 8.2530694e+09 | L37: =+ROUND(I37+J37-K37,2) -> 8167039.5 | M37: =+E37-H37+L37 -> 7.2444218e+08 | N37: =579575419.04+144871993.09 -> 7.2444741e+08 | O37: =+N37-M37 -> 5236.01
A38: 46143 | B38: CO1.PCCNTR. 4917031 DE 2023 | C38: =SUMIFS('3.Ingresos del Contrato'!J:J,'3.Ingresos del Contrato'!H:H,"<="&(EOMONTH($A38,-1))) -> 63650000000 | D38: =SUMIFS('3.Ingresos del Contrato'!J:J,'3.Ingresos del Contrato'!H:H,">"&(EOMONTH($A38,-1)),'3.Ingresos del Contrato'!H:H,"<="&(EOMONTH($A38,0))) -> 0 | E38: =SUM(C38:D38) -> 63650000000 | F38: =ROUND(SUMIFS('6.Reportes de Pagos'!N:N,'6.Reportes de Pagos'!H:H,"<="&(EOMONTH($A38,-1)))-0.37,2) -> 6.2933725e+10 | G38: =SUMIFS('6.Reportes de Pagos'!N:N,'6.Reportes de Pagos'!H:H,">"&(EOMONTH($A38,-1)),'6.Reportes de Pagos'!H:H,"<="&(EOMONTH($A38,0))) -> 45160500 | H38: =SUM(F38:G38)-0.01 -> 6.2978885e+10 | I38: =ROUND(SUMIFS('7.Rendimientos Financieros'!D:D,'7.Rendimientos Financieros'!A:A,"<="&(EOMONTH($A38,-1))),2) -> 8.2612365e+09 | J38: =ROUND(SUMIFS('7.Rendimientos Financieros'!D:D,'7.Rendimientos Financieros'!A:A,">"&(EOMONTH($A38,-1)),'7.Rendimientos Financieros'!A:A,"<="&(EOMONTH($A38,0))),2) -> 6148734.9 | K38: =ROUND(SUMIFS('7.Rendimientos Financieros'!F:F,'7.Rendimientos Financieros'!E:E,"<="&(EOMONTH($A38,0))),2) -> 8.2612365e+09 | L38: =+ROUND(I38+J38-K38,2) -> 6148734.9 | M38: =+E38-H38+L38 -> 6.7726337e+08 | N38: =545049456.75+132219151.01 -> 6.7726861e+08 | O38: =+N38-M38 -> 5236.2
F41: VALOR | G41: DESCRIPCION | J41: SALDO PATRIMONIO CONTRATO INTER ADMINISTRATIVO | M41: AHORROS | N41: 1.4487199e+08
F42: =+N37 -> 7.2444741e+08 | G42: SALDO RECURSOS LÍQUIDOS (SALDO CUENTA DE AHORROS + SALDO FIC) | M42: FIC | N42: 5.7957542e+08
F43: =+O38 -> 5236.2 | G43: CUENTAS X COBRAR | M43: TOTAL | N43: =+N42+N41 -> 7.2444741e+08
F44: =+J38 -> 6148734.9 | G44: TOTAL RENDIMIENTOS POR GIRAR
F45: 0 | G45: CUENTAS X PAGAR PROVEEDORES
F46: 0 | G46: IMPUESTOS POR PAGAR
F47: =+VRRTEGTIACTO -> 6.8012506e+08 | G47: RETENCIONES EN GARANTÍA PENDIENTES DE GIRO
F48: =+F42+F43-F44-F45-F46-F47 -> 38178851 | J48: =+F48 -> 38178851

Sheet 2.Resumen Presupuestal
A1: =CONTRATO -> Contrato Interadministrativo No. CO1.PCCNTR. 4917031
A2: Ministerio de Educación Nacional
A3: Financiera del Desarrollo S.A.
A4: 2. RESUMEN PRESUPUESTAL
A5: =periodo -> 01 de mayo al 31 de mayo de 2026
A7: CDP | B7: VIGENCIA FISCAL | C7: VALOR CDP | D7: ADICION | E7: VALOR PRESUPUESTO (A) | F7: FUENTE | G7: ORIGEN DE LOS RECURSOS | H7: RECURSOS RECIBIDOS | I7: REFORMULACIÓN Y/O ADICIONES AL CONTRATO | J7: ASISTENCIA TECNICA COMPROMISOS (B) | K7: ADJUDICACIONES Y/O COMPROMISOS (C) | L7: LIBERACIONES ACTAS DE LIQUIDACION CONTRATOS (D) | M7: SALDO DISPONIBLE POR COMPROMETER (E) = (A)-(B)-(C)+(D) | N7: PAGOS ADJUDICACIONES Y/O COMPROMISOS (F) | O7: SALDO POR PAGAR ADJUDICACIONES Y/O COMPROMISOS (G) = ((B)+(C))-((F)+(D))
A8: =+'3.Ingresos del Contrato'!A8 -> 222190 | B8: 2023 | C8: =+'3.Ingresos del Contrato'!C8 -> 63650000000 | D8: 0 | E8: =SUM(C8:D8) -> 63650000000 | F8: NACION | G8: 10 | H8: =+'3.Ingresos del Contrato'!G9 -> 63650000000 | I8: 0 | J8: =VRFINDETER -> 4164018692 | K8: =VRCONTRATOS-VLMAYPERM -> 5.9924886e+10 | L8: =VRLIBERACIONES -> 4.7978288e+08 | M8: =+E8-K8-J8+L8 -> 40877873 | N8: =VRFACT+(VRPAGOSCTOS-VRRTEGTIACTO) -> 6.3531624e+10 | O8: =(K8+J8)-(N8+L8)+VLMAYPERM -> 6.3024348e+08
A9: TOTAL | C9: =SUM(C8:C8) -> 63650000000 | D9: =SUM(D8:D8) -> 0 | E9: =SUM(E8:E8) -> 63650000000 | H9: =SUM(H8:H8) -> 63650000000 | I9: =SUM(I8:I8) -> 0 | J9: =SUM(J8:J8) -> 4164018692 | K9: =SUM(K8:K8) -> 5.9924886e+10 | L9: =SUM(L8:L8) -> 4.7978288e+08 | M9: =SUM(M8:M8) -> 40877873 | N9: =SUM(N8:N8) -> 6.3531624e+10 | O9: =SUM(O8:O8) -> 6.3024348e+08
J11: valor total ded proyectos distribución recursos | K11: =+K9-L9+M9 -> 59485981308

Sheet 3.Ingresos del Contrato
A1: =CONTRATO -> Contrato Interadministrativo No. CO1.PCCNTR. 4917031
A2: Ministerio de Educación Nacional
A3: Financiera del Desarrollo S.A.
A4: 3. INGRESOS DEL CONTRATO
A5: =periodo -> 01 de mayo al 31 de mayo de 2026
A7: CDP | B7: VIGENCIA FISCAL | C7: VALOR CDP | D7: ADICION CDP | E7: VALOR PRESUPUESTO | F7: FUENTE | G7: VALOR DESEMBOLSO | H7: FECHA | I7: TRASLADO | J7: TOTAL DESEMBOLSOS | K7: SALDO POR DESEMBOLSAR
A8: 222190 | B8: 2023 | C8: 63650000000 | D8: 0 | E8: =SUM(C8:D8) -> 63650000000 | F8: NACION | G8: =+E8 -> 63650000000 | H8: 45142 | I8: NACION | J8: =+G8 -> 63650000000 | K8: =+E8-SUM(J8:J8) -> 0
A9: TOTAL | C9: =SUM(C8:C8) -> 63650000000 | D9: =SUM(D8:D8) -> 0 | E9: =SUM(E8:E8) -> 63650000000 | G9: =SUM(G8:G8) -> 63650000000 | J9: =SUM(J8:J8) -> 63650000000 | K9: =+G9-J9 -> 0

Sheet 4.E.F. Contratación Derivada
A1: =CONTRATO -> Contrato Interadministrativo No. CO1.PCCNTR. 4917031
A2: Ministerio de Educación Nacional
A3: Financiera del Desarrollo S.A.
A4: 4. EJECUCION FINANCIERA CONTRATACION DERIVADA
A5: =periodo -> 01 de mayo al 31 de mayo de 2026
A7: ITEM | B7: CONTRATO | C7: CDP | D7: FUENTE | E7: VIGENCIA FISCAL | F7: CDR (*) | G7: FECHA | H7: VALOR PRESUPUESTO | I7: LINEA DEL PROYECTO | J7: PROYECTO | K7: MUNICIPIO | L7: DEPARTAMENTO | M7: GRUPO | N7: CANTIDAD SEDES | O7: CONTRATO No. | P7: FECHA SUSCRIPCION | Q7: TIPO CONTRATO | R7: CONTRATADO O POR CONTRATAR | S7: CONTRATISTA | T7: CC / NIT | U7: VALOR ADJUDICADO | V7: VALOR POR ADJUDICAR Y/O LIBERAR | W7: ADICIONES / MODIFICACIONES CONTRATO | X7: MAYORES PERMANCIAS CONTRATOS | Y7: VALOR FINAL CONTRATO | Z7: ="VALOR ACUMULADO PAGADO AL" &CHAR(10)&UPPER(TEXT((EOMONTH(FECHA,-1)),"dd/mmm/yy")) -> VALOR ACUMULADO PAGADO AL 31/MAR/26 | AA7: ="VALOR ACUMULADO RETEGARANTIA AL" &CHAR(10)&UPPER(TEXT((EOMONTH(FECHA,-1)),"dd/mmm/yy")) -> VALOR ACUMULADO RETEGARANTIA AL 31/MAR/26 | AB7: ="VALOR LIBERACIONES ACTA DE LIQUIDACION AL" &CHAR(10)&UPPER(TEXT((EOMONTH(FECHA,-1)),"dd/mmm/yy")) -> VALOR LIBERACIONES ACTA DE LIQUIDACION AL 31/MAR/26 | AC7: ="VALOR PAGADO"&CHAR(10)&UPPER(TEXT(FECHA,"mmmm/yyyy")) -> VALOR PAGADO ABRIL/2026 | AD7: ="VALOR RETEGARANTIA "&CHAR(10)&UPPER(TEXT(FECHA,"mmmm/yyyy")) -> VALOR RETEGARANTIA ABRIL/2026 | AE7: ="VALOR LIBERACIONES ACTA DE LIQUIDACION "&CHAR(10)&UPPER(TEXT(FECHA,"mmmm/yyyy")) -> VALOR LIBERACIONES ACTA DE LIQUIDACION ABRIL/2026 | AF7: VALOR PAGADO MAYO/2026 | AG7: VALOR RETEGARANTIA MAYO/2026 | AH7: VALOR LIBERACIONES ACTA DE LIQUIDACION MAYO/2026 | AI7: VALOR ACUMULADO PAGADO AL 31/MAY/2026 | AJ7: VALOR ACUMULADO RETEGARANTÍA AL 31/MAY/2026 | AK7: VALOR LIBERACIONES ACTA DE LIQUIDACIÓN AL 31/MAY/2026 | AL7: SALDO POR PAGAR | AM7: % AVANCE FINANCIERO | AN7: ESTADO
A8: 1 | B8: CO1.PCCNTR. 4917031 DE 2023 | C8: 222190 | D8: NACION | E8: 2023 | F8: 4 35 | G8: 14/08/2023 09/05/2024 | H8: =+[5]Contrato!$E$33+[5]Contrato!$E$34+[5]Contrato!$E$35+[5]Contrato!$E$97 -> 4031522251 | J8: EJECUCIÓN DE OBRAS DE MEJORAMIENTO Y/U OBRAS REQUERIDAS PARA LA INFRAESTRUCTURA EDUCATIVA E INSTALACIÓN DE AULAS Y/O BATERÍAS SANITARIAS EN SISTEMAS PREFABRICADOS Y SU PUESTA EN CONDICIONES DE FUNCIONALIDAD - GRUPO 1 | K8: CIUDAD BOLIVAR TADO APARTADO CARMEN DEL DARIEN TURBO | L8: ANTIOQUIA CHOCO | M8: 1 | O8: PAF-MENAM-O-049-2023 | P8: 45223 | Q8: OBRA | R8: CONTRATADO | S8: OBRAS CAPITAL S.A. | T8: 900.246.080-0 | U8: 3447332359 | V8: 0 | W8: 201152963 | X8: -28580295 | Y8: =+U8+W8 -> 3648485322 | Z8: =SUMIFS('6.Reportes de Pagos'!I:I,'6.Reportes de Pagos'!H:H,"<="&(EOMONTH(FECHA,-1)),'6.Reportes de Pagos'!D:D,$O8) -> 3.4255661e+09 | AA8: =SUMIFS('6.Reportes de Pagos'!J:J,'6.Reportes de Pagos'!H:H,"<="&(EOMONTH(FECHA,-1)),'6.Reportes de Pagos'!D:D,$O8) -> 0 | AB8: 0 | AC8: =SUMIFS('6.Reportes de Pagos'!I:I,'6.Reportes de Pagos'!H:H,">"&(EOMONTH(FECHA,-1)),'6.Reportes de Pagos'!H:H,"<="&(EOMONTH(FECHA,0)),'6.Reportes de Pagos'!D:D,$O8) -> 0 | AD8: =SUMIFS('6.Reportes de Pagos'!J:J,'6.Reportes de Pagos'!H:H,">"&(EOMONTH(FECHA,-1)),'6.Reportes de Pagos'!H:H,"<="&(EOMONTH(FECHA,0)),'6.Reportes de Pagos'!D:D,$O8) -> 0 | AE8: 2.2291924e+08 | AI8: =SUMIFS('6.Reportes de Pagos'!I:I,'6.Reportes de Pagos'!H:H,"<="&(EOMONTH(FECHA,0)),'6.Reportes de Pagos'!D:D,$O8) -> 3.4255661e+09 | AJ8: =SUMIFS('6.Reportes de Pagos'!J:J,'6.Reportes de Pagos'!H:H,"<="&(EOMONTH(FECHA,0)),'6.Reportes de Pagos'!D:D,$O8) -> 0 | AK8: =+AB8+AE8 -> 2.2291924e+08 | AL8: =+Y8-(AI8-AJ8)-AK8 -> 0 | AM8: =IFERROR(((AI8-AJ8+AK8)/Y8),0) -> 1 | AN8: Liquidado | AO8: =+AI8-AJ8 -> 3.4255661e+09 | AP8: =+AO8/Y8 -> 0.93890088
A9: 2 | B9: CO1.PCCNTR. 4917031 DE 2023 | C9: 222190 | D9: NACION | E9: 2023 | F9: 7 26 | G9: 15/08/2023 29/01/2024 | H9: =+[5]Contrato!$E$42+[5]Contrato!$E$43+[5]Contrato!$E$88 -> 3.12438e+08 | J9: INTERVENTORÍA A LA EJECUCIÓN DE OBRAS DE MEJORAMIENTO Y/U OBRAS REQUERIDAS PARA LA INFRAESTRUCTURA EDUCATIVA Y SUMINISTRO E INSTALACIÓN DE AULAS Y/O BATERÍAS SANITARIAS EN SISTEMAS PREFABRICADOS Y SU PUESTA EN CONDICIONES DE FUNCIONALIDAD Y CIERRE CONTRACTUAL -GRUPO 1 | K9: CIUDAD BOLIVAR TADO APARTADO CARMEN DEL DARIEN TURBO | L9: ANTIOQUIA CHOCO | M9: 1 | O9: PAF-MENAM-I-052-2023 | P9: 45218 | Q9: INTERVENTORIA DE OBRA | R9: CONTRATADO | S9: INTERVENTORIAS Y CONSULTORIAS S.A.S | T9: 900503646 | U9: 271455247 | V9: 0 | W9: =+'[6]4. E.F. CONTRATACION DEREIVADA'!$P$20+'[6]4. E.F. CONTRATACION DEREIVADA'!$P$21 -> 25183770 | X9: 28580295 | Y9: =+U9+W9+X9 -> 3.2521931e+08 | Z9: =SUMIFS('6.Reportes de Pagos'!I:I,'6.Reportes de Pagos'!H:H,"<="&(EOMONTH(FECHA,-1)),'6.Reportes de Pagos'!D:D,$O9) -> 3.2006124e+08 | AA9: =SUMIFS('6.Reportes de Pagos'!J:J,'6.Reportes de Pagos'!H:H,"<="&(EOMONTH(FECHA,-1)),'6.Reportes de Pagos'!D:D,$O9) -> 0 | AB9: 0 | AC9: =SUMIFS('6.Reportes de Pagos'!I:I,'6.Reportes de Pagos'!H:H,">"&(EOMONTH(FECHA,-1)),'6.Reportes de Pagos'!H:H,"<="&(EOMONTH(FECHA,0)),'6.Reportes de Pagos'!D:D,$O9) -> 0 | AD9: =SUMIFS('6.Reportes de Pagos'!J:J,'6.Reportes de Pagos'!H:H,">"&(EOMONTH(FECHA,-1)),'6.Reportes de Pagos'!H:H,"<="&(EOMONTH(FECHA,0)),'6.Reportes de Pagos'!D:D,$O9) -> 0 | AE9: 5158074.7 | AI9: =SUMIFS('6.Reportes de Pagos'!I:I,'6.Reportes de Pagos'!H:H,"<="&(EOMONTH(FECHA,0)),'6.Reportes de Pagos'!D:D,$O9) -> 3.2006124e+08 | AJ9: =SUMIFS('6.Reportes de Pagos'!J:J,'6.Reportes de Pagos'!H:H,"<="&(EOMONTH(FECHA,0)),'6.Reportes de Pagos'!D:D,$O9) -> 0 | AK9: =+AB9+AE9 -> 5158074.7 | AL9: =+Y9-(AI9-AJ9)-AK9 -> 7.4505806e-09 | AM9: =IFERROR(((AI9-AJ9+AK9)/Y9),0) -> 1 | AN9: Liquidado
A10: =+A9+1 -> 3 | B10: CO1.PCCNTR. 4917031 DE 2023 | C10: 222190 | D10: NACION | E10: 2023 | F10: 3 | G10: 45147 | H10: =+[5]Contrato!$E$28+[5]Contrato!$E$29+[5]Contrato!$E$30 -> 4171350830 | J10: EJECUCIÓN DE OBRAS DE MEJORAMIENTO Y/U OBRAS REQUERIDAS PARA LA INFRAESTRUCTURA EDUCATIVA E INSTALACIÓN DE AULAS Y/O BATERÍAS SANITARIAS EN SISTEMAS PREFABRICADOS Y SU PUESTA EN CONDICIONES DE FUNCIONALIDAD - GRUPO 2 | K10: SOLEDAD GALAPA REPELON PALMAR DE VARELA LURUACO | L10: ATLANTICO | M10: 2 | O10: PAF-MENAM-O-050-2023 | P10: 45217 | Q10: OBRA | R10: CONTRATADO | S10: CONSORCIO EDUCATIVO SJ 2023 | T10: 901762612 | U10: 4044124630 | V10: 0 | X10: -57808106 | Y10: =+U10+W10 -> 4044124630 | Z10: =SUMIFS('6.Reportes de Pagos'!I:I,'6.Reportes de Pagos'!H:H,"<="&(EOMONTH(FECHA,-1)),'6.Reportes de Pagos'!D:D,$O10) -> 4.0287478e+09 | AA10: =SUMIFS('6.Reportes de Pagos'!J:J,'6.Reportes de Pagos'!H:H,"<="&(EOMONTH(FECHA,-1)),'6.Reportes de Pagos'!D:D,$O10) -> 0 | AB10: 0 | AC10: =SUMIFS('6.Reportes de Pagos'!I:I,'6.Reportes de Pagos'!H:H,">"&(EOMONTH(FECHA,-1)),'6.Reportes de Pagos'!H:H,"<="&(EOMONTH(FECHA,0)),'6.Reportes de Pagos'!D:D,$O10) -> 0 | AD10: =SUMIFS('6.Reportes de Pagos'!J:J,'6.Reportes de Pagos'!H:H,">"&(EOMONTH(FECHA,-1)),'6.Reportes de Pagos'!H:H,"<="&(EOMONTH(FECHA,0)),'6.Reportes de Pagos'!D:D,$O10) -> 0 | AE10: 0 | AI10: =SUMIFS('6.Reportes de Pagos'!I:I,'6.Reportes de Pagos'!H:H,"<="&(EOMONTH(FECHA,0)),'6.Reportes de Pagos'!D:D,$O10) -> 4.0287478e+09 | AJ10: =SUMIFS('6.Reportes de Pagos'!J:J,'6.Reportes de Pagos'!H:H,"<="&(EOMONTH(FECHA,0)),'6.Reportes de Pagos'!D:D,$O10) -> 0 | AK10: 15376849 | AL10: =+Y10-(AI10-AJ10)-AK10 -> 0 | AM10: =IFERROR(((AI10-AJ10+AK10)/Y10),0) -> 1 | AN10: Liquidado | AO10: =+AI10-AJ10 -> 4.0287478e+09 | AP10: =+AO10/Y10 -> 0.99619773
A11: =+A10+1 -> 4 | B11: CO1.PCCNTR. 4917031 DE 2023 | C11: 222190 | D11: NACION | E11: 2023 | F11: 2 40 44 | G11: 8/08/2023 30/05/2024 02/08/2024 | H11: =+[5]Contrato!$E$31+[5]Contrato!$E$32+[5]Contrato!$E$102+[5]Contrato!$E$107 -> 3.6872829e+08 | J11: INTERVENTORÍA A LA EJECUCIÓN DE OBRAS DE MEJORAMIENTO Y/U OBRAS REQUERIDAS PARA LA INFRAESTRUCTURA EDUCATIVA Y SUMINISTRO E INSTALACIÓN DE AULAS Y/O BATERÍAS SANITARIAS EN SISTEMAS PREFABRICADOS Y SU PUESTA EN CONDICIONES DE FUNCIONALIDAD Y CIERRE CONTRACTUAL -GRUPO 2 | K11: SOLEDAD GALAPA REPELON PALMAR DE VARELA LURUACO | L11: ATLANTICO | M11: 2 | O11: PAF-MENAM-I-053-2023 | P11: 45205 | Q11: INTERVENTORIA DE OBRA | R11: CONTRATADO | S11: RM INGENIEROS S.A.S | T11: 900345967 | U11: 295715000 | V11: 0 | W11: 55890908 | X11: 57808106 | Y11: =+U11+W11+X11 -> 409414014 | Z11: =SUMIFS('6.Reportes de Pagos'!I:I,'6.Reportes de Pagos'!H:H,"<="&(EOMONTH(FECHA,-1)),'6.Reportes de Pagos'!D:D,$O11) -> 4.0331204e+08 | AA11: =SUMIFS('6.Reportes de Pagos'!J:J,'6.Reportes de Pagos'!H:H,"<="&(EOMONTH(FECHA,-1)),'6.Reportes de Pagos'!D:D,$O11) -> 0 | AB11: 0 | AC11: =SUMIFS('6.Reportes de Pagos'!I:I,'6.Reportes de Pagos'!H:H,">"&(EOMONTH(FECHA,-1)),'6.Reportes de Pagos'!H:H,"<="&(EOMONTH(FECHA,0)),'6.Reportes de Pagos'!D:D,$O11) -> 0 | AD11: =SUMIFS('6.Reportes de Pagos'!J:J,'6.Reportes de Pagos'!H:H,">"&(EOMONTH(FECHA,-1)),'6.Reportes de Pagos'!H:H,"<="&(EOMONTH(FECHA,0)),'6.Reportes de Pagos'!D:D,$O11) -> 0 | AE11: 0 | AI11: =SUMIFS('6.Reportes de Pagos'!I:I,'6.Reportes de Pagos'!H:H,"<="&(EOMONTH(FECHA,0)),'6.Reportes de Pagos'!D:D,$O11) -> 4.0331204e+08 | AJ11: =SUMIFS('6.Reportes de Pagos'!J:J,'6.Reportes de Pagos'!H:H,"<="&(EOMONTH(FECHA,0)),'6.Reportes de Pagos'!D:D,$O11) -> 0 | AK11: 6101975.1 | AL11: =+Y11-(AI11-AJ11)-AK11 -> -5.6810677e-08 | AM11: =IFERROR(((AI11-AJ11+AK11)/Y11),0) -> 1 | AN11: Liquidado
A12: =+A11+1 -> 5 | B12: CO1.PCCNTR. 4917031 DE 2023 | C12: 222190 | D12: NACION | E12: 2023 | F12: 5 | G12: 45152 | H12: =+[5]Contrato!$E$36+[5]Contrato!$E$37+[5]Contrato!$E$38 -> 4901818340 | J12: EJECUCIÓN DE OBRAS DE MEJORAMIENTO Y/U OBRAS REQUERIDAS PARA LA INFRAESTRUCTURA EDUCATIVA E INSTALACIÓN DE AULAS Y/O BATERÍAS SANITARIAS EN SISTEMAS PREFABRICADOS Y SU PUESTA EN CONDICIONES DE FUNCIONALIDAD - GRUPO 3 | K12: PUEBLO VIEJO EL RETEN CIENAGA | L12: MAGDALENA | M12: 3 | O12: PAF-MENAM-O-051-2023 | P12: 45219 | Q12: OBRA | R12: CONTRATADO | S12: CONSORCIO INSTITUCIONES DEL MAGDALENA | T12: 901763421 | U12: 4744960153 | V12: 0 | X12: -10000000 | Y12: =+U12+W12 -> 4744960153 | Z12: =SUMIFS('6.Reportes de Pagos'!I:I,'6.Reportes de Pagos'!H:H,"<="&(EOMONTH(FECHA,-1)),'6.Reportes de Pagos'!D:D,$O12) -> 4744960153 | AA12: =SUMIFS('6.Reportes de Pagos'!J:J,'6.Reportes de Pagos'!H:H,"<="&(EOMONTH(FECHA,-1)),'6.Reportes de Pagos'!D:D,$O12) -> 0 | AB12: 0 | AC12: =SUMIFS('6.Reportes de Pagos'!I:I,'6.Reportes de Pagos'!H:H,">"&(EOMONTH(FECHA,-1)),'6.Reportes de Pagos'!H:H,"<="&(EOMONTH(FECHA,0)),'6.Reportes de Pagos'!D:D,$O12) -> 0 | AD12: =SUMIFS('6.Reportes de Pagos'!J:J,'6.Reportes de Pagos'!H:H,">"&(EOMONTH(FECHA,-1)),'6.Reportes de Pagos'!H:H,"<="&(EOMONTH(FECHA,0)),'6.Reportes de Pagos'!D:D,$O12) -> 0 | AE12: 0 | AI12: =SUMIFS('6.Reportes de Pagos'!I:I,'6.Reportes de Pagos'!H:H,"<="&(EOMONTH(FECHA,0)),'6.Reportes de Pagos'!D:D,$O12) -> 4744960153 | AJ12: =SUMIFS('6.Reportes de Pagos'!J:J,'6.Reportes de Pagos'!H:H,"<="&(EOMONTH(FECHA,0)),'6.Reportes de Pagos'!D:D,$O12) -> 0 | AK12: =+AB12+AE12 -> 0 | AL12: =+Y12-(AI12-AJ12)-AK12 -> 0 | AM12: =IFERROR(((AI12-AJ12+AK12)/Y12),0) -> 1 | AN12: Liquidado | AO12: =+AI12-AJ12 -> 4744960153 | AP12: =+AO12/Y12 -> 1
A13: =+A12+1 -> 6 | B13: CO1.PCCNTR. 4917031 DE 2023 | C13: 222190 | D13: NACION | E13: 2023 | F13: 8 30 | G13: 15/08/2023 26/02/2024 | H13: =+[5]Contrato!$E$44+[5]Contrato!$E$45+[5]Contrato!$E$92 -> 377580370 | J13: INTERVENTORÍA A LA EJECUCIÓN DE OBRAS DE MEJORAMIENTO Y/U OBRAS REQUERIDAS PARA LA INFRAESTRUCTURA EDUCATIVA Y SUMINISTRO E INSTALACIÓN DE AULAS Y/O BATERÍAS SANITARIAS EN SISTEMAS PREFABRICADOS Y SU PUESTA EN CONDICIONES DE FUNCIONALIDAD Y CIERRE CONTRACTUAL -GRUPO 3 | K13: PUEBLO VIEJO EL RETEN CIENAGA | L13: MAGDALENA | M13: 3 | O13: PAF-MENAM-I-054-2023 | P13: 45212 | Q13: INTERVENTORIA DE OBRA | R13: CONTRATADO | S13: CONSORCIO INTER EDUCATIVO G3 | T13: 901760153 | U13: 351774412 | V13: 0 | W13: 10000000 | X13: 10000000 | Y13: =+U13+W13+X13 -> 371774412 | Z13: =SUMIFS('6.Reportes de Pagos'!I:I,'6.Reportes de Pagos'!H:H,"<="&(EOMONTH(FECHA,-1)),'6.Reportes de Pagos'!D:D,$O13) -> 371774412 | AA13: =SUMIFS('6.Reportes de Pagos'!J:J,'6.Reportes de Pagos'!H:H,"<="&(EOMONTH(FECHA,-1)),'6.Reportes de Pagos'!D:D,$O13) -> 0 | AB13: 0 | AC13: =SUMIFS('6.Reportes de Pagos'!I:I,'6.Reportes de Pagos'!H:H,">"&(EOMONTH(FECHA,-1)),'6.Reportes de Pagos'!H:H,"<="&(EOMONTH(FECHA,0)),'6.Reportes de Pagos'!D:D,$O13) -> 0 | AD13: =SUMIFS('6.Reportes de Pagos'!J:J,'6.Reportes de Pagos'!H:H,">"&(EOMONTH(FECHA,-1)),'6.Reportes de Pagos'!H:H,"<="&(EOMONTH(FECHA,0)),'6.Reportes de Pagos'!D:D,$O13) -> 0 | AE13: 0 | AI13: =SUMIFS('6.Reportes de Pagos'!I:I,'6.Reportes de Pagos'!H:H,"<="&(EOMONTH(FECHA,0)),'6.Reportes de Pagos'!D:D,$O13) -> 371774412 | AJ13: =SUMIFS('6.Reportes de Pagos'!J:J,'6.Reportes de Pagos'!H:H,"<="&(EOMONTH(FECHA,0)),'6.Reportes de Pagos'!D:D,$O13) -> 0 | AK13: =+AB13+AE13 -> 0 | AL13: =+Y13-(AI13-AJ13)-AK13 -> 0 | AM13: =IFERROR(((AI13-AJ13+AK13)/Y13),0) -> 1 | AN13: Liquidado
A14: =+A13+1 -> 7 | B14: CO1.PCCNTR. 4917031 DE 2023 | C14: 222190 | D14: NACION | E14: 2023 | F14: 6 | G14: 45153 | H14: =+[5]Contrato!$E$39+[5]Contrato!$E$40+[5]Contrato!$E$41 -> 3680207028 | J14: EJECUCIÓN DE OBRAS DE MEJORAMIENTO Y/U OBRAS REQUERIDAS PARA LA INFRAESTRUCTURA EDUCATIVA E INSTALACIÓN DE AULAS Y/O BATERÍAS SANITARIAS EN SISTEMAS PREFABRICADOS Y SU PUESTA EN CONDICIONES DE FUNCIONALIDAD - GRUPO 4 | K14: MOMPOS CORDOBA SAN SEBASTIAN DE BUENAVISTA | L14: BOLIVAR MAGDALENA | M14: 4 | O14: PAF-MENAM-O-052-2023 | P14: 45203 | Q14: OBRA | R14: CONTRATADO | S14: JASA LTDA | T14: 800177012 | U14: 3566467466 | V14: 0 | X14: -10000000 | Y14: =+U14+W14 -> 3566467466 | Z14: =SUMIFS('6.Reportes de Pagos'!I:I,'6.Reportes de Pagos'!H:H,"<="&(EOMONTH(FECHA,-1)),'6.Reportes de Pagos'!D:D,$O14) -> 3.3616527e+09 | AA14: =SUMIFS('6.Reportes de Pagos'!J:J,'6.Reportes de Pagos'!H:H,"<="&(EOMONTH(FECHA,-1)),'6.Reportes de Pagos'!D:D,$O14) -> 5.9604645e-08 | AB14: 2.0481479e+08 | AC14: =SUMIFS('6.Reportes de Pagos'!I:I,'6.Reportes de Pagos'!H:H,">"&(EOMONTH(FECHA,-1)),'6.Reportes de Pagos'!H:H,"<="&(EOMONTH(FECHA,0)),'6.Reportes de Pagos'!D:D,$O14) -> 0 | AD14: =SUMIFS('6.Reportes de Pagos'!J:J,'6.Reportes de Pagos'!H:H,">"&(EOMONTH(FECHA,-1)),'6.Reportes de Pagos'!H:H,"<="&(EOMONTH(FECHA,0)),'6.Reportes de Pagos'!D:D,$O14) -> 0 | AE14: 0 | AI14: =SUMIFS('6.Reportes de Pagos'!I:I,'6.Reportes de Pagos'!H:H,"<="&(EOMONTH(FECHA,0)),'6.Reportes de Pagos'!D:D,$O14) -> 3.3616527e+09 | AJ14: =SUMIFS('6.Reportes de Pagos'!J:J,'6.Reportes de Pagos'!H:H,"<="&(EOMONTH(FECHA,0)),'6.Reportes de Pagos'!D:D,$O14) -> 5.9604645e-08 | AK14: =+AB14+AE14 -> 2.0481479e+08 | AL14: =+Y14-(AI14-AJ14)-AK14 -> 0 | AM14: =IFERROR(((AI14-AJ14+AK14)/Y14),0) -> 1 | AN14: Liquidado | AO14: =+AI14-AJ14 -> 3.3616527e+09 | AP14: =+AO14/Y14 -> 0.94257208
A15: =+A14+1 -> 8 | B15: CO1.PCCNTR. 4917031 DE 2023 | C15: 222190 | D15: NACION | E15: 2023 | F15: 9 27 | G15: 15/08/2023 06/02/2024 | H15: =+[5]Contrato!$E$46+[5]Contrato!$E$47+[5]Contrato!$E$89 -> 286015360 | J15: INTERVENTORÍA A LA EJECUCIÓN DE OBRAS DE MEJORAMIENTO Y/U OBRAS REQUERIDAS PARA LA INFRAESTRUCTURA EDUCATIVA Y SUMINISTRO E INSTALACIÓN DE AULAS Y/O BATERÍAS SANITARIAS EN SISTEMAS PREFABRICADOS Y SU PUESTA EN CONDICIONES DE FUNCIONALIDAD Y CIERRE CONTRACTUAL -GRUPO 4 | K15: MOMPOS CORDOBA SAN SEBASTIAN DE BUENAVISTA | L15: BOLIVAR MAGDALENA | M15: 4 | O15: PAF-MENAM-I-055-2023 | P15: 45212 | Q15: INTERVENTORIA DE OBRA | R15: CONTRATADO | S15: CONSORCIO INTER EDUCATIVO G 4 | T15: 901758661 | U15: 264974745 | V15: 0 | W15: 10000000 | X15: 10000000 | Y15: =+U15+W15+X15 -> 284974745 | Z15: =SUMIFS('6.Reportes de Pagos'!I:I,'6.Reportes de Pagos'!H:H,"<="&(EOMONTH(FECHA,-1)),'6.Reportes de Pagos'!D:D,$O15) -> 2.7943993e+08 | AA15: =SUMIFS('6.Reportes de Pagos'!J:J,'6.Reportes de Pagos'!H:H,"<="&(EOMONTH(FECHA,-1)),'6.Reportes de Pagos'!D:D,$O15) -> 26449686 | AB15: 0 | AC15: =SUMIFS('6.Reportes de Pagos'!I:I,'6.Reportes de Pagos'!H:H,">"&(EOMONTH(FECHA,-1)),'6.Reportes de Pagos'!H:H,"<="&(EOMONTH(FECHA,0)),'6.Reportes de Pagos'!D:D,$O15) -> 0 | AD15: =SUMIFS('6.Reportes de Pagos'!J:J,'6.Reportes de Pagos'!H:H,">"&(EOMONTH(FECHA,-1)),'6.Reportes de Pagos'!H:H,"<="&(EOMONTH(FECHA,0)),'6.Reportes de Pagos'!D:D,$O15) -> 0 | AE15: 5534815.6 | AI15: =SUMIFS('6.Reportes de Pagos'!I:I,'6.Reportes de Pagos'!H:H,"<="&(EOMONTH(FECHA,0)),'6.Reportes de Pagos'!D:D,$O15) -> 2.7943993e+08 | AJ15: =SUMIFS('6.Reportes de Pagos'!J:J,'6.Reportes de Pagos'!H:H,"<="&(EOMONTH(FECHA,0)),'6.Reportes de Pagos'!D:D,$O15) -> 26449686 | AK15: =+AB15+AE15 -> 5534815.6 | AL15: =+Y15-(AI15-AJ15)-AK15 -> 26449686 | AM15: =IFERROR(((AI15-AJ15+AK15)/Y15),0) -> 0.90718586 | AN15: Liquidado
A16: =+A15+1 -> 9 | B16: CO1.PCCNTR. 4917031 DE 2023 | C16: 222190 | D16: NACION | E16: 2023 | F16: 10 41A 47 | G16: 15/08/2023 25/06/2024 20/09/2024 | H16: =+[5]Contrato!$E$48+[5]Contrato!$E$49+[5]Contrato!$E$50+[5]Contrato!$E$104+[5]Contrato!$E$110 -> 5054227735 | J16: EJECUCIÓN DE OBRAS DE MEJORAMIENTO Y/U OBRAS REQUERIDAS PARA LA INFRAESTRUCTURA EDUCATIVA E INSTALACIÓN DE AULAS Y/O BATERÍAS SANITARIAS EN SISTEMAS PREFABRICADOS Y SU PUESTA EN CONDICIONES DE FUNCIONALIDAD - GRUPO 5 | K16: BARRANCO DE LOBA CONCORDIA EL BANCO CURUMANI SAN MARTIN DE LOBA CHIMICHAGUA | L16: BOLIVAR MAGDALENA CESAR | M16: 5 | O16: PAF-MENAM-O-053-2023 | P16: 45217 | Q16: OBRA | R16: CONTRATADO | S16: CONSORCIO EDUCATIVO SJ 2023 G5 | T16: 901760521 | U16: 4102044984 | V16: 0 | W16: 778973616 | X16: -91100000 | Y16: =+U16+W16 -> 4881018600 | Z16: =SUMIFS('6.Reportes de Pagos'!I:I,'6.Reportes de Pagos'!H:H,"<="&(EOMONTH(FECHA,-1)),'6.Reportes de Pagos'!D:D,$O16) -> 4880051459 | AA16: =SUMIFS('6.Reportes de Pagos'!J:J,'6.Reportes de Pagos'!H:H,"<="&(EOMONTH(FECHA,-1)),'6.Reportes de Pagos'!D:D,$O16) -> 0 | AB16: 0 | AC16: =SUMIFS('6.Reportes de Pagos'!I:I,'6.Reportes de Pagos'!H:H,">"&(EOMONTH(FECHA,-1)),'6.Reportes de Pagos'!H:H,"<="&(EOMONTH(FECHA,0)),'6.Reportes de Pagos'!D:D,$O16) -> 0 | AD16: =SUMIFS('6.Reportes de Pagos'!J:J,'6.Reportes de Pagos'!H:H,">"&(EOMONTH(FECHA,-1)),'6.Reportes de Pagos'!H:H,"<="&(EOMONTH(FECHA,0)),'6.Reportes de Pagos'!D:D,$O16) -> 0 | AE16: 0 | AI16: =SUMIFS('6.Reportes de Pagos'!I:I,'6.Reportes de Pagos'!H:H,"<="&(EOMONTH(FECHA,0)),'6.Reportes de Pagos'!D:D,$O16) -> 4880051459 | AJ16: =SUMIFS('6.Reportes de Pagos'!J:J,'6.Reportes de Pagos'!H:H,"<="&(EOMONTH(FECHA,0)),'6.Reportes de Pagos'!D:D,$O16) -> 0 | AK16: 967141 | AL16: =+Y16-(AI16-AJ16)-AK16 -> 0 | AM16: =IFERROR(((AI16-AJ16+AK16)/Y16),0) -> 1 | AN16: Liquidado | AO16: =+AI16-AJ16 -> 4880051459 | AP16: =+AO16/Y16 -> 0.99980186
A17: =+A16+1 -> 10 | B17: CO1.PCCNTR. 4917031 DE 2023 | C17: 222190 | D17: NACION | E17: 2023 | F17: 11 42 45 | G17: 15/08/2023 25/06/2024 16/08/2024 | H17: =+[5]Contrato!$E$51+[5]Contrato!$E$52+[5]Contrato!$E$105+[5]Contrato!$E$108 -> 4.0176814e+08 | J17: INTERVENTORÍA A LA EJECUCIÓN DE OBRAS DE MEJORAMIENTO Y/U OBRAS REQUERIDAS PARA LA INFRAESTRUCTURA EDUCATIVA Y SUMINISTRO E INSTALACIÓN DE AULAS Y/O BATERÍAS SANITARIAS EN SISTEMAS PREFABRICADOS Y SU PUESTA EN CONDICIONES DE FUNCIONALIDAD Y CIERRE CONTRACTUAL -GRUPO 5 | K17: BARRANCO DE LOBA CONCORDIA EL BANCO CURUMANI SAN MARTIN DE LOBA CHIMICHAGUA | L17: BOLIVAR MAGDALENA CESAR | M17: 5 | O17: PAF-MENAM-I-056-2023 | P17: 45231 | Q17: INTERVENTORIA DE OBRA | R17: CONTRATADO | S17: CONSORCIO INFRAESTRUCTURA G5 | T17: 901765663 | U17: 300856990 | V17: 0 | W17: 81124091 | X17: 91100000 | Y17: =+U17+W17+X17 -> 473081081 | Z17: =SUMIFS('6.Reportes de Pagos'!I:I,'6.Reportes de Pagos'!H:H,"<="&(EOMONTH(FECHA,-1)),'6.Reportes de Pagos'!D:D,$O17) -> 473081081 | AA17: =SUMIFS('6.Reportes de Pagos'!J:J,'6.Reportes de Pagos'!H:H,"<="&(EOMONTH(FECHA,-1)),'6.Reportes de Pagos'!D:D,$O17) -> 0 | AB17: 0 | AC17: =SUMIFS('6.Reportes de Pagos'!I:I,'6.Reportes de Pagos'!H:H,">"&(EOMONTH(FECHA,-1)),'6.Reportes de Pagos'!H:H,"<="&(EOMONTH(FECHA,0)),'6.Reportes de Pagos'!D:D,$O17) -> 0 | AD17: =SUMIFS('6.Reportes de Pagos'!J:J,'6.Reportes de Pagos'!H:H,">"&(EOMONTH(FECHA,-1)),'6.Reportes de Pagos'!H:H,"<="&(EOMONTH(FECHA,0)),'6.Reportes de Pagos'!D:D,$O17) -> 0 | AE17: 0 | AI17: =SUMIFS('6.Reportes de Pagos'!I:I,'6.Reportes de Pagos'!H:H,"<="&(EOMONTH(FECHA,0)),'6.Reportes de Pagos'!D:D,$O17) -> 473081081 | AJ17: =SUMIFS('6.Reportes de Pagos'!J:J,'6.Reportes de Pagos'!H:H,"<="&(EOMONTH(FECHA,0)),'6.Reportes de Pagos'!D:D,$O17) -> 0 | AK17: =+AB17+AE17 -> 0 | AL17: =+Y17-(AI17-AJ17)-AK17 -> 0 | AM17: =IFERROR(((AI17-AJ17+AK17)/Y17),0) -> 1 | AN17: Liquidado
A18: =+A17+1 -> 11 | B18: CO1.PCCNTR. 4917031 DE 2023 | C18: 222190 | D18: NACION | E18: 2023 | F18: 18 31 | G18: 23/08/2023 26/02/2024 | H18: =+[5]Contrato!$E$68+[5]Contrato!$E$69+[5]Contrato!$E$70+[5]Contrato!$E$93 -> 2.5938682e+09 | J18: EJECUCIÓN DE OBRAS DE MEJORAMIENTO Y/U OBRAS REQUERIDAS PARA LA INFRAESTRUCTURA EDUCATIVA E INSTALACIÓN DE AULAS Y/O BATERÍAS SANITARIAS EN SISTEMAS PREFABRICADOS Y SU PUESTA EN CONDICIONES DE FUNCIONALIDAD - GRUPO 6 | K18: VALLEDUPAR LA PAZ VALLEDUPAR EL PASO | L18: CESAR | M18: 6 | O18: PAF-MENAM-O-056-2023 | P18: 45212 | Q18: OBRA | R18: CONTRATADO | S18: DAR ARQUITECTURA S.A.S | T18: 900549325 | U18: 2102352000 | V18: 0 | W18: 3.9449757e+08 | X18: -8019957.8 | Y18: =+U18+W18 -> 2.4968496e+09 | Z18: =SUMIFS('6.Reportes de Pagos'!I:I,'6.Reportes de Pagos'!H:H,"<="&(EOMONTH(FECHA,-1)),'6.Reportes de Pagos'!D:D,$O18) -> 2.4968496e+09 | AA18: =SUMIFS('6.Reportes de Pagos'!J:J,'6.Reportes de Pagos'!H:H,"<="&(EOMONTH(FECHA,-1)),'6.Reportes de Pagos'!D:D,$O18) -> -2.9802322e-08 | AB18: 0 | AC18: =SUMIFS('6.Reportes de Pagos'!I:I,'6.Reportes de Pagos'!H:H,">"&(EOMONTH(FECHA,-1)),'6.Reportes de Pagos'!H:H,"<="&(EOMONTH(FECHA,0)),'6.Reportes de Pagos'!D:D,$O18) -> 0 | AD18: =SUMIFS('6.Reportes de Pagos'!J:J,'6.Reportes de Pagos'!H:H,">"&(EOMONTH(FECHA,-1)),'6.Reportes de Pagos'!H:H,"<="&(EOMONTH(FECHA,0)),'6.Reportes de Pagos'!D:D,$O18) -> 0 | AE18: 0 | AI18: =SUMIFS('6.Reportes de Pagos'!I:I,'6.Reportes de Pagos'!H:H,"<="&(EOMONTH(FECHA,0)),'6.Reportes de Pagos'!D:D,$O18) -> 2.4968496e+09 | AJ18: =SUMIFS('6.Reportes de Pagos'!J:J,'6.Reportes de Pagos'!H:H,"<="&(EOMONTH(FECHA,0)),'6.Reportes de Pagos'!D:D,$O18) -> -2.9802322e-08 | AK18: =+AB18+AE18 -> 0 | AL18: =+Y18-(AI18-AJ18)-AK18 -> -0.010000229 | AM18: =IFERROR(((AI18-AJ18+AK18)/Y18),0) -> 1 | AN18: Liquidado | AO18: =+AI18-AJ18 -> 2.4968496e+09 | AP18: =+AO18/Y18 -> 1
A19: =+A18+1 -> 12 | B19: CO1.PCCNTR. 4917031 DE 2023 | C19: 222190 | D19: NACION | E19: 2023 | F19: 19 32 | G19: 23/08/2023 26/02/2024 | H19: =+[5]Contrato!$E$71+[5]Contrato!$E$72+[5]Contrato!$E$94 -> 2.0168377e+08 | J19: INTERVENTORÍA A LA EJECUCIÓN DE OBRAS DE MEJORAMIENTO Y/U OBRAS REQUERIDAS PARA LA INFRAESTRUCTURA EDUCATIVA Y SUMINISTRO E INSTALACIÓN DE AULAS Y/O BATERÍAS SANITARIAS EN SISTEMAS PREFABRICADOS Y SU PUESTA EN CONDICIONES DE FUNCIONALIDAD Y CIERRE CONTRACTUAL -GRUPO 6 | K19: VALLEDUPAR LA PAZ VALLEDUPAR EL PASO | L19: CESAR | M19: 6 | O19: PAF-MENAM-I-058-2023 | P19: 45218 | Q19: INTERVENTORIA DE OBRA | R19: CONTRATADO | S19: CONSORCIO INTERVENTORIAS AM | T19: 901761848 | U19: 155543411 | V19: 0 | W19: 36738473 | X19: 8019957.8 | Y19: =+U19+W19+X19 -> 200301842 | Z19: =SUMIFS('6.Reportes de Pagos'!I:I,'6.Reportes de Pagos'!H:H,"<="&(EOMONTH(FECHA,-1)),'6.Reportes de Pagos'!D:D,$O19) -> 2.0030184e+08 | AA19: =SUMIFS('6.Reportes de Pagos'!J:J,'6.Reportes de Pagos'!H:H,"<="&(EOMONTH(FECHA,-1)),'6.Reportes de Pagos'!D:D,$O19) -> -3.7252903e-09 | AB19: 0 | AC19: =SUMIFS('6.Reportes de Pagos'!I:I,'6.Reportes de Pagos'!H:H,">"&(EOMONTH(FECHA,-1)),'6.Reportes de Pagos'!H:H,"<="&(EOMONTH(FECHA,0)),'6.Reportes de Pagos'!D:D,$O19) -> 0 | AD19: =SUMIFS('6.Reportes de Pagos'!J:J,'6.Reportes de Pagos'!H:H,">"&(EOMONTH(FECHA,-1)),'6.Reportes de Pagos'!H:H,"<="&(EOMONTH(FECHA,0)),'6.Reportes de Pagos'!D:D,$O19) -> 0 | AE19: 0 | AI19: =SUMIFS('6.Reportes de Pagos'!I:I,'6.Reportes de Pagos'!H:H,"<="&(EOMONTH(FECHA,0)),'6.Reportes de Pagos'!D:D,$O19) -> 2.0030184e+08 | AJ19: =SUMIFS('6.Reportes de Pagos'!J:J,'6.Reportes de Pagos'!H:H,"<="&(EOMONTH(FECHA,0)),'6.Reportes de Pagos'!D:D,$O19) -> -3.7252903e-09 | AK19: =+AB19+AE19 -> 0 | AL19: =+Y19-(AI19-AJ19)-AK19 -> 0.0099999905 | AM19: =IFERROR(((AI19-AJ19+AK19)/Y19),0) -> 1 | AN19: Liquidado
A20: =+A19+1 -> 13 | B20: CO1.PCCNTR. 4917031 DE 2023 | C20: 222190 | D20: NACION | E20: 2023 | F20: 20 | G20: 45161 | H20: =+[5]Contrato!$E$73+[5]Contrato!$E$74+[5]Contrato!$E$75 -> 4160710001 | J20: EJECUCIÓN DE OBRAS DE MEJORAMIENTO Y/U OBRAS REQUERIDAS PARA LA INFRAESTRUCTURA EDUCATIVA E INSTALACIÓN DE AULAS Y/O BATERÍAS SANITARIAS EN SISTEMAS PREFABRICADOS Y SU PUESTA EN CONDICIONES DE FUNCIONALIDAD - GRUPO 7 | K20: MANAURE RIOHACHA MAICAO BARRANCAS | L20: GUAJIRA | M20: 7 | O20: PAF-ATMEN5-O-036-2024 | P20: 45397 | Q20: OBRA | R20: CONTRATADO | S20: CONSORCIO GUAJIRA 7 | T20: 901.813.886-6 | U20: 4158777879 | V20: 0 | Y20: =+U20+W20 -> 4158777879 | Z20: =SUMIFS('6.Reportes de Pagos'!I:I,'6.Reportes de Pagos'!H:H,"<="&(EOMONTH(FECHA,-1)),'6.Reportes de Pagos'!D:D,$O20) -> 4158777879 | AA20: =SUMIFS('6.Reportes de Pagos'!J:J,'6.Reportes de Pagos'!H:H,"<="&(EOMONTH(FECHA,-1)),'6.Reportes de Pagos'!D:D,$O20) -> 0 | AB20: 0 | AC20: =SUMIFS('6.Reportes de Pagos'!I:I,'6.Reportes de Pagos'!H:H,">"&(EOMONTH(FECHA,-1)),'6.Reportes de Pagos'!H:H,"<="&(EOMONTH(FECHA,0)),'6.Reportes de Pagos'!D:D,$O20) -> 0 | AD20: =SUMIFS('6.Reportes de Pagos'!J:J,'6.Reportes de Pagos'!H:H,">"&(EOMONTH(FECHA,-1)),'6.Reportes de Pagos'!H:H,"<="&(EOMONTH(FECHA,0)),'6.Reportes de Pagos'!D:D,$O20) -> 0 | AE20: 0 | AI20: =SUMIFS('6.Reportes de Pagos'!I:I,'6.Reportes de Pagos'!H:H,"<="&(EOMONTH(FECHA,0)),'6.Reportes de Pagos'!D:D,$O20) -> 4158777879 | AJ20: =SUMIFS('6.Reportes de Pagos'!J:J,'6.Reportes de Pagos'!H:H,"<="&(EOMONTH(FECHA,0)),'6.Reportes de Pagos'!D:D,$O20) -> 0 | AK20: =+AB20+AE20 -> 0 | AL20: =+Y20-(AI20-AJ20)-AK20 -> 0 | AM20: =IFERROR(((AI20-AJ20+AK20)/Y20),0) -> 1 | AN20: Liquidado | AO20: =+AI20-AJ20 -> 4158777879 | AP20: =+AO20/Y20 -> 1
A21: =+A20+1 -> 14 | B21: CO1.PCCNTR. 4917031 DE 2023 | C21: 222190 | D21: NACION | E21: 2023 | F21: 21 | G21: 45166 | H21: =+[5]Contrato!$E$76+[5]Contrato!$E$77 -> 312537080 | J21: INTERVENTORÍA A LA EJECUCIÓN DE OBRAS DE MEJORAMIENTO Y/U OBRAS REQUERIDAS PARA LA INFRAESTRUCTURA EDUCATIVA Y SUMINISTRO E INSTALACIÓN DE AULAS Y/O BATERÍAS SANITARIAS EN SISTEMAS PREFABRICADOS Y SU PUESTA EN CONDICIONES DE FUNCIONALIDAD Y CIERRE CONTRACTUAL -GRUPO 7 | K21: MANAURE RIOHACHA MAICAO BARRANCAS | L21: GUAJIRA | M21: 7 | O21: PAF-MENAM-I-059-2023 | P21: 45415 | Q21: INTERVENTORIA DE OBRA | R21: CONTRATADO | S21: GERMAN ADOLFO PERDOMO PACHÓN | T21: 80418195 | U21: 295239000 | V21: 0 | Y21: =+U21+W21 -> 295239000 | Z21: =SUMIFS('6.Reportes de Pagos'!I:I,'6.Reportes de Pagos'!H:H,"<="&(EOMONTH(FECHA,-1)),'6.Reportes de Pagos'!D:D,$O21) -> 277865000 | AA21: =SUMIFS('6.Reportes de Pagos'!J:J,'6.Reportes de Pagos'!H:H,"<="&(EOMONTH(FECHA,-1)),'6.Reportes de Pagos'!D:D,$O21) -> 27786500 | AB21: 0 | AC21: =SUMIFS('6.Reportes de Pagos'!I:I,'6.Reportes de Pagos'!H:H,">"&(EOMONTH(FECHA,-1)),'6.Reportes de Pagos'!H:H,"<="&(EOMONTH(FECHA,0)),'6.Reportes de Pagos'!D:D,$O21) -> 0 | AD21: =SUMIFS('6.Reportes de Pagos'!J:J,'6.Reportes de Pagos'!H:H,">"&(EOMONTH(FECHA,-1)),'6.Reportes de Pagos'!H:H,"<="&(EOMONTH(FECHA,0)),'6.Reportes de Pagos'!D:D,$O21) -> 0 | AE21: 0 | AF21: =+'6.Reportes de Pagos'!I496+'6.Reportes de Pagos'!I495 -> 45160500 | AG21: 0 | AH21: 0 | AI21: =+Z21+AF21 -> 3.230255e+08 | AJ21: =+AA21+AG21 -> 27786500 | AK21: =+AB21+AE21 -> 0 | AL21: =+Y21-(AI21-AJ21)-AK21 -> 0.0099999905 | AM21: =IFERROR(((AI21-AJ21+AK21)/Y21),0) -> 1 | AN21: En Liquidación
A22: =+A21+1 -> 15 | B22: CO1.PCCNTR. 4917031 DE 2023 | C22: 222190 | D22: NACION | E22: 2023 | F22: 22 28 33A | G22: 23/08/2023 22/02/2024 06/05/2024 | H22: =+[5]Contrato!$E$78+[5]Contrato!$E$79+[5]Contrato!$E$80+[5]Contrato!$E$90+[5]Contrato!$E$95 -> 6354635424 | J22: EJECUCIÓN DE OBRAS DE MEJORAMIENTO Y/U OBRAS REQUERIDAS PARA LA INFRAESTRUCTURA EDUCATIVA E INSTALACIÓN DE AULAS Y/O BATERÍAS SANITARIAS EN SISTEMAS PREFABRICADOS Y SU PUESTA EN CONDICIONES DE FUNCIONALIDAD - GRUPO 8 | K22: TUCHIN COTORRA PLANETA RICA PUERTO LIBERTADOR AYAPEL MONTELIBANO MARIA LA BAJA | L22: CORDOBA BOLIVAR | M22: 8 | O22: PAF-MENAM-O-055-2023 | P22: 45212 | Q22: OBRA | R22: CONTRATADO | S22: DAR ARQUITECTURA S.A.S | T22: 900549325 | U22: 4706470280 | V22: 0 | W22: 1455000000 | X22: -35000000 | Y22: =+U22+W22 -> 6161470280 | Z22: =SUMIFS('6.Reportes de Pagos'!I:I,'6.Reportes de Pagos'!H:H,"<="&(EOMONTH(FECHA,-1)),'6.Reportes de Pagos'!D:D,$O22) -> 6161470280 | AA22: =SUMIFS('6.Reportes de Pagos'!J:J,'6.Reportes de Pagos'!H:H,"<="&(EOMONTH(FECHA,-1)),'6.Reportes de Pagos'!D:D,$O22) -> 0 | AB22: 0 | AC22: =SUMIFS('6.Reportes de Pagos'!I:I,'6.Reportes de Pagos'!H:H,">"&(EOMONTH(FECHA,-1)),'6.Reportes de Pagos'!H:H,"<="&(EOMONTH(FECHA,0)),'6.Reportes de Pagos'!D:D,$O22) -> 0 | AD22: =SUMIFS('6.Reportes de Pagos'!J:J,'6.Reportes de Pagos'!H:H,">"&(EOMONTH(FECHA,-1)),'6.Reportes de Pagos'!H:H,"<="&(EOMONTH(FECHA,0)),'6.Reportes de Pagos'!D:D,$O22) -> 0 | AE22: 0 | AI22: =SUMIFS('6.Reportes de Pagos'!I:I,'6.Reportes de Pagos'!H:H,"<="&(EOMONTH(FECHA,0)),'6.Reportes de Pagos'!D:D,$O22) -> 6161470280 | AJ22: =SUMIFS('6.Reportes de Pagos'!J:J,'6.Reportes de Pagos'!H:H,"<="&(EOMONTH(FECHA,0)),'6.Reportes de Pagos'!D:D,$O22) -> 0 | AK22: =+AB22+AE22 -> 0 | AL22: =+Y22-(AI22-AJ22)-AK22 -> 0 | AM22: =IFERROR(((AI22-AJ22+AK22)/Y22),0) -> 1 | AN22: Liquidado | AO22: =+AI22-AJ22 -> 6161470280 | AP22: =+AO22/Y22 -> 1
A23: =+A22+1 -> 16 | B23: CO1.PCCNTR. 4917031 DE 2023 | C23: 222190 | D23: NACION | E23: 2023 | F23: 23 29 34 | G23: 28/08/2023 22/02/2024 06/05/2024 | H23: =+[5]Contrato!$E$81+[5]Contrato!$E$82+[5]Contrato!$E$91+[5]Contrato!$E$96 -> 423088357 | J23: INTERVENTORÍA A LA EJECUCIÓN DE OBRAS DE MEJORAMIENTO Y/U OBRAS REQUERIDAS PARA LA INFRAESTRUCTURA EDUCATIVA Y SUMINISTRO E INSTALACIÓN DE AULAS Y/O BATERÍAS SANITARIAS EN SISTEMAS PREFABRICADOS Y SU PUESTA EN CONDICIONES DE FUNCIONALIDAD Y CIERRE CONTRACTUAL -GRUPO 8 | K23: TUCHIN COTORRA PLANETA RICA PUERTO LIBERTADOR AYAPEL MONTELIBANO MARIA LA BAJA | L23: CORDOBA BOLIVAR | M23: 8 | O23: PAF-MENAM-I-057-2023 | P23: 45218 | Q23: INTERVENTORIA DE OBRA | R23: CONTRATADO | S23: LUIS GUILLERMO NARVÁEZ RICARDO | T23: 9050725 | U23: 297097668 | V23: 0 | W23: 109106877 | X23: 35000000 | Y23: =+U23+W23+X23 -> 441204545 | Z23: =SUMIFS('6.Reportes de Pagos'!I:I,'6.Reportes de Pagos'!H:H,"<="&(EOMONTH(FECHA,-1)),'6.Reportes de Pagos'!D:D,$O23) -> 441204545 | AA23: =SUMIFS('6.Reportes de Pagos'!J:J,'6.Reportes de Pagos'!H:H,"<="&(EOMONTH(FECHA,-1)),'6.Reportes de Pagos'!D:D,$O23) -> 0 | AB23: 0 | AC23: =SUMIFS('6.Reportes de Pagos'!I:I,'6.Reportes de Pagos'!H:H,">"&(EOMONTH(FECHA,-1)),'6.Reportes de Pagos'!H:H,"<="&(EOMONTH(FECHA,0)),'6.Reportes de Pagos'!D:D,$O23) -> 0 | AD23: =SUMIFS('6.Reportes de Pagos'!J:J,'6.Reportes de Pagos'!H:H,">"&(EOMONTH(FECHA,-1)),'6.Reportes de Pagos'!H:H,"<="&(EOMONTH(FECHA,0)),'6.Reportes de Pagos'!D:D,$O23) -> 0 | AE23: 0 | AI23: =SUMIFS('6.Reportes de Pagos'!I:I,'6.Reportes de Pagos'!H:H,"<="&(EOMONTH(FECHA,0)),'6.Reportes de Pagos'!D:D,$O23) -> 441204545 | AJ23: =SUMIFS('6.Reportes de Pagos'!J:J,'6.Reportes de Pagos'!H:H,"<="&(EOMONTH(FECHA,0)),'6.Reportes de Pagos'!D:D,$O23) -> 0 | AK23: =+AB23+AE23 -> 0 | AL23: =+Y23-(AI23-AJ23)-AK23 -> 0 | AM23: =IFERROR(((AI23-AJ23+AK23)/Y23),0) -> 1 | AN23: Liquidado
A24: =+A23+1 -> 17 | B24: CO1.PCCNTR. 4917031 DE 2023 | C24: 222190 | D24: NACION | E24: 2023 | F24: 24 | G24: 45161 | H24: =+[5]Contrato!$E$83+[5]Contrato!$E$84+[5]Contrato!$E$85 -> 4810476306 | J24: EJECUCIÓN DE OBRAS DE MEJORAMIENTO Y/U OBRAS REQUERIDAS PARA LA INFRAESTRUCTURA EDUCATIVA E INSTALACIÓN DE AULAS Y/O BATERÍAS SANITARIAS EN SISTEMAS PREFABRICADOS Y SU PUESTA EN CONDICIONES DE FUNCIONALIDAD - GRUPO 9 | K24: VELEZ BETUNIA MORALES BOGOTA SARAVENA SANTA ISABEL VILLAVICENCIO ANOLAIMA SIMITI LA PLAYA ARAUCA | L24: SANTANDER BOLIVAR BOGOTA ARAUCA TOLIMA META CUNDINAMARCA NORTE DE SANTANDER | M24: 9 | O24: PAF-ATMEN5-O-037-2024 | P24: 45390 | Q24: OBRA | R24: CONTRATADO | S24: CONSORCIO INTERVENCIONES GRUPO 9 | T24: 901815944 | U24: 4810476306 | V24: =+H24-U24 -> 0 | X24: =-91213418.06-18662681.01 -> -1.098761e+08 | Y24: =+U24+W24 -> 4810476306 | Z24: =SUMIFS('6.Reportes de Pagos'!I:I,'6.Reportes de Pagos'!H:H,"<="&(EOMONTH(FECHA,-1)),'6.Reportes de Pagos'!D:D,$O24) -> 4.6378483e+09 | AA24: =SUMIFS('6.Reportes de Pagos'!J:J,'6.Reportes de Pagos'!H:H,"<="&(EOMONTH(FECHA,-1)),'6.Reportes de Pagos'!D:D,$O24) -> 4.6378483e+08 | AB24: 0 | AC24: =SUMIFS('6.Reportes de Pagos'!I:I,'6.Reportes de Pagos'!H:H,">"&(EOMONTH(FECHA,-1)),'6.Reportes de Pagos'!H:H,"<="&(EOMONTH(FECHA,0)),'6.Reportes de Pagos'!D:D,$O24) -> 1.7262805e+08 | AD24: =SUMIFS('6.Reportes de Pagos'!J:J,'6.Reportes de Pagos'!H:H,">"&(EOMONTH(FECHA,-1)),'6.Reportes de Pagos'!H:H,"<="&(EOMONTH(FECHA,0)),'6.Reportes de Pagos'!D:D,$O24) -> 17262805 | AE24: 0 | AI24: =SUMIFS('6.Reportes de Pagos'!I:I,'6.Reportes de Pagos'!H:H,"<="&(EOMONTH(FECHA,0)),'6.Reportes de Pagos'!D:D,$O24) -> 4.8104763e+09 | AJ24: =SUMIFS('6.Reportes de Pagos'!J:J,'6.Reportes de Pagos'!H:H,"<="&(EOMONTH(FECHA,0)),'6.Reportes de Pagos'!D:D,$O24) -> 4.8104763e+08 | AK24: =+AB24+AE24 -> 0 | AL24: =+Y24-(AI24-AJ24)-AK24 -> 4.8104763e+08 | AM24: =IFERROR(((AI24-AJ24+AK24)/Y24),0) -> 0.9 | AN24: Vigente | AO24: =+AI24-AJ24 -> 4.3294287e+09 | AP24: =+AO24/Y24 -> 0.9
A25: =+A24+1 -> 18 | B25: CO1.PCCNTR. 4917031 DE 2023 | C25: 222190 | D25: NACION | E25: 2023 | F25: 33 50 54 | G25: 22/04/2024 03/12/2024 08/08/2025 | H25: =+[5]Contrato!$E$86+[5]Contrato!$E$87+[5]Contrato!$E$113+[7]Contrato!$F$117 -> 4.2562609e+08 | J25: INTERVENTORÍA A LA EJECUCIÓN DE OBRAS DE MEJORAMIENTO Y/U OBRAS REQUERIDAS PARA LA INFRAESTRUCTURA EDUCATIVA Y SUMINISTRO E INSTALACIÓN DE AULAS Y/O BATERÍAS SANITARIAS EN SISTEMAS PREFABRICADOS Y SU PUESTA EN CONDICIONES DE FUNCIONALIDAD Y CIERRE CONTRACTUAL -GRUPO 9 | K25: VELEZ BETUNIA MORALES BOGOTA SARAVENA SANTA ISABEL VILLAVICENCIO ANOLAIMA SIMITI LA PLAYA ARAUCA | L25: SANTANDER BOLIVAR BOGOTA ARAUCA TOLIMA META CUNDINAMARCA NORTE DE SANTANDER | M25: 9 | O25: PAF-ATMEN5-I-064-2024 | P25: 45496 | Q25: INTERVENTORIA DE OBRA | R25: CONTRATADO | S25: CONSORCIO SAN GABRIEL | T25: 901849554 | U25: 313800000 | V25: 0 | W25: =74471975.24+37325362.03 -> 1.1179734e+08 | X25: =91213418.06+18662681.01 -> 1.098761e+08 | Y25: =+U25+W25+X25 -> 5.3547344e+08 | Z25: =SUMIFS('6.Reportes de Pagos'!I:I,'6.Reportes de Pagos'!H:H,"<="&(EOMONTH(FECHA,-1)),'6.Reportes de Pagos'!D:D,$O25) -> 4.9378474e+08 | AA25: =SUMIFS('6.Reportes de Pagos'!J:J,'6.Reportes de Pagos'!H:H,"<="&(EOMONTH(FECHA,-1)),'6.Reportes de Pagos'!D:D,$O25) -> 49378474 | AB25: 0 | AC25: =SUMIFS('6.Reportes de Pagos'!I:I,'6.Reportes de Pagos'!H:H,">"&(EOMONTH(FECHA,-1)),'6.Reportes de Pagos'!H:H,"<="&(EOMONTH(FECHA,0)),'6.Reportes de Pagos'!D:D,$O25) -> 17723535 | AD25: =SUMIFS('6.Reportes de Pagos'!J:J,'6.Reportes de Pagos'!H:H,">"&(EOMONTH(FECHA,-1)),'6.Reportes de Pagos'!H:H,"<="&(EOMONTH(FECHA,0)),'6.Reportes de Pagos'!D:D,$O25) -> 1772353.5 | AE25: 0 | AI25: =SUMIFS('6.Reportes de Pagos'!I:I,'6.Reportes de Pagos'!H:H,"<="&(EOMONTH(FECHA,0)),'6.Reportes de Pagos'!D:D,$O25) -> 5.1150827e+08 | AJ25: =SUMIFS('6.Reportes de Pagos'!J:J,'6.Reportes de Pagos'!H:H,"<="&(EOMONTH(FECHA,0)),'6.Reportes de Pagos'!D:D,$O25) -> 51150828 | AK25: =+AB25+AE25 -> 0 | AL25: =+Y25-(AI25-AJ25)-AK25 -> 75115989 | AM25: =IFERROR(((AI25-AJ25+AK25)/Y25),0) -> 0.85972042 | AN25: Vigente
A26: =+A25+1 -> 19 | B26: CO1.PCCNTR. 4917031 DE 2023 | C26: 222190 | D26: NACION | E26: 2023 | F26: 16 38 49 | G26: 28/08/2023 23/05/2024 25/10/2024 | H26: =+[5]Contrato!$E$63+[5]Contrato!$E$64+[5]Contrato!$E$65+[5]Contrato!$E$100+[5]Contrato!$E$112 -> 6618532367 | J26: EJECUCIÓN DE OBRAS DE MEJORAMIENTO Y/U OBRAS REQUERIDAS PARA LA INFRAESTRUCTURA EDUCATIVA E INSTALACIÓN DE AULAS Y/O BATERÍAS SANITARIAS EN SISTEMAS PREFABRICADOS Y SU PUESTA EN CONDICIONES DE FUNCIONALIDAD - GRUPO 10 | K26: TORIBIO SANTANDER DE QUILICHAO GUADALAJARA DE BUGA BAHIA SOLANO SUAREZ | L26: CAUCA VALLE DEL CAUCA CHOCO | M26: 10 | O26: PAF-MENAM-O-080-2023 | P26: 45278 | Q26: OBRA | R26: CONTRATADO | S26: CONSORCIO FIN GRUPO 10 | T26: 901778790 | U26: 6014978800 | V26: 0 | W26: 602576550 | X26: -79155973 | Y26: =+U26+W26 -> 6617555350 | Z26: =SUMIFS('6.Reportes de Pagos'!I:I,'6.Reportes de Pagos'!H:H,"<="&(EOMONTH(FECHA,-1)),'6.Reportes de Pagos'!D:D,$O26) -> 6617555350 | AA26: =SUMIFS('6.Reportes de Pagos'!J:J,'6.Reportes de Pagos'!H:H,"<="&(EOMONTH(FECHA,-1)),'6.Reportes de Pagos'!D:D,$O26) -> 0 | AB26: 0 | AC26: =SUMIFS('6.Reportes de Pagos'!I:I,'6.Reportes de Pagos'!H:H,">"&(EOMONTH(FECHA,-1)),'6.Reportes de Pagos'!H:H,"<="&(EOMONTH(FECHA,0)),'6.Reportes de Pagos'!D:D,$O26) -> 0 | AD26: =SUMIFS('6.Reportes de Pagos'!J:J,'6.Reportes de Pagos'!H:H,">"&(EOMONTH(FECHA,-1)),'6.Reportes de Pagos'!H:H,"<="&(EOMONTH(FECHA,0)),'6.Reportes de Pagos'!D:D,$O26) -> 0 | AE26: 0 | AI26: =SUMIFS('6.Reportes de Pagos'!I:I,'6.Reportes de Pagos'!H:H,"<="&(EOMONTH(FECHA,0)),'6.Reportes de Pagos'!D:D,$O26) -> 6617555350 | AJ26: =SUMIFS('6.Reportes de Pagos'!J:J,'6.Reportes de Pagos'!H:H,"<="&(EOMONTH(FECHA,0)),'6.Reportes de Pagos'!D:D,$O26) -> 0 | AK26: =+AB26+AE26 -> 0 | AL26: =+Y26-(AI26-AJ26)-AK26 -> 0 | AM26: =IFERROR(((AI26-AJ26+AK26)/Y26),0) -> 1 | AN26: Liquidado | AO26: =+AI26-AJ26 -> 6617555350 | AP26: =+AO26/Y26 -> 1
A27: =+A26+1 -> 20 | B27: CO1.PCCNTR. 4917031 DE 2023 | C27: 222190 | D27: NACION | E27: 2023 | F27: 17 39 48 51 53 | G27: 29/08/2023 23/05/2024 25/10/2024 19/12/2024 21/03/2025 | H27: =+[5]Contrato!$E$66+[5]Contrato!$E$67+[5]Contrato!$E$101+[5]Contrato!$E$111+[5]Contrato!$E$114+[5]Contrato!$F$116 -> 4.7686949e+08 | J27: INTERVENTORÍA A LA EJECUCIÓN DE OBRAS DE MEJORAMIENTO Y/U OBRAS REQUERIDAS PARA LA INFRAESTRUCTURA EDUCATIVA Y SUMINISTRO E INSTALACIÓN DE AULAS Y/O BATERÍAS SANITARIAS EN SISTEMAS PREFABRICADOS Y SU PUESTA EN CONDICIONES DE FUNCIONALIDAD Y CIERRE CONTRACTUAL -GRUPO 10 | K27: TORIBIO SANTANDER DE QUILICHAO GUADALAJARA DE BUGA BAHIA SOLANO SUAREZ | L27: CAUCA VALLE DEL CAUCA CHOCO | M27: 10 | O27: PAF-MENAM-I-062-2023 | P27: 45282 | Q27: INTERVENTORIA DE OBRA | R27: CONTRATADO | S27: CARLOS GUSTAVO GOMEZ ROMERO | T27: 19244715 | U27: 327496568 | V27: 0 | W27: =118432030.76+12104858.5 -> 1.3053689e+08 | X27: 79155973 | Y27: =+U27+W27+X27 -> 5.3718943e+08 | Z27: =SUMIFS('6.Reportes de Pagos'!I:I,'6.Reportes de Pagos'!H:H,"<="&(EOMONTH(FECHA,-1)),'6.Reportes de Pagos'!D:D,$O27) -> 5.3718943e+08 | AA27: =SUMIFS('6.Reportes de Pagos'!J:J,'6.Reportes de Pagos'!H:H,"<="&(EOMONTH(FECHA,-1)),'6.Reportes de Pagos'!D:D,$O27) -> -7.4505806e-09 | AB27: 0 | AC27: =SUMIFS('6.Reportes de Pagos'!I:I,'6.Reportes de Pagos'!H:H,">"&(EOMONTH(FECHA,-1)),'6.Reportes de Pagos'!H:H,"<="&(EOMONTH(FECHA,0)),'6.Reportes de Pagos'!D:D,$O27) -> 0 | AD27: =SUMIFS('6.Reportes de Pagos'!J:J,'6.Reportes de Pagos'!H:H,">"&(EOMONTH(FECHA,-1)),'6.Reportes de Pagos'!H:H,"<="&(EOMONTH(FECHA,0)),'6.Reportes de Pagos'!D:D,$O27) -> 0 | AE27: 0 | AI27: =SUMIFS('6.Reportes de Pagos'!I:I,'6.Reportes de Pagos'!H:H,"<="&(EOMONTH(FECHA,0)),'6.Reportes de Pagos'!D:D,$O27) -> 5.3718943e+08 | AJ27: =SUMIFS('6.Reportes de Pagos'!J:J,'6.Reportes de Pagos'!H:H,"<="&(EOMONTH(FECHA,0)),'6.Reportes de Pagos'!D:D,$O27) -> -7.4505806e-09 | AK27: =+AB27+AE27 -> 0 | AL27: =+Y27-(AI27-AJ27)-AK27 -> 0 | AM27: =IFERROR(((AI27-AJ27+AK27)/Y27),0) -> 1 | AN27: Liquidado
A28: =+A27+1 -> 21 | B28: CO1.PCCNTR. 4917031 DE 2023 | C28: 222190 | D28: NACION | E28: 2023 | F28: 12 | G28: 45156 | H28: =+[5]Contrato!$E$53+[5]Contrato!$E$54+[5]Contrato!$E$55 -> 4728828715 | J28: EJECUCIÓN DE OBRAS DE MEJORAMIENTO Y/U OBRAS REQUERIDAS PARA LA INFRAESTRUCTURA EDUCATIVA E INSTALACIÓN DE AULAS Y/O BATERÍAS SANITARIAS EN SISTEMAS PREFABRICADOS Y SU PUESTA EN CONDICIONES DE FUNCIONALIDAD - GRUPO 11 | K28: BOLIVAR EL TAMBO LA VEGA BALBOA POPAYAN ROSAS | L28: CAUCA | M28: 11 | O28: PAF-MENAM-O-079-2023 | P28: 45275 | Q28: OBRA | R28: CONTRATADO | S28: CONSORCIO FIN GRUPO 11 | T28: 901780031 | U28: 4728021810 | V28: 0 | X28: -54867110 | Y28: =+U28+W28 -> 4728021810 | Z28: =SUMIFS('6.Reportes de Pagos'!I:I,'6.Reportes de Pagos'!H:H,"<="&(EOMONTH(FECHA,-1)),'6.Reportes de Pagos'!D:D,$O28) -> 4728021810 | AA28: =SUMIFS('6.Reportes de Pagos'!J:J,'6.Reportes de Pagos'!H:H,"<="&(EOMONTH(FECHA,-1)),'6.Reportes de Pagos'!D:D,$O28) -> 0 | AB28: 0 | AC28: =SUMIFS('6.Reportes de Pagos'!I:I,'6.Reportes de Pagos'!H:H,">"&(EOMONTH(FECHA,-1)),'6.Reportes de Pagos'!H:H,"<="&(EOMONTH(FECHA,0)),'6.Reportes de Pagos'!D:D,$O28) -> 0 | AD28: =SUMIFS('6.Reportes de Pagos'!J:J,'6.Reportes de Pagos'!H:H,">"&(EOMONTH(FECHA,-1)),'6.Reportes de Pagos'!H:H,"<="&(EOMONTH(FECHA,0)),'6.Reportes de Pagos'!D:D,$O28) -> 0 | AE28: 0 | AI28: =SUMIFS('6.Reportes de Pagos'!I:I,'6.Reportes de Pagos'!H:H,"<="&(EOMONTH(FECHA,0)),'6.Reportes de Pagos'!D:D,$O28) -> 4728021810 | AJ28: =SUMIFS('6.Reportes de Pagos'!J:J,'6.Reportes de Pagos'!H:H,"<="&(EOMONTH(FECHA,0)),'6.Reportes de Pagos'!D:D,$O28) -> 0 | AK28: =+AB28+AE28 -> 0 | AL28: =+Y28-(AI28-AJ28)-AK28 -> 0 | AM28: =IFERROR(((AI28-AJ28+AK28)/Y28),0) -> 1 | AN28: Liquidado | AO28: =+AI28-AJ28 -> 4728021810 | AP28: =+AO28/Y28 -> 1
A29: =+A28+1 -> 22 | B29: CO1.PCCNTR. 4917031 DE 2023 | C29: 222190 | D29: NACION | E29: 2023 | F29: 13 36 43 | G29: 18/08/2023 20/05/2024 22/07/2024 | H29: =+[5]Contrato!$E$56+[5]Contrato!$E$57+[5]Contrato!$E$98+[5]Contrato!$E$106 -> 375719613 | J29: INTERVENTORÍA A LA EJECUCIÓN DE OBRAS DE MEJORAMIENTO Y/U OBRAS REQUERIDAS PARA LA INFRAESTRUCTURA EDUCATIVA Y SUMINISTRO E INSTALACIÓN DE AULAS Y/O BATERÍAS SANITARIAS EN SISTEMAS PREFABRICADOS Y SU PUESTA EN CONDICIONES DE FUNCIONALIDAD Y CIERRE CONTRACTUAL -GRUPO 11 | K29: BOLIVAR EL TAMBO LA VEGA BALBOA POPAYAN ROSAS | L29: CAUCA | M29: 11 | O29: PAF-MENAM-I-063-2023 | P29: 45289 | Q29: INTERVENTORIA DE OBRA | R29: CONTRATADO | S29: CARLOS GUSTAVO GOMEZ ROMERO | T29: 19244715 | U29: 312927160 | V29: 0 | W29: 45105743 | X29: 54867110 | Y29: =+U29+W29+X29 -> 412900013 | Z29: =SUMIFS('6.Reportes de Pagos'!I:I,'6.Reportes de Pagos'!H:H,"<="&(EOMONTH(FECHA,-1)),'6.Reportes de Pagos'!D:D,$O29) -> 4.1290001e+08 | AA29: =SUMIFS('6.Reportes de Pagos'!J:J,'6.Reportes de Pagos'!H:H,"<="&(EOMONTH(FECHA,-1)),'6.Reportes de Pagos'!D:D,$O29) -> 0 | AB29: 0 | AC29: =SUMIFS('6.Reportes de Pagos'!I:I,'6.Reportes de Pagos'!H:H,">"&(EOMONTH(FECHA,-1)),'6.Reportes de Pagos'!H:H,"<="&(EOMONTH(FECHA,0)),'6.Reportes de Pagos'!D:D,$O29) -> 0 | AD29: =SUMIFS('6.Reportes de Pagos'!J:J,'6.Reportes de Pagos'!H:H,">"&(EOMONTH(FECHA,-1)),'6.Reportes de Pagos'!H:H,"<="&(EOMONTH(FECHA,0)),'6.Reportes de Pagos'!D:D,$O29) -> 0 | AE29: 0 | AI29: =SUMIFS('6.Reportes de Pagos'!I:I,'6.Reportes de Pagos'!H:H,"<="&(EOMONTH(FECHA,0)),'6.Reportes de Pagos'!D:D,$O29) -> 4.1290001e+08 | AJ29: =SUMIFS('6.Reportes de Pagos'!J:J,'6.Reportes de Pagos'!H:H,"<="&(EOMONTH(FECHA,0)),'6.Reportes de Pagos'!D:D,$O29) -> 0 | AK29: =+AB29+AE29 -> 0 | AL29: =+Y29-(AI29-AJ29)-AK29 -> 5.9604645e-08 | AM29: =IFERROR(((AI29-AJ29+AK29)/Y29),0) -> 1 | AN29: Liquidado
A30: =+A29+1 -> 23 | B30: CO1.PCCNTR. 4917031 DE 2023 | C30: 222190 | D30: NACION | E30: 2023 | F30: 14 | G30: 45156 | H30: =+[5]Contrato!$E$58+[5]Contrato!$E$59+[5]Contrato!$E$60 -> 4919542270 | J30: EJECUCIÓN DE OBRAS DE MEJORAMIENTO Y/U OBRAS REQUERIDAS PARA LA INFRAESTRUCTURA EDUCATIVA E INSTALACIÓN DE AULAS Y/O BATERÍAS SANITARIAS EN SISTEMAS PREFABRICADOS Y SU PUESTA EN CONDICIONES DE FUNCIONALIDAD - GRUPO 12 | K30: PASTO EL ROSARIO ACEVEDO PIAMONTE CUMBAL PUERTO ASIS BARBACOAS PUERTO LEGUIZAMON ORITO IPIALES MALLAMA | L30: NARIÑO HUILA CAUCA PUTUMAYO | M30: 12 | O30: PAF-MENAM-O-076-2023 | P30: 45275 | Q30: OBRA | R30: CONTRATADO | S30: CONSORCIO FIN GRUPO 12 | T30: 901779143 | U30: 4918276400 | V30: 0 | X30: -68337926 | Y30: =+U30+W30 -> 4918276400 | Z30: =SUMIFS('6.Reportes de Pagos'!I:I,'6.Reportes de Pagos'!H:H,"<="&(EOMONTH(FECHA,-1)),'6.Reportes de Pagos'!D:D,$O30) -> 4.9067177e+09 | AA30: =SUMIFS('6.Reportes de Pagos'!J:J,'6.Reportes de Pagos'!H:H,"<="&(EOMONTH(FECHA,-1)),'6.Reportes de Pagos'!D:D,$O30) -> -5.9604645e-08 | AB30: 11558716 | AC30: =SUMIFS('6.Reportes de Pagos'!I:I,'6.Reportes de Pagos'!H:H,">"&(EOMONTH(FECHA,-1)),'6.Reportes de Pagos'!H:H,"<="&(EOMONTH(FECHA,0)),'6.Reportes de Pagos'!D:D,$O30) -> 0 | AD30: =SUMIFS('6.Reportes de Pagos'!J:J,'6.Reportes de Pagos'!H:H,">"&(EOMONTH(FECHA,-1)),'6.Reportes de Pagos'!H:H,"<="&(EOMONTH(FECHA,0)),'6.Reportes de Pagos'!D:D,$O30) -> 0 | AE30: 0 | AI30: =SUMIFS('6.Reportes de Pagos'!I:I,'6.Reportes de Pagos'!H:H,"<="&(EOMONTH(FECHA,0)),'6.Reportes de Pagos'!D:D,$O30) -> 4.9067177e+09 | AJ30: =SUMIFS('6.Reportes de Pagos'!J:J,'6.Reportes de Pagos'!H:H,"<="&(EOMONTH(FECHA,0)),'6.Reportes de Pagos'!D:D,$O30) -> -5.9604645e-08 | AK30: =+AB30+AE30 -> 11558716 | AL30: =+Y30-(AI30-AJ30)-AK30 -> 3.7252903e-08 | AM30: =IFERROR(((AI30-AJ30+AK30)/Y30),0) -> 1 | AN30: Liquidado | AO30: =+AI30-AJ30 -> 4.9067177e+09 | AP30: =+AO30/Y30 -> 0.99764984
A31: =+A30+1 -> 24 | B31: CO1.PCCNTR. 4917031 DE 2023 | C31: 222190 | D31: NACION | E31: 2023 | F31: 15 41 46 | G31: 18/08/2023 4/06/2024 2/09/2024 | H31: =+[7]Contrato!$F$61+[7]Contrato!$F$62+[7]Contrato!$F$103+[7]Contrato!$F$109 -> 401782803 | J31: INTERVENTORÍA A LA EJECUCIÓN DE OBRAS DE MEJORAMIENTO Y/U OBRAS REQUERIDAS PARA LA INFRAESTRUCTURA EDUCATIVA Y SUMINISTRO E INSTALACIÓN DE AULAS Y/O BATERÍAS SANITARIAS EN SISTEMAS PREFABRICADOS Y SU PUESTA EN CONDICIONES DE FUNCIONALIDAD Y CIERRE CONTRACTUAL -GRUPO 12 | K31: PASTO EL ROSARIO ACEVEDO PIAMONTE CUMBAL PUERTO ASIS BARBACOAS PUERTO LEGUIZAMON ORITO IPIALES MALLAMA | L31: NARIÑO HUILA CAUCA PUTUMAYO | M31: 12 | O31: PAF-MENAM-I-064-2023 | P31: 45289 | Q31: INTERVENTORIA DE OBRA | R31: CONTRATADO | S31: CARLOS GUSTAVO GOMEZ ROMERO | T31: 19244715 | U31: 318105088 | V31: 0 | W31: 83677715 | X31: 68337926 | Y31: =+U31+W31+X31 -> 470120729 | Z31: =SUMIFS('6.Reportes de Pagos'!I:I,'6.Reportes de Pagos'!H:H,"<="&(EOMONTH(FECHA,-1)),'6.Reportes de Pagos'!D:D,$O31) -> 470120729 | AA31: =SUMIFS('6.Reportes de Pagos'!J:J,'6.Reportes de Pagos'!H:H,"<="&(EOMONTH(FECHA,-1)),'6.Reportes de Pagos'!D:D,$O31) -> 0 | AB31: 0 | AC31: =SUMIFS('6.Reportes de Pagos'!I:I,'6.Reportes de Pagos'!H:H,">"&(EOMONTH(FECHA,-1)),'6.Reportes de Pagos'!H:H,"<="&(EOMONTH(FECHA,0)),'6.Reportes de Pagos'!D:D,$O31) -> 0 | AD31: =SUMIFS('6.Reportes de Pagos'!J:J,'6.Reportes de Pagos'!H:H,">"&(EOMONTH(FECHA,-1)),'6.Reportes de Pagos'!H:H,"<="&(EOMONTH(FECHA,0)),'6.Reportes de Pagos'!D:D,$O31) -> 0 | AE31: 0 | AI31: =SUMIFS('6.Reportes de Pagos'!I:I,'6.Reportes de Pagos'!H:H,"<="&(EOMONTH(FECHA,0)),'6.Reportes de Pagos'!D:D,$O31) -> 470120729 | AJ31: =SUMIFS('6.Reportes de Pagos'!J:J,'6.Reportes de Pagos'!H:H,"<="&(EOMONTH(FECHA,0)),'6.Reportes de Pagos'!D:D,$O31) -> 0 | AK31: =+AB31+AE31 -> 0 | AL31: =+Y31-(AI31-AJ31)-AK31 -> 0 | AM31: =IFERROR(((AI31-AJ31+AK31)/Y31),0) -> 1 | AN31: Liquidado
A32: =+A31+1 -> 25 | B32: CO1.PCCNTR. 4917031 DE 2023 | C32: 222190 | D32: NACION | E32: 2023 | F32: 37 52 | G32: 22/05/2024 13/03/2025 | H32: =758497441+359945454.8 -> 1.1184429e+09 | J32: EL SUMINISTRO, ENTREGA E INSTALACION DE DOTACION DEL MOBILIARIO ESCOLAR EN LAS SEDES EDUCATIVAS AFECTADAS POR LA TEMPORADA DE LLUVIAS | K32: VARIOS | L32: VARIOS | M32: N/A | N32: VARIOS | O32: PAF-ATMEN5-S-041-2024 | Q32: SUMINISTROS | R32: CONTRATADO | S32: DOTAESCOL S.A.S. | T32: 800048663 | U32: 584310000 | V32: 0 | W32: 3.5994545e+08 | X32: 0 | Y32: =+U32+W32 -> 9.4425545e+08 | Z32: =SUMIFS('6.Reportes de Pagos'!I:I,'6.Reportes de Pagos'!H:H,"<="&(EOMONTH(FECHA,-1)),'6.Reportes de Pagos'!D:D,$O32) -> 9.3690418e+08 | AA32: =SUMIFS('6.Reportes de Pagos'!J:J,'6.Reportes de Pagos'!H:H,"<="&(EOMONTH(FECHA,-1)),'6.Reportes de Pagos'!D:D,$O32) -> 93690418 | AB32: 0 | AC32: =SUMIFS('6.Reportes de Pagos'!I:I,'6.Reportes de Pagos'!H:H,">"&(EOMONTH(FECHA,-1)),'6.Reportes de Pagos'!H:H,"<="&(EOMONTH(FECHA,0)),'6.Reportes de Pagos'!D:D,$O32) -> 93690418 | AD32: =SUMIFS('6.Reportes de Pagos'!J:J,'6.Reportes de Pagos'!H:H,">"&(EOMONTH(FECHA,-1)),'6.Reportes de Pagos'!H:H,"<="&(EOMONTH(FECHA,0)),'6.Reportes de Pagos'!D:D,$O32) -> 0 | AE32: 7351276 | AI32: =SUMIFS('6.Reportes de Pagos'!I:I,'6.Reportes de Pagos'!H:H,"<="&(EOMONTH(FECHA,0)),'6.Reportes de Pagos'!D:D,$O32) -> 1.0305946e+09 | AJ32: =SUMIFS('6.Reportes de Pagos'!J:J,'6.Reportes de Pagos'!H:H,"<="&(EOMONTH(FECHA,0)),'6.Reportes de Pagos'!D:D,$O32) -> 93690418 | AK32: =+AB32+AE32 -> 7351276 | AL32: =+Y32-(AI32-AJ32)-AK32 -> -1.8626451e-08 | AM32: =IFERROR(((AI32-AJ32+AK32)/Y32),0) -> 1 | AN32: En Liquidación | AO32: =+AI32-AJ32 -> 9.3690418e+08 | AP32: =+AO32/Y32 -> 0.99221474
B33: TOTALES | H33: =SUM(H8:H32) -> 6.1508e+10 | U33: =SUM(U8:U32) -> 55433578356 | V33: =SUM(V8:V32) -> 0 | W33: =SUM(W8:W32) -> 4.491308e+09 | X33: =+X31+X29+X27+X23+X19+X17+X15+X13+X11+X9+X25 -> 5.5274547e+08 | Y33: =SUM(Y8:Y32) -> 6.0477632e+10 | Z33: =SUM(Z8:Z32) -> 5.9766158e+10 | AA33: =SUM(AA8:AA32) -> 6.610899e+08 | AB33: =SUM(AB8:AB32) -> 2.1637351e+08 | AC33: =SUM(AC8:AC32) -> 2.84042e+08 | AD33: =SUM(AD8:AD32) -> 19035158 | AE33: =SUM(AE8:AE32) -> 2.4096341e+08 | AF33: =SUM(AF8:AF32) -> 45160500 | ... AL33: =SUM(AL8:AL32) -> 5.8261331e+08 | AM33: =IFERROR(((AI33-AJ33+AK33)/Y33),0) -> 0.99036647
B34: (*) CDR: Constancia de Disponibilidad de Recursos, documento de control interno de Findeter que respalda la disponibilidad para iniciar con la adjudicación de contratos derivados o la adición a los mismos.
AO35: =+VRPAGOSCTOS-VRRTEGTIACTO -> 5.9415236e+10

Sheet 5.Pagos Asistencia Ténica
A1: =CONTRATO -> Contrato Interadministrativo No. CO1.PCCNTR. 4917031
A2: Ministerio de Educación Nacional
A3: Financiera del Desarrollo S.A.
A4: 5. PAGOS ASISTENCIA TECNICA
A5: =periodo -> 01 de mayo al 31 de mayo de 2026
A7: Actividad / Hitos | B7: % | C7: Valor Total (Cláusula Septima Contrato Interadministativo) | D7: IVA | E7: TOTAL | F7: ORDEN DE OPERACIÓN | G7: VALOR FACTURA | H7: VALOR NETO | I7: FECHA DE PAGO | J7: SALDO
A8: A la adjudicación de los Contratos Derivados | B8: =+E8/VRFINDETER -> 0.2 | C8: =+E8/1.19 -> 6.9983507e+08 | D8: =+ROUND(C8*0.19,2) -> 1.3296866e+08 | E8: 8.3280374e+08 | F8: 11 | G8: 690748453 | I8: 45351 | J8: =+E8-G8-G9-G10 -> 0.15999995
F9: R96 | G9: 65883243 | I9: 45504
F10: R127 | G10: 76172042 | I10: 45562
A11: Acta de Inicio de los Contratos Derivados | B11: =+E11/VRFINDETER -> 0.1 | C11: =+E11/1.19 -> 3.4991754e+08 | D11: =+ROUND(C11*0.19,2) -> 66484332 | E11: 4.1640187e+08 | F11: 38 | G11: 2.2135493e+08 | I11: 45408 | J11: =+E11-G11-G12-G13-G14 -> 0
F12: 50 | G12: 1.240193e+08 | I12: 45441
F13: R127 | G13: 32941621 | I13: 45562
F14: R 150 | G14: 38086021 | I14: 45593
A15: Avance de ejecución física del 20% de cada proyecto | B15: =+E15/VRFINDETER -> 0.15 | C15: =+E15/1.19 -> 5.2487631e+08 | D15: =+ROUND(C15*0.19,2) -> 99726498 | E15: 6.246028e+08 | F15: 50 | G15: 2.3172084e+08 | I15: 45441 | J15: =+E15-G15-G16-G17-G19-G18 -> 0
F16: R96 | G16: 1.0031156e+08 | I16: 45504
F17: R127 | G17: 1.8602894e+08 | I17: 45562 | K17: 57129032
F18: R 150 | G18: 49412432 | I18: 45593
F19: R 202 | G19: 57129032 | I19: 45742
A21: Avance de ejecución física del 40% de cada proyecto | B21: =+E21/VRFINDETER -> 0.15 | C21: =+E21/1.19 -> 5.2487631e+08 | D21: =+ROUND(C21*0.19,2) -> 99726498 | E21: 6.246028e+08 | F21: 50 | G21: 2.3172084e+08 | I21: 45441 | J21: =+E21-G21-G22-G23-G25-G24 -> 0
F22: R96 | G22: 50772754 | I22: 45504
F23: R127 | G23: 2.3556775e+08 | I23: 45562 | K23: 57129032
F24: R 166 | G24: 49412432 | I24: 45612
F25: R 202 | G25: 57129032 | I25: 45742
A26: Avance de ejecución física del 60% de cada proyecto | B26: =+E26/VRFINDETER -> 0.15 | C26: =+E26/1.19 -> 5.2487631e+08 | D26: =+ROUND(C26*0.19,2) -> 99726498 | E26: 6.246028e+08 | F26: 50 | G26: 1.019198e+08 | I26: 45441 | J26: =+E26-G26-G27-G28-G31-G29-G30-G32 -> 0.059999943
F27: R96 | G27: 1.2980104e+08 | I27: 45504
F28: R127 | G28: 1.0031156e+08 | I28: 45562
F29: R 150 | G29: 56159388 | I29: 45593
F30: R 166 | G30: 58424295 | I30: 45612
F31: R177 | G31: 1.2085769e+08 | I31: 45642
F32: R215 | G32: 57129032 | I32: 45776
A33: Avance de ejecución física del 80% de cada proyecto | B33: =+E33/VRFINDETER -> 0.15 | C33: =+E33/1.19 -> 5.2487631e+08 | D33: =+ROUND(C33*0.19,2) -> 99726498 | E33: 6.246028e+08 | F33: 50 | G33: 43705997 | I33: 45441 | J33: =+E33-G33-G34-G35-G36-G37-G38-G39-G40 -> -8.9406967e-08
F34: R96 | G34: 1.4252552e+08 | I34: 45504
F35: R127 | G35: 95028121 | I35: 45562 | K35: 1.2085769e+08
F36: R 150 | G36: 56159388 | I36: 45593
F37: R 166 | G37: 50772754 | I37: 45612
F38: R 177 | G38: 58424295 | I38: 45642
F39: R 202 | G39: 1.2085769e+08 | I39: 45742
F40: R 237 | G40: 57129032 | I40: 45891
A41: Avance de ejecución física del 100% de cada proyecto | B41: =+E41/VRFINDETER -> 0.1 | C41: =+E41/1.19 -> 3.4991754e+08 | D41: =+ROUND(C41*0.19,2) -> 66484332 | E41: 4.1640187e+08 | F41: 50 | G41: 29137332 | I41: 45441 | J41: =+E41-G41-G42-G43-G47-G44-G45-G46-G49-G48 -> 47630173
F42: R96 | G42: 38809204 | I42: 45504
F43: R127 | G43: 17413094 | I43: 45562 | K43: 70381214
F44: R 150 | G44: 69120930 | I44: 45593
F45: R 166 | G45: 33025868 | I45: 45612
F46: R 201 | G46: 33848502 | I46: 45716
F47: R 202 | G47: 70381214 | I47: 45742
F48: R215 | G48: 38949530 | I48: 45776
F49: R247 | G49: 38086021 | I49: 45951
A50: TOTAL | C50: =+SUM(C8:C43) -> 3.4991754e+09 | D50: =+SUM(D8:D43) -> 6.6484332e+08 | E50: =+SUM(E8:E43) -> 4164018692 | G50: =+SUM(G8:G49) -> 4.1163885e+09 | H50: =+SUM(H8:H47) -> 0 | K50: 3.0549697e+08
A51: SALDO POR FACTURAR | C51: =+E50-G50 -> 47630174

Sheet 6.Reportes de Pagos
A1: =CONTRATO -> Contrato Interadministrativo No. CO1.PCCNTR. 4917031
A2: Ministerio de Educación Nacional
A3: Financiera del Desarrollo S.A.
A4: 6. REPORTE DE PAGOS
A5: =periodo -> 01 de mayo al 31 de mayo de 2026
A7: CC / NIT | B7: No. | C7: RAZON SOCIAL / NOMBRE | D7: CTO | E7: TIPO DE PAGO | F7: CONCEPTO | G7: ORDEN DE OPERACIÓN | H7: FECHA PAGO | I7: VALOR BRUTO | J7: RETEGARANTIA | K7: IMPUESTOS | L7: OTROS DESCUENTOS | M7: AJUSTE A MIL | N7: NETO A PAGAR
A8: NIT | B8: 800177012 | C8: JASA LTDA | D8: PAF-MENAM-O-052-2023 | E8: CONTRATOS | F8: Acta 1 COMPONENTE I | G8: 1 | H8: 45323 | I8: 232988553 | J8: 23298855 | K8: 14005580 | L8: 0 | M8: 0 | N8: =+I8-J8-K8+M8-L8 -> 1.9568412e+08 | S8: =+ROUND(L8,2) -> 0
A9: NIT | B9: 800177012 | C9: JASA LTDA | D9: PAF-MENAM-O-052-2023 | E9: CONTRATOS | F9: Acta 1 COMPONENTE II OBRA | G9: 2 | H9: 45323 | I9: 3.4504244e+08 | J9: 34504244 | K9: 27966394 | L9: 0 | N9: =+I9-J9-K9+M9-L9 -> 2.8257181e+08 | S9: =+ROUND(L9,2) -> 0
A10: NIT | B10: 901763421 | C10: CONSORCIO INSTITUCIONES DEL MAGDALENA | D10: PAF-MENAM-O-051-2023 | E10: CONTRATOS | F10: Acta 1 COMPONENTE I | G10: 3 | H10: 45356 | I10: 284368469 | J10: 28436847 | K10: 16727557 | L10: 0 | N10: =+I10-J10-K10+M10-L10 -> 2.3920407e+08 | S10: =+ROUND(L10,2) -> 0
A11: NIT | B11: 900503646 | C11: INTERVENTORIAS Y CONSULTORIAS S.A.S. | D11: PAF-MENAM-I-052-2023 | E11: CONTRATOS | F11: Acta 1 COMPONENTE II | G11: 4 | H11: 45350 | I11: 32773777 | J11: 3277377.7 | K11: 1831475.8 | L11: 0 | N11: =+I11-J11-K11+M11-L11 -> 27664924 | S11: =+ROUND(L11,2) -> 0
A12: NIT | B12: 901761848 | C12: CONSORCIO INTERVENTORÍAS AM 2023 | D12: PAF-MENAM-I-058-2023 | E12: CONTRATOS | F12: Acta 1 COMPONENTE II | G12: 5 | H12: 45350 | I12: 10034541 | J12: 1003454.1 | K12: 548105.25 | L12: 0 | N12: =+I12-J12-K12+M12-L12 -> 8482981.8 | S12: =+ROUND(L12,2) -> 0
A13: NIT | B13: 901761848 | C13: CONSORCIO INTERVENTORÍAS AM 2023 | D13: PAF-MENAM-I-058-2023 | E13: CONTRATOS | F13: Acta 2 COMPONENTE II | G13: 6 | H13: 45350 | I13: 10034541 | J13: 1003454.1 | K13: 548105.25 | L13: 0 | N13: =+I13-J13-K13+M13-L13 -> 8482981.8 | S13: =+ROUND(L13,2) -> 0
A14: NIT | B14: 901763421 | C14: CONSORCIO INSTITUCIONES DEL MAGDALENA | D14: PAF-MENAM-O-051-2023 | E14: CONTRATOS | F14: Acta 1 COMPONENTE II OBRA | G14: 7 | H14: 45356 | I14: 1.1165923e+09 | J14: 1.1165923e+08 | K14: 88658293 | L14: 0 | N14: =+I14-J14-K14+M14-L14 -> 9.162748e+08 | S14: =+ROUND(L14,2) -> 0
A15: NIT | B15: 901758661 | C15: CONSORCIO INTER EDUCATIVO G4 | D15: PAF-MENAM-I-055-2023 | E15: CONTRATOS | F15: Acta 1 COMPONENTE I Y II | G15: 8 | H15: 45350 | I15: 152464111 | J15: 15246411 | K15: 8554185.9 | L15: 0 | N15: =+I15-J15-K15+M15-L15 -> 1.2866351e+08 | S15: =+ROUND(L15,2) -> 0
A16: NIT | B16: 900549325 | C16: DAR ARQUITECTURA SAS | D16: PAF-MENAM-O-056-2023 | E16: CONTRATOS | F16: Acta 1 COMPONENTE I | G16: 9 | H16: 45351 | I16: 164220000 | J16: 16422000 | K16: 8970000 | L16: 0 | N16: =+I16-J16-K16+M16-L16 -> 138828000 | S16: =+ROUND(L16,2) -> 0
A17: NIT | B17: 800177012 | C17: JASA LTDA | D17: PAF-MENAM-O-052-2023 | E17: CONTRATOS | F17: Acta 2 COMPONENTE II OBRA | G17: 10 | H17: 45351 | I17: 1.2323644e+09 | J17: 1.2323644e+08 | K17: 36425977 | L17: 0 | N17: =+I17-J17-K17+M17-L17 -> 1.072702e+09 | S17: =+ROUND(L17,2) -> 0
A18: NIT | B18: 800096329 | C18: FINDETER S.A | D18: 7031 | E18: ASISTENCIA | F18: HITO No. 1 | G18: 11 | H18: 45351 | I18: 690748453 | J18: 0 | K18: 63850697 | L18: 0 | N18: =+I18-J18-K18+M18-L18 -> 6.2689776e+08 | S18: =+ROUND(L18,2) -> 0
A19: NIT | B19: 900549325 | C19: DAR ARQUITECTURA SAS | D19: PAF-MENAM-O-056-2023 | E19: CONTRATOS | F19: Acta 1 COMPONENTE II | G19: 12 | H19: 45373 | I19: 3.4083776e+08 | J19: 34083776 | K19: 25379565 | L19: 8019957.8 | N19: =+I19-J19-K19+M19-L19 -> 2.7335446e+08 | S19: =+ROUND(L19,2) -> 8019957.8
A20: NIT | B20: 900549325 | C20: DAR ARQUITECTURA SAS | D20: PAF-MENAM-O-055-2023 | E20: CONTRATOS | F20: Acta 1 COMPONENTE I | G20: 13 | H20: 45377 | I20: 273000280 | J20: 27300028 | K20: 16058840 | L20: 0 | N20: =+I20-J20-K20+M20-L20 -> 229641412 | S20: =+ROUND(L20,2) -> 0
A21: NIT | B21: 900549325 | C21: DAR ARQUITECTURA SAS | D21: PAF-MENAM-O-055-2023 | E21: CONTRATOS | F21: Acta 1 COMPONENTE II | G21: 14 | H21: 45377 | I21: 6.2913417e+08 | J21: 62913417 | K21: 49952606 | L21: 0 | N21: =+I21-J21-K21+M21-L21 -> 5.1626815e+08 | S21: =+ROUND(L21,2) -> 0
A22: NIT | B22: 901761848 | C22: CONSORCIO INTERVENTORÍAS AM 2023 | D22: PAF-MENAM-I-058-2023 | E22: CONTRATOS | F22: Acta 1 COMPONENTE I | G22: 15 | H22: 45373 | I22: 55197999 | J22: 5519799.9 | K22: 3015016.4 | L22: 0 | N22: =+I22-J22-K22+M22-L22 -> 46663183 | S22: =+ROUND(L22,2) -> 0
A23: NIT | B23: 900503646 | C23: INTERVENTORIAS Y CONSULTORIAS S.A.S. | D23: PAF-MENAM-I-052-2023 | E23: CONTRATOS | F23: Acta 2 COMPONENTE II | G23: 16 | H23: 45373 | I23: 16386889 | J23: 1638688.9 | K23: 918688.24 | L23: 0 | N23: =+I23-J23-K23+M23-L23 -> 13829512 | S23: =+ROUND(L23,2) -> 0
A24: NIT | B24: 901763421 | C24: CONSORCIO INSTITUCIONES DEL MAGDALENA | D24: PAF-MENAM-O-051-2023 | E24: CONTRATOS | F24: Acta 2 COMPONENTE II OBRA | G24: 17 | H24: 45373 | I24: 1.7255004e+09 | J24: 1.7255004e+08 | K24: 1.3482815e+08 | L24: 0 | N24: =+I24-J24-K24+M24-L24 -> 1.4181222e+09 | S24: =+ROUND(L24,2) -> 0
A25: CC | B25: 9050725 | C25: LUIS GUILLERMO NARVAEZ RICARDO | D25: PAF-MENAM-I-057-2023 | E25: CONTRATOS | F25: ACTA DE COSTOS No 1 COMPONENTE 1 | G25: 18 | H25: 45377 | I25: 115618860 | J25: 11561886 | K25: 6315316.4 | L25: 0 | N25: =+I25-J25-K25+M25-L25 -> 97741658 | S25: =+ROUND(L25,2) -> 0
A26: NIT | B26: 901761848 | C26: CONSORCIO INTERVENTORÍAS AM 2023 | D26: PAF-MENAM-I-058-2023 | E26: CONTRATOS | F26: Acta 3 COMPONENTE II | G26: 19 | H26: 45386 | I26: 17094844 | J26: 1709484.4 | K26: 933751.93 | L26: 0 | N26: =+I26-J26-K26+M26-L26 -> 14451608 | S26: =+ROUND(L26,2) -> 0
A27: CC | B27: 9050725 | C27: LUIS GUILLERMO NARVAEZ RICARDO | D27: PAF-MENAM-I-057-2023 | E27: CONTRATOS | F27: ACTA DE COSTOS No 1 COMPONENTE 2 | G27: 20 | H27: 45385 | I27: 55670439 | J27: 5567043.9 | K27: 3040821.9 | L27: 0 | N27: =+I27-J27-K27+M27-L27 -> 47062573 | S27: =+ROUND(L27,2) -> 0
A28: NIT | B28: 901765663 | C28: CONSORCIO INFRAESTRUCTURA G5 | D28: PAF-MENAM-I-056-2023 | E28: CONTRATOS | F28: ACTA DE COSTOS No 1 COMPONENTE 2 | G28: 21 | H28: 45391 | I28: 85064175 | J28: 8506417.5 | K28: 4970268.1 | L28: 0 | N28: =+I28-J28-K28+M28-L28 -> 71587489 | S28: =+ROUND(L28,2) -> 0
A29: NIT | B29: 901760153 | C29: CONSORCIO INTER EDUCATIVO G3 | D29: PAF-MENAM-I-054-2023 | E29: CONTRATOS | F29: ACTA DE COSTOS No 1 COMPONENTE 1 | G29: 22 | H29: 45377 | I29: 118674612 | J29: 11867461 | K29: 6482226.9 | L29: 0 | N29: =+I29-J29-K29+M29-L29 -> 1.0032492e+08 | S29: =+ROUND(L29,2) -> 0
A30: NIT | B30: 800177012 | C30: JASA LTDA | D30: PAF-MENAM-O-052-2023 | E30: CONTRATOS | F30: Acta 3 COMPONENTE II OBRA | G30: 23 | H30: 45385 | I30: 7.730823e+08 | J30: 77308230 | K30: 60934959 | L30: 0 | N30: =+I30-J30-K30+M30-L30 -> 6.3483911e+08 | S30: =+ROUND(L30,2) -> 0
... A43: NIT | B43: 901758661 | C43: CONSORCIO INTER EDUCATIVO G4 | D43: PAF-MENAM-I-055-2023 | E43: CONTRATOS | F43: Acta 2 COMPONENTE II | G43: 35 | H43: 45411 | I43: 44072661 | J43: 4407266.1 | K43: 2416691.9 | L43: 0 | N43: =+I43-J43-K43+M43-L43 -> 37248703 | S43: =+ROUND(L43,2) -> 0
A44: NIT | B44: 800096329 | C44: FINDETER S.A | D44: 7031 | E44: ASISTENCIA | F44: A la firma del Acta de Inicio de los Contratos Derivados | G44: 38-R | H44: 45408 | I44: 2.2135493e+08 | J44: 0 | K44: 20461380 | L44: 0 | N44: =+I44-J44-K44+M44-L44 -> 2.0089355e+08 | S44: =+ROUND(L44,2) -> 0
A45: NIT | B45: 900549325 | C45: DAR ARQUITECTURA SAS | D45: PAF-MENAM-O-055-2023 | E45: CONTRATOS | F45: Acta 3 COMPONENTE II | G45: 39 | H45: 45442 | I45: 1.2883138e+09 | J45: 1.2883138e+08 | K45: 1.0198165e+08 | L45: 0 | N45: =+I45-J45-K45+M45-L45 -> 1.0575008e+09 | S45: =+ROUND(L45,2) -> 0
A46: NIT | B46: 901778790 | C46: CONSORCIO FIN GRUPO 10 | D46: PAF-MENAM-O-080-2023 | E46: CONTRATOS | F46: Acta 1 COMPONENTE II OBRA | G46: 40 | H46: 45440 | I46: 498669337 | J46: 49866934 | K46: 40650670 | L46: 0 | N46: =+I46-J46-K46+M46-L46 -> 4.0815173e+08 | S46: =+ROUND(L46,2) -> 0
A47: NIT | B47: 900246080 | C47: OBRAS CAPITAL S.A. | D47: PAF-MENAM-O-049-2023 | E47: CONTRATOS | F47: Acta 1 COMPONENTE II OBRA | G47: 41 | H47: 45436 | I47: 2.4275116e+08 | J47: 24275116 | K47: 19863702 | L47: 0 | N47: =+I47-J47-K47+M47-L47 -> 1.9861234e+08 | S47: =+ROUND(L47,2) -> 0
A48: NIT | B48: 900503646 | C48: INTERVENTORIAS Y CONSULTORIAS S.A.S. | D48: PAF-MENAM-I-052-2023 | E48: CONTRATOS | F48: Acta 4 COMPONENTE II | G48: 42 | H48: 45436 | I48: 21488624 | J48: 2148862.5 | K48: 1197354.6 | L48: 0 | N48: =+I48-J48-K48+M48-L48 -> 18142407 | S48: =+ROUND(L48,2) -> 0
A49: NIT | B49: 900549325 | C49: DAR ARQUITECTURA SAS | D49: PAF-MENAM-O-056-2023 | E49: CONTRATOS | F49: Acta 3 COMPONENTE II | G49: 43 | H49: 45440 | I49: 8.8987367e+08 | J49: 88987367 | K49: 70656672 | L49: 0 | N49: =+I49-J49-K49+M49-L49 -> 7.3022963e+08 | S49: =+ROUND(L49,2) -> 0
A50: CC | B50: 19244715 | C50: CARLOS GUSTAVO GOMEZ ROMERO | D50: PAF-MENAM-I-062-2023 | E50: CONTRATOS | F50: Corte Interventoría 1 COMPONENTE II | G50: 44 | H50: 45440 | I50: 25115768 | J50: 2511576.8 | K50: 1414080.6 | L50: 0 | N50: =+I50-J50-K50+M50-L50 -> 21190111 | S50: =+ROUND(L50,2) -> 0
A51: CC | B51: 9050725 | C51: LUIS GUILLERMO NARVAEZ RICARDO | D51: PAF-MENAM-I-057-2023 | E51: CONTRATOS | F51: ACTA 3 COMPONENTE II. | G51: 45 | H51: 45440 | I51: 40360887 | J51: 4036088.7 | K51: 2204586.7 | L51: 0 | N51: =+I51-J51-K51+M51-L51 -> 34120212 | S51: =+ROUND(L51,2) -> 0
A52: NIT | B52: 901763421 | C52: CONSORCIO INSTITUCIONES DEL MAGDALENA | D52: PAF-MENAM-O-051-2023 | E52: CONTRATOS | F52: ACTA COMPONENTE II - ACTA PARCIAL No.4 | G52: 46 | H52: 45441 | I52: 8.4853564e+08 | J52: 84853564 | K52: 67374385 | L52: 10000000 | N52: =+I52-J52-K52+M52-L52 -> 6.8630769e+08 | S52: =+ROUND(L52,2) -> 10000000
A53: NIT | B53: 901760153 | C53: CONSORCIO INTER EDUCATIVO G3 | D53: PAF-MENAM-I-054-2023 | E53: CONTRATOS | F53: Acta 2 COMPONENTE II | G53: 47 | H53: 45440 | I53: 62964918 | J53: 6296491.8 | K53: 3439259.8 | L53: 0 | N53: =+I53-J53-K53+M53-L53 -> 53229166 | S53: =+ROUND(L53,2) -> 0
A54: NIT | B54: 901762612 | C54: CONSORCIO EDUCATIVO SJ 2023 | D54: PAF-MENAM-O-050-2023 | E54: CONTRATOS | F54: Acta 1 COMPONENTE II OBRA | G54: 48 | H54: 45440 | I54: 522408179 | J54: 52240818 | K54: 41480032 | L54: 18518519 | N54: =+I54-J54-K54+M54-L54 -> 4.1016881e+08 | S54: =+ROUND(L54,2) -> 18518519
A55: NIT | B55: 901760521 | C55: CONSORCIO EDUCATIVO SJ 2023 G5 | D55: PAF-MENAM-O-053-2023 | E55: CONTRATOS | F55: Acta 2 COMPONENTE II OBRA | G55: 49 | H55: 45448 | I55: 855837250 | J55: 85583725 | K55: 71595077 | L55: 40000000 | N55: =+I55-J55-K55+M55-L55 -> 6.5865845e+08 | S55: =+ROUND(L55,2) -> 40000000
A56: NIT | B56: 800096329 | C56: FINDETER S.A | D56: 7031 | E56: ASISTENCIA | F56: Cobro variable, Hito 2,3,4, 5, 6 y 7 | G56: 50-R | H56: 45441 | I56: 7.6222411e+08 | J56: 0 | K56: 70457691 | L56: 0 | N56: =+I56-J56-K56+M56-L56 -> 6.9176642e+08 | S56: =+ROUND(L56,2) -> 0
A57: NIT | B57: 901762612 | C57: CONSORCIO EDUCATIVO SJ 2023 | D57: PAF-MENAM-O-050-2023 | E57: CONTRATOS | F57: Acta 2 COMPONENTE II OBRA | G57: 50 | H57: 45469 | I57: 969708777 | J57: 96970878 | K57: 76996404 | L57: 31481481 | N57: =+I57-J57-K57+M57-L57 -> 7.6426001e+08 | S57: =+ROUND(L57,2) -> 31481481
A58: NIT | B58: 900345967 | C58: RM INGENIEROS SAS | D58: PAF-MENAM-I-053-2023 | E58: CONTRATOS | F58: Acta 2 COMPONENTE II | G58: 51 | H58: 45471 | I58: 29452500 | J58: 2945250 | K58: 1608750 | L58: 0 | N58: =+I58-J58-K58+M58-L58 -> 24898500 | S58: =+ROUND(L58,2) -> 0
A59: NIT | B59: 900345967 | C59: RM INGENIEROS SAS | D59: PAF-MENAM-I-053-2023 | E59: CONTRATOS | F59: Acta 3 COMPONENTE II | G59: 52 | H59: 45468 | I59: 9768805 | J59: 976880.5 | K59: 533590.2 | L59: 0 | N59: =+I59-J59-K59+M59-L59 -> 8258334.3 | S59: =+ROUND(L59,2) -> 0
A60: NIT | B60: 900345967 | C60: RM INGENIEROS SAS | D60: PAF-MENAM-I-053-2023 | E60: CONTRATOS | F60: Acta 4 COMPONENTE II | G60: 53 | H60: 45468 | I60: 50000000 | J60: 5000000 | K60: 2731092.4 | L60: 0 | N60: =+I60-J60-K60+M60-L60 -> 42268908 | S60: =+ROUND(L60,2) -> 0
A61: NIT | B61: 900345967 | C61: RM INGENIEROS SAS | D61: PAF-MENAM-I-053-2023 | E61: CONTRATOS | F61: Acta 5 COMPONENTE II | G61: 54 | H61: 45468 | I61: 16950503 | J61: 1695050.3 | K61: 925867.8 | L61: 0 | N61: =+I61-J61-K61+M61-L61 -> 14329585 | S61: =+ROUND(L61,2) -> 0
A62: NIT | B62: 901760521 | C62: CONSORCIO EDUCATIVO SJ 2023 G5 | D62: PAF-MENAM-O-053-2023 | E62: CONTRATOS | F62: Acta 1 COMPONENTE I | G62: 55 | H62: 45470 | I62: 244266347 | J62: 24426635 | K62: 15172964 | L62: 0 | N62: =+I62-J62-K62+M62-L62 -> 2.0466675e+08 | S62: =+ROUND(L62,2) -> 0
A63: NIT | B63: 901760521 | C63: CONSORCIO EDUCATIVO SJ 2023 G5 | D63: PAF-MENAM-O-053-2023 | E63: CONTRATOS | F63: Acta 3 COMPONENTE II | G63: 56 | H63: 45469 | I63: 586816310 | J63: 58681631 | K63: 49893332 | L63: 0 | N63: =+I63-J63-K63+M63-L63 -> 4.7824135e+08 | S63: =+ROUND(L63,2) -> 0
A64: NIT | B64: 901765663 | C64: CONSORCIO INFRAESTRUCTURA G5 | D64: PAF-MENAM-I-056-2023 | E64: CONTRATOS | F64: Acta 1 COMPONENTE I | G64: 57 | H64: 45468 | I64: 117655776 | J64: 11765578 | K64: 6874582.5 | L64: 0 | N64: =+I64-J64-K64+M64-L64 -> 99015616 | S64: =+ROUND(L64,2) -> 0
A65: NIT | B65: 901765663 | C65: CONSORCIO INFRAESTRUCTURA G5 | D65: PAF-MENAM-I-056-2023 | E65: CONTRATOS | F65: Acta 3 COMPONENTE II | G65: 58 | H65: 45469 | I65: 54724364 | J65: 5472436.4 | K65: 3197801.3 | L65: 0 | N65: =+I65-J65-K65+M65-L65 -> 46054127 | S65: =+ROUND(L65,2) -> 0
A66: NIT | B66: 901765663 | C66: CONSORCIO INFRAESTRUCTURA G5 | D66: PAF-MENAM-I-056-2023 | E66: CONTRATOS | F66: Acta 4 COMPONENTE II | G66: 59 | H66: 45468 | I66: 10424801 | J66: 1042480.1 | K66: 618975.03 | L66: 0 | N66: =+I66-J66-K66+M66-L66 -> 8763345.9 | S66: =+ROUND(L66,2) -> 0
A67: NIT | B67: 900246080 | C67: OBRAS CAPITAL S.A | D67: PAF-MENAM-O-049-2023 | E67: CONTRATOS | F67: Acta 1 COMPONENTE I | G67: 60 | H67: 45470 | I67: 2.4879988e+08 | J67: 24879988 | K67: 14995577 | L67: 0 | N67: =+I67-J67-K67+M67-L67 -> 2.0892432e+08 | S67: =+ROUND(L67,2) -> 0
A68: NIT | B68: 900246080 | C68: OBRAS CAPITAL S.A | D68: PAF-MENAM-O-049-2023 | E68: CONTRATOS | F68: Acta 2 COMPONENTE II | G68: 61 | H68: 45469 | I68: 379312868 | J68: 37931287 | K68: 31027605 | L68: 0 | N68: =+I68-J68-K68+M68-L68 -> 3.1035398e+08 | S68: =+ROUND(L68,2) -> 0
... A101: CC | B101: 19244715 | C101: CARLOS GUSTAVO GOMEZ ROMERO | D101: PAF-MENAM-I-064-2023 | E101: CONTRATOS | F101: ACTA 2 COMPONENTE II | G101: 95 | H101: 45504 | I101: 36977087 | J101: 3697708.7 | K101: 2044017.5 | L101: 0 | N101: =+I101-J101-K101+M101-L101 -> 31235361 | S101: =+ROUND(L101,2) -> 0
A102: NIT | B102: 800096329 | C102: FINDETER S.A | D102: 7031 | E102: ASISTENCIA | F102: Cobro variable, Hito 2,3,4, 5, 6 y 7 | G102: R96 | H102: 45504 | I102: 5.2810332e+08 | J102: 0 | K102: 48816273 | L102: 0 | N102: =+I102-J102-K102+M102-L102 -> 4.7928704e+08 | S102: =+ROUND(L102,2) -> 0
A103: NIT | B103: 900246080 | C103: OBRAS CAPITAL S.A | D103: PAF-MENAM-O-049-2023 | E103: CONTRATOS | F103: ACTA 4 COMPONENTE II | G103: 96 | H103: 45530 | I103: 5.6623636e+08 | J103: 56623636 | K103: 45347850 | L103: 9526468 | N103: =+I103-J103-K103+M103-L103 -> 4.547384e+08 | S103: =+ROUND(L103,2) -> 9526468
A104: NIT | B104: 900246080 | C104: OBRAS CAPITAL S.A | D104: PAF-MENAM-O-049-2023 | E104: CONTRATOS | F104: ACTA 4 COMPONENTE II- SUMINISTROS | G104: 97 | H104: 45530 | I104: 32212441 | J104: 3221244.1 | K104: 2300888.6 | L104: 0 | N104: =+I104-J104-K104+M104-L104 -> 26690308 | S104: =+ROUND(L104,2) -> 0
A105: NIT | B105: 900503646 | C105: INTERVENTORIAS Y CONSULTORIAS S.A.S. | D105: PAF-MENAM-I-052-2023 | E105: CONTRATOS | F105: ACTA 7 COMPONENTE II | G105: 98 | H105: 45526 | I105: 18614491 | J105: 1861449.1 | K105: 1032331 | L105: 0 | N105: =+I105-J105-K105+M105-L105 -> 15720711 | S105: =+ROUND(L105,2) -> 0
A106: NIT | B106: 901762612 | C106: CONSORCIO EDUCATIVO SJ 2023 | D106: PAF-MENAM-O-050-2023 | E106: CONTRATOS | F106: ACTA 3 COMPONENTE II | G106: 99 | H106: 45531 | I106: 448373933 | J106: 44837393 | K106: 35509108 | L106: 0 | N106: =+I106-J106-K106+M106-L106 -> 3.6802743e+08 | S106: =+ROUND(L106,2) -> 0
A107: NIT | B107: 901762612 | C107: CONSORCIO EDUCATIVO SJ 2023 | D107: PAF-MENAM-O-050-2023 | E107: CONTRATOS | F107: ACTA 4 COMPONENTE II | G107: 100 | H107: 45531 | I107: 919975961 | J107: 91997596 | K107: 72446769 | L107: 0 | N107: =+I107-J107-K107+M107-L107 -> 7.555316e+08 | S107: =+ROUND(L107,2) -> 0
A108: CC | B108: 9050725 | C108: Luis Guillermo Narvaez Ricardo | D108: PAF-MENAM-I-057-2023 | E108: CONTRATOS | F108: ACTA 6 COMPONENTE II | G108: 101 | H108: 45532 | I108: 31222393 | J108: 3122239.4 | K108: 1762678.2 | L108: 0 | N108: =+I108-J108-K108+M108-L108 -> 26337476 | S108: =+ROUND(L108,2) -> 0
A109: NIT | B109: 900345967 | C109: RM INGENIEROS SAS | D109: PAF-MENAM-I-053-2023 | E109: CONTRATOS | F109: ACTA 6 COMPONENTE II | G109: 102 | H109: 45538 | I109: 31204924 | J109: 3120492.4 | K109: 1704470.6 | L109: 0 | N109: =+I109-J109-K109+M109-L109 -> 26379961 | S109: =+ROUND(L109,2) -> 0
A110: NIT | B110: 900345967 | C110: RM INGENIEROS SAS | D110: PAF-MENAM-I-053-2023 | E110: CONTRATOS | F110: ACTA 7 COMPONENTE II | G110: 103 | H110: 45531 | I110: 22464456 | J110: 2246445.6 | K110: 1227050.1 | L110: 0 | N110: =+I110-J110-K110+M110-L110 -> 18990960 | S110: =+ROUND(L110,2) -> 0
A111: NIT | B111: 901780031 | C111: CONSORCIO FIN GRUPO 11 | D111: PAF-MENAM-O-079-2023 | E111: CONTRATOS | F111: ACTA 1 COMPONENTE I | G111: 104 | H111: 45531 | I111: 271854310 | J111: 27185431 | K111: 15991430 | L111: 0 | N111: =+I111-J111-K111+M111-L111 -> 228677449 | S111: =+ROUND(L111,2) -> 0
A112: NIT | B112: 901780031 | C112: CONSORCIO FIN GRUPO 11 | D112: PAF-MENAM-O-079-2023 | E112: CONTRATOS | F112: ACTA 3 COMPONENTE II | G112: 105 | H112: 45531 | I112: 1097428498 | J112: 1.0974285e+08 | K112: 87134955 | L112: 0 | N112: =+I112-J112-K112+M112-L112 -> 9.0055069e+08 | S112: =+ROUND(L112,2) -> 0
A113: NIT | B113: 901760521 | C113: CONSORCIO EDUCATIVO SJ 2023 G5 | D113: PAF-MENAM-O-053-2023 | E113: CONTRATOS | F113: ACTA 5 COMPONENTE II | G113: 106 | H113: 45531 | I113: 577715929 | J113: 57771593 | K113: 48792577 | L113: 0 | N113: =+I113-J113-K113+M113-L113 -> 4.7115176e+08 | S113: =+ROUND(L113,2) -> 0
A114: NIT | B114: 901765663 | C114: CONSORCIO INFRAESTRUCTURA G5 | D114: PAF-MENAM-I-056-2023 | E114: CONTRATOS | F114: ACTA 6 COMPONENTE II | G114: 107 | H114: 45532 | I114: 35623331 | J114: 3562333.1 | K114: 2042983.7 | L114: 0 | N114: =+I114-J114-K114+M114-L114 -> 30018014 | S114: =+ROUND(L114,2) -> 0
... A136: CC | B136: 19244715 | C136: CARLOS GUSTAVO GOMEZ ROMERO | D136: PAF-MENAM-I-062-2023 | E136: CONTRATOS | F136: ACTA 2 COMPONENTE I | G136: 131 | H136: 45559 | I136: 12657042 | J136: 1265704.2 | K136: 712623.39 | L136: 0 | N136: =+I136-J136-K136+M136-L136 -> 10678715 | S136: =+ROUND(L136,2) -> 0
A137: NIT | B137: 901762612 | C137: CONSORCIO EDUCATIVO SJ 2023 | D137: PAF-MENAM-O-050-2023 | E137: CONTRATOS | F137: ACTA 5 COMPONENTE II | G137: 132 | H137: 45565 | I137: 372486642 | J137: 37248664 | K137: 29352386 | L137: 7808105.6 | N137: =+I137-J137-K137+M137-L137 -> 2.9807749e+08
A138: NIT | B138: 900345967 | C138: RM INGENIEROS SAS | D138: PAF-MENAM-I-053-2023 | E138: CONTRATOS | F138: ACTA 8 COMPONENTE II | G138: 133 | H138: 45562 | I138: 24318705 | J138: 2431870.5 | K138: 1328332.6 | L138: 0 | N138: =+I138-J138-K138+M138-L138 -> 20558502 | S138: =+ROUND(L138,2) -> 0
A139: CC | B139: 19244715 | C139: CARLOS GUSTAVO GOMEZ ROMERO | D139: PAF-MENAM-I-063-2023 | E139: CONTRATOS | F139: ACTA 4 COMPONENTE II | G139: 134 | H139: 45574 | I139: 37114339 | J139: 3711433.9 | K139: 2027253.8 | L139: 0 | N139: =+I139-J139-K139+M139-L139 -> 31375652 | S139: =+ROUND(L139,2) -> 0
A140: NIT | B140: 901780031 | C140: CONSORCIO FIN GRUPO 11 | D140: PAF-MENAM-O-079-2023 | E140: CONTRATOS | F140: ACTA 4 COMPONENTE II | G140: 135 | H140: 45565 | I140: 371826361 | J140: 37182636 | K140: 29522719 | L140: 0 | N140: =+I140-J140-K140+M140-L140 -> 3.0512101e+08 | S140: =+ROUND(L140,2) -> 0
A141: NIT | B141: 800096329 | C141: FINDETER S.A | D141: 7031 | E141: ASISTENCIA | F141: Cobro variable, Hito 2,3,4, 5, 6 y 7 | G141: R 127 | H141: 45562 | I141: 7.4346312e+08 | J141: 0 | K141: 68723482 | L141: 0 | N141: =+I141-J141-K141+M141-L141 -> 6.7473964e+08 | S141: =+ROUND(L141,2) -> 0
A142: NIT | B142: 901763421 | C142: CONSORCIO INSTITUCIONES DEL MAGDALENA | D142: PAF-MENAM-O-051-2023 | E142: CONTRATOS | F142: DEVOLUCION RETEGARANTÍA ACTA LIQUIDACIÓN | G142: 136 | H142: 45583 | I142: 0 | J142: -4.7449602e+08 | K142: 0 | L142: 0 | N142: =+I142-J142-K142+M142-L142 -> 4.7449602e+08 | S142: =+ROUND(L142,2) -> 0
A143: CC | B143: 19244715 | C143: CARLOS GUSTAVO GOMEZ ROMERO | D143: PAF-MENAM-I-062-2023 | E143: CONTRATOS | F143: ACTA 6 COMPONENTE II | G143: 137 | H143: 45589 | I143: 21485330 | J143: 2148533 | K143: 1210955.4 | L143: 0 | N143: =+I143-J143-K143+M143-L143 -> 18125842 | S143: =+ROUND(L143,2) -> 0
A144: NIT | B144: 901778790 | C144: CONSORCIO FIN GRUPO 10 | D144: PAF-MENAM-O-080-2023 | E144: CONTRATOS | F144: ACTA 6 COMPONENTE II | G144: 138 | H144: 45589 | I144: 292124859 | J144: 29212486 | K144: 23847747 | L144: 0 | N144: =+I144-J144-K144+M144-L144 -> 2.3906463e+08 | S144: =+ROUND(L144,2) -> 0
A145: NIT | B145: 901780031 | C145: CONSORCIO FIN GRUPO 11 | D145: PAF-MENAM-O-079-2023 | E145: CONTRATOS | F145: ACTA 5 COMPONENTE II | G145: 139 | H145: 45589 | I145: 432410080 | J145: 43241008 | K145: 33660912 | L145: 0 | N145: =+I145-J145-K145+M145-L145 -> 3.5550816e+08 | S145: =+ROUND(L145,2) -> 0
A146: CC | B146: 19244715 | C146: CARLOS GUSTAVO GOMEZ ROMERO | D146: PAF-MENAM-I-063-2023 | E146: CONTRATOS | F146: ACTA 5 COMPONENTE II | G146: 140 | H146: 45589 | I146: 38445929 | J146: 3844592.9 | K146: 2099987.7 | L146: 0 | N146: =+I146-J146-K146+M146-L146 -> 32501349 | S146: =+ROUND(L146,2) -> 0
A147: NIT | B147: 901813886 | C147: CONSORCIO GUAJIRA 7 | D147: PAF-ATMEN5-O-036-2024 | E147: CONTRATOS | F147: ACTA 2 COMPONENTE II | G147: 141 | H147: 45593 | I147: 1.2972604e+09 | J147: 1.2972604e+08 | K147: 1.0070662e+08 | L147: 0 | N147: =+I147-J147-K147+M147-L147 -> 1.0668278e+09 | S147: =+ROUND(L147,2) -> 0
A148: CC | B148: 80418195 | C148: GERMAN ADOLFO PERDOMO PACHÓN | D148: PAF-MENAM-I-059-2023 | E148: CONTRATOS | F148: ACTA 1 COMPONENTE I | G148: 142 | H148: 45589 | I148: 121499000 | J148: 12149900 | K148: 6636500 | L148: 0 | N148: =+I148-J148-K148+M148-L148 -> 102712600 | S148: =+ROUND(L148,2) -> 0
A149: NIT | B149: 901765663 | C149: CONSORCIO INFRAESTRUCTURA G5 | D149: PAF-MENAM-I-056-2023 | E149: CONTRATOS | F149: ACTA 8 COMPONENTE II | G149: 143 | H149: 45583 | I149: 24708059 | J149: 2470805.9 | K149: 1446605.1 | L149: 0 | N149: =+I149-J149-K149+M149-L149 -> 20790648 | S149: =+ROUND(L149,2) -> 0
A150: NIT | B150: 900549325 | C150: CONSORCIO FIN GRUPO 12 | D150: PAF-MENAM-O-076-2023 | E150: CONTRATOS | F150: ACTA 2 COMPONENTE I | G150: 145 | H150: 45589 | I150: 28798000 | J150: 2879800 | K150: 1706615.9 | L150: 0 | N150: =+I150-J150-K150+M150-L150 -> 24211584 | S150: =+ROUND(L150,2) -> 0
A151: NIT | B151: 900549325 | C151: CONSORCIO FIN GRUPO 12 | D151: PAF-MENAM-O-076-2023 | E151: CONTRATOS | F151: ACTA 5 COMPONENTE II | G151: 146 | H151: 45589 | I151: 546732464 | J151: 54673246 | K151: 42111989 | L151: 0 | N151: =+I151-J151-K151+M151-L151 -> 4.4994723e+08 | S151: =+ROUND(L151,2) -> 0
A152: CC | B152: 19244715 | C152: CARLOS GUSTAVO GOMEZ ROMERO | D152: PAF-MENAM-I-064-2023 | E152: CONTRATOS | F152: ACTA 5 COMPONENTE II | G152: 147 | H152: 45587 | I152: 34173219 | J152: 3417321.9 | K152: 1876980 | L152: 0 | N152: =+I152-J152-K152+M152-L152 -> 28878917 | S152: =+ROUND(L152,2) -> 0
A153: NIT | B153: 901762612 | C153: CONSORCIO EDUCATIVO SJ 2023 | D153: PAF-MENAM-O-050-2023 | E153: CONTRATOS | F153: ACTA 6 COMPONENTE II | G153: 148 | H153: 45587 | I153: 153265453 | J153: 15326545 | K153: 12112170 | L153: 0 | N153: =+I153-J153-K153+M153-L153 -> 1.2582674e+08 | S153: =+ROUND(L153,2) -> 0
A154: NIT | B154: 900345967 | C154: RM INGENIEROS SAS | D154: PAF-MENAM-I-053-2023 | E154: CONTRATOS | F154: ACTA 9 COMPONENTE II | G154: 149 | H154: 45593 | I154: 9091336.1 | J154: 909133.61 | K154: 496585.58 | L154: 0 | N154: =+I154-J154-K154+M154-L154 -> 7685616.9 | S154: =+ROUND(L154,2) -> 0
A155: NIT | B155: 800096329 | C155: FINDETER S.A | D155: 7031 | E155: ASISTENCIA | F155: Cobro variable, Hito 2,3,,5, 6 y 7 | G155: R 150 | H155: 45593 | I155: 2.6893816e+08 | J155: 0 | K155: 24859830 | L155: 0 | N155: =+I155-J155-K155+M155-L155 -> 2.4407833e+08 | S155: =+ROUND(L155,2) -> 0
A156: NIT | B156: 899999090 | C156: MINISTERIO DE HACIENDA Y CREDITO PUBLICO | D156: N/A | E156: IMPUESTOS | F156: CONTRIBUCIÓN DE OBRA ENERO 2024 | G156: N/A | H156: 45328 | I156: 16997824 | J156: 0 | K156: 0 | L156: 0 | N156: =+I156-J156-K156+M156-L156 -> 16997824 | S156: =+ROUND(L156,2) -> 0
A157: NIT | B157: 800197268 | C157: U A E DIRECCION DE IMPUESTOS Y ADUANAS NACIONALES | D157: N/A | E157: IMPUESTOS | F157: RETENCIÓN EN LA FUENTE ENERO DE 2024 | G157: N/A | H157: 45338 | I157: 18546452 | J157: 0 | K157: 0 | L157: 0 | M157: =+N157-I157 -> 0 | N157: 18546452 | R157: =+N157-N157 -> 0 | S157: =+ROUND(L157,2) -> 0
A158: NIT | B158: 899999090 | C158: MINISTERIO DE HACIENDA Y CREDITO PUBLICO | D158: N/A | E158: IMPUESTOS | F158: CONTRIBUCIÓN DE OBRA FEBRERO 2024 | G158: N/A | H158: 45359 | I158: 55411433 | J158: 0 | K158: 0 | L158: 0 | N158: =+I158-J158-K158+M158-L158 -> 55411433 | S158: =+ROUND(L158,2) -> 0
A159: NIT | B159: 800197268 | C159: U A E DIRECCION DE IMPUESTOS Y ADUANAS NACIONALES | D159: N/A | E159: IMPUESTOS | F159: RETENCIÓN EN LA FUENTE FEBRERO DE 2024 | G159: N/A | H159: 45362 | I159: 1.4326877e+08 | J159: 0 | K159: 0 | L159: 0 | M159: =+N159-I159 -> 226.54 | N159: 143269000 | O159: 1.4326877e+08 | P159: =+N159-O159 -> 226.54 | R159: =+R157+O159-N159 -> -226.54 | S159: =+ROUND(L159,2) -> 0
A160: NIT | B160: 890980095 | C160: MUNICIPIO DE APARTADO | D160: N/A | E160: IMPUESTOS | F160: PAGO POR RETE ICA | G160: N/A | H160: 45378 | I160: 41311.48 | J160: 0 | K160: 0 | L160: 0 | M160: =+N160-I160 -> 0 | N160: 41311.48 | S160: =+ROUND(L160,2) -> 0
A161: NIT | B161: 899999090 | C161: MINISTERIO DE HACIENDA Y CREDITO PUBLICO | D161: N/A | E161: IMPUESTOS | F161: CONTRIBUCIÓN DE OBRA MARZO 2024 | G161: N/A | H161: 45390 | I161: 84267593 | J161: 0 | K161: 0 | L161: 0 | N161: =+I161-J161-K161+M161-L161 -> 84267593 | S161: =+ROUND(L161,2) -> 0
A162: NIT | B162: 899999090 | C162: MINISTERIO DE HACIENDA Y CREDITO PUBLICO | D162: N/A | E162: IMPUESTOS | F162: CONTRIBUCIÓN DE OBRA MARZO 2024 | G162: N/A | H162: 45390 | I162: 16919710 | J162: 0 | K162: 0 | L162: 0 | N162: =+I162-J162-K162+M162-L162 -> 16919710 | S162: =+ROUND(L162,2) -> 0
A163: NIT | B163: 899999090 | C163: MINISTERIO DE HACIENDA Y CREDITO PUBLICO | D163: N/A | E163: IMPUESTOS | F163: CONTRIBUCIÓN DE OBRA MARZO 2024 | G163: N/A | H163: 45390 | I163: 31220379 | J163: 0 | K163: 0 | L163: 0 | N163: =+I163-J163-K163+M163-L163 -> 31220379 | S163: =+ROUND(L163,2) -> 0
A164: NIT | B164: 800197268 | C164: U A E DIRECCION DE IMPUESTOS Y ADUANAS NACIONALES | D164: N/A | E164: IMPUESTOS | F164: RETENCIÓN EN LA FUENTE MARZO DE 2024 | G164: N/A | H164: 45391 | I164: 1.1132953e+08 | J164: 0 | K164: 0 | L164: 0 | M164: =+N164-I164 -> 470.02 | N164: 111330000 | O164: 1.1132953e+08 | P164: =+N164-O164 -> 470.02 | R164: =+R159+O164-N164 -> -696.56 | S164: =+ROUND(L164,2) -> 0
A165: NIT | B165: 899999090 | C165: MINISTERIO DE HACIENDA Y CREDITO PUBLICO | D165: N/A | E165: IMPUESTOS | F165: CONTRIBUCIÓN DE OBRA ABRIL 2024 | G165: N/A | H165: 45421 | I165: 38084349 | J165: 0 | K165: 0 | L165: 0 | N165: =+I165-J165-K165+M165-L165 -> 38084349 | S165: =+ROUND(L165,2) -> 0
A166: NIT | B166: 899999090 | C166: MINISTERIO DE HACIENDA Y CREDITO PUBLICO | D166: N/A | E166: IMPUESTOS | F166: CONTRIBUCIÓN DE OBRA ABRIL 2024 | G166: N/A | H166: 45421 | I166: 38209802 | J166: 0 | K166: 0 | L166: 0 | N166: =+I166-J166-K166+M166-L166 -> 38209802 | S166: =+ROUND(L166,2) -> 0
...

Sheet 7.Rendimientos Financieros
A1: =CONTRATO -> Contrato Interadministrativo No. CO1.PCCNTR. 4917031
A2: Ministerio de Educación Nacional
A3: Financiera del Desarrollo S.A.
A4: 7. RENDIMIENTOS FINANCIEROS
A5: =periodo -> 01 de mayo al 31 de mayo de 2026
A7: FECHA | B7: RENDIMIENTOS CAUSADOS CUENTA DE AHORRO | C7: VALORACIÓN /DESVALORIZACION CAUSADOS FONDO DE INVERSION COLECTIVA - FIC | D7: TOTAL RENDIMIENTOS, VALORACION DEVALORIZACION CAUSADOS | E7: FECHA TRASLADO REINTEGRO RENDIMIENTOS | F7: VALOR TRASLADO RENDIMIENTOS | G7: AJUSTES / RETENCIONES | H7: SALDO PENDIENTE POR TRASLADAR RENDIMIENTOS | I7: DESVALORIZACION ACUMULADA
A8: 45139 | B8: 82351406 | C8: 4.4394765e+08 | D8: =ROUND(SUM(B8:C8),2) -> 5.2629906e+08 | H8: 0 | I8: 0
A9: 45170 | B9: 1.0892725e+08 | C9: 5.4888084e+08 | D9: =ROUND(SUM(B9:C9),2) -> 6.5780808e+08 | H9: 0 | I9: 0
A10: 45200 | B10: 1.3190276e+08 | C10: 4.3600831e+08 | D10: =ROUND(SUM(B10:C10),2) -> 5.6791107e+08 | H10: 0 | I10: 0
A11: 45231 | B11: 1.4490703e+08 | C11: 7.1822423e+08 | D11: =ROUND(SUM(B11:C11),2) -> 8.6313126e+08 | H11: 0 | I11: 0
A12: 45261 | B12: 1.4322127e+08 | C12: 7.8809086e+08 | D12: =ROUND(SUM(B12:C12),2) -> 9.3131213e+08 | E12: 45273 | F12: 2615149472 | H12: 0 | I12: 0
A13: 45292 | B13: 1.3362638e+08 | C13: 4.2785805e+08 | D13: =ROUND(SUM(B13:C13),2) -> 5.6148443e+08 | E13: 45301 | F13: 9.3131213e+08 | H13: 0 | I13: 0
A14: 45323 | B14: 1.2054753e+08 | C14: 4.749701e+08 | D14: =ROUND(SUM(B14:C14),2) -> 5.9551763e+08 | E14: 45334 | F14: 5.6148443e+08 | H14: 0 | I14: 0
A15: 45352 | B15: 1.1774598e+08 | C15: 4.7849586e+08 | D15: =ROUND(SUM(B15:C15),2) -> 5.9624184e+08 | E15: 45363 | F15: 5.9551763e+08 | H15: 0 | I15: 0
A16: 45383 | B16: 1.0033191e+08 | C16: 2.5973638e+08 | D16: =ROUND(SUM(B16:C16),2) -> 3.6006829e+08 | E16: 45392 | F16: 5.9624184e+08 | H16: 0 | I16: 0
A17: 45413 | B17: 89374458 | C17: 3.5363216e+08 | D17: =ROUND(SUM(B17:C17),2) -> 4.4300662e+08 | E17: 45423 | F17: 3.6006829e+08 | H17: 0 | I17: 0
A18: 45444 | B18: 76820332 | C18: 2.6632359e+08 | D18: =ROUND(SUM(B18:C18),2) -> 3.4314392e+08 | E18: 45456 | F18: 4.4300662e+08 | H18: 0 | I18: 0
A19: 45474 | B19: 68012791 | C19: 2.9423363e+08 | D19: =ROUND(SUM(B19:C19),2) -> 3.6224642e+08 | E19: 45488 | F19: 3.4314392e+08 | H19: 0 | I19: 0
A20: 45505 | B20: 21741419 | C20: 3.1300644e+08 | D20: =ROUND(SUM(B20:C20),2) -> 3.3474786e+08 | E20: 45518 | F20: 3.6224642e+08 | H20: 0 | I20: 0
A21: 45536 | B21: 20861120 | C21: 1.921855e+08 | D21: =ROUND(SUM(B21:C21),2) -> 2.1304662e+08 | E21: 45545 | F21: 3.3474786e+08 | H21: 0 | I21: 0
A22: 45596 | B22: 27022757 | C22: 71175915 | D22: =ROUND(SUM(B22:C22),2) -> 98198672 | E22: 45583 | F22: 2.1304662e+08 | H22: 0 | I22: 0
A23: 45626 | B23: 21729373 | C23: 1.2921318e+08 | D23: =ROUND(SUM(B23:C23),2) -> 1.5094256e+08 | E23: 45609 | F23: 98198672 | H23: 0 | I23: 0
A24: 45657 | B24: 19252523 | C24: 66886746 | D24: =ROUND(SUM(B24:C24),2) -> 86139269 | E24: 45636 | F24: 1.5094256e+08 | H24: 0 | I24: 0
A25: 45688 | B25: =83591292.21-66886746.4 -> 16704546 | C25: 83803505 | D25: =ROUND(SUM(B25:C25),2) -> 1.0050805e+08 | E25: 45665 | F25: 86139269 | H25: 0 | I25: 0
A26: 45716 | B26: 13476388 | C26: 66394607 | D26: =ROUND(SUM(B26:C26),2) -> 79870995 | E26: 45699 | F26: 1.0050805e+08 | H26: 0 | I26: 0
A27: 45747 | B27: 12509342 | C27: 58975191 | D27: =ROUND(SUM(B27:C27),2) -> 71484533 | E27: 45726 | F27: 79870995 | H27: 0 | I27: 0
A28: 45777 | B28: 10598024 | C28: 52844782 | D28: =ROUND(SUM(B28:C28),2) -> 63442806 | E28: 45756 | F28: 71484533 | H28: =+SUM(D8:D28)-SUM(F8:F29) -> 0 | I28: 0
A29: 45808 | B29: =8998355.7+102370.38 -> 9100726.1 | C29: 48869305 | D29: =ROUND(SUM(B29:C29),2) -> 57970031 | E29: 45789 | F29: 63442806 | H29: 0 | I29: 0
A30: 45838 | B30: 7327626.6 | C30: 29568522 | D30: =ROUND(SUM(B30:C30),2) -> 36896149 | E30: 45818 | F30: 57867661 | H30: 0 | I30: 0
A31: 45869 | B31: 6722779.3 | C31: 35940136 | D31: =ROUND(SUM(B31:C31),2) -> 42662915 | E31: 45848 | F31: 36896149 | H31: 0 | I31: 0
A32: 45900 | B32: 6324996.5 | C32: 28153780 | D32: =ROUND(SUM(B32:C32),2) -> 34478777 | E32: 45875 | F32: =+B31+C31 -> 42662915 | H32: 0 | I32: 0
A33: 45930 | B33: 4520158.2 | C33: 16014691 | D33: =ROUND(SUM(B33:C33),2) -> 20534849 | E33: 45909 | F33: =+B32+C32+102370.38 -> 34581147 | H33: 0 | I33: 0
A34: 45961 | B34: 3424586.9 | C34: 14541927 | D34: =ROUND(SUM(B34:C34),2) -> 17966514 | E34: 45940 | F34: =+B33+C33 -> 20534849 | H34: 0 | I34: 0
A35: 45991 | B35: 2862421.9 | C35: 7895373.3 | D35: =ROUND(SUM(B35:C35),2) -> 10757795 | E35: 45972 | F35: =+B34+C34 -> 17966514 | H35: 0 | I35: 0
A36: 46022 | B36: 1983738.9 | C36: 4953734.5 | D36: =ROUND(SUM(B36:C36),2) -> 6937473.4 | E36: 46000 | F36: =+B35+C35 -> 10757795 | H36: 0
A37: 46053 | B37: 1293046.2 | C37: 4625455.3 | D37: =ROUND(SUM(B37:C37),2) -> 5918501.5 | E37: 46038 | F37: =+D36 -> 6937473.4 | H37: 0
A38: 46081 | B38: 1165183 | C38: 3559825.4 | D38: =ROUND(SUM(B38:C38),2) -> 4725008.4 | E38: 46064 | F38: =+D37 -> 5918501.5 | H38: 0
A39: 46112 | B39: 1289695.4 | C39: 6379619.2 | D39: =ROUND(SUM(B39:C39),2) -> 7669314.6 | E39: 46091 | F39: =+D38 -> 4725008.4 | H39: 0
A40: 46113 | B40: 1013010.2 | C40: 7154029.3 | D40: =ROUND(SUM(B40:C40),2) -> 8167039.5 | E40: 46122 | F40: =+D39 -> 7669314.6 | H40: =+D39+D40-F40 -> 8167039.5
A41: 46143 | B41: 766827.23 | C41: 5381907.7 | D41: =ROUND(SUM(B41:C41),2) -> 6148734.9 | E41: 46153 | F41: =+D40 -> 8167039.5 | H41: =+D40+D41-F41 -> 6148734.9
A42: TOTAL | B42: =SUM(B8:B41) -> 1.5294594e+09 | C42: =SUM(C8:C41) -> 6.7379258e+09 | D42: =SUM(D8:D41) -> 8.2673852e+09 | F42: =SUM(F8:F41) -> 8.2612365e+09 | G42: =SUM(G8:G39) -> 0 | H42: =SUM(H8:H39) -> 0 | I42: =SUM(I8:I39) -> 0
